Workbook
Name AI_Version: [1]Options!$B$5
Name CalcMethod: [1]Проект!$B$77
Name Chk_Result: Риски!#REF!
Name Chk_Scen: Риски!#REF!
Name Chk_Sens: Риски!$D$4
Name CurName1: Параметры!$B$48
Name CurName2: Параметры!$B$58
Name CurName3: Параметры!$B$64
Name CurReport: Параметры!$C$70
Name IS_DEMO: [1]Options!$B$7
Name IS_ESTATE: [1]Options!$B$11
Name IS_SUMM: [1]Options!$B$10
Name IS_TRIAL: [1]Options!$B$8
Name LanguageID: [1]Language!$A$2
Name Opt_BuildDate: Options!$B$13
Name Opt_ChartSheet: Options!$A$28
Name Opt_Colors: Options!$A$43
Name Opt_DataSheet: Options!$A$23
Name Opt_DlgPrint: Options!$B$18
Name Opt_IsBuilt: Options!$B$12
Name Opt_IsDemo: Options!$B$15
Name Opt_IsSumm: Options!$B$14
Name Opt_KPISheet: Options!$A$27
Name Opt_MainSheet: Options!$A$21
Name Opt_Params: Options!$A$45
Name Opt_RatioSheet: Options!$A$25
Name Opt_ReportSheet: Options!$A$30
Name Opt_Results: Options!$A$53
Name Opt_ResultSheet: Options!$A$24
Name Opt_ResumeSheet: Options!$A$29
Name Opt_RiskSheet: Options!$A$26
Name Opt_Sheets: Options!$A$20
Name Opt_StartSheet: Options!$A$22
Name Opt_Themes: Options!$A$32
Name Opt_UniqueID: Options!$B$17
Name Opt_Version: Options!$B$8
Name PORT_PrjPeriods: [1]Портфель!$A$27
Name Prj_Cur1: Параметры!$D$48
Name Prj_Cur2: Параметры!$D$58
Name Prj_Cur3: Параметры!$D$64
Name Prj_CurReport: Параметры!$B$70
Name Prj_Inflation: Параметры!$B$46
Name Prj_Invest: Параметры!$D$24
Name Prj_KPI: Параметры!$D$15
Name Prj_Language: Параметры!$D$8
Name Prj_Len: Параметры!$D$23
Name Prj_Name: Параметры!$A$4
Name Prj_Period: Параметры!$D$25
Name Prj_Protect: Параметры!$D$9
Name Prj_Report: Параметры!$D$16
Name Prj_Resume: Параметры!$D$12
Name Prj_Risk: Параметры!$D$14
Name Prj_Start: Параметры!$D$13
Name Prj_StartDate: Параметры!$B$22
Name Prj_StartMonth: Параметры!$B$29
Name Prj_StartYear: Параметры!$B$28
Name Prj_Step: Параметры!$D$27
Name Prj_Style: Параметры!$D$10
Name Prj_Tax1: Параметры!$D$78
Name Prj_Tax2: Параметры!$D$85

Sheet Резюме
A1: =Prj_Name -> Производство нефтепродуктов
A4: =Language!A1526 -> ОСНОВНЫЕ ПОКАЗАТЕЛИ | E4: =Language!A1346 -> ЭФФЕКТИВНОСТЬ ДЛЯ ПРОЕКТА (FCFF)
A6: =Language!A1565 -> Инвестиции, с НДС | B6: =Отчеты!B164 -> 288600 | C6: =CurReport -> тыс. руб. | E6: =Language!A1364 -> Чистая приведенная стоимость, NPV | F6: =Анализ!B20 -> 2692858 | G6: =CurReport -> тыс. руб.
A7: =Language!A1566 -> Выручка, без НДС | B7: =Отчеты!DX6 -> 41765893 | C7: =CurReport -> тыс. руб. | E7: =Language!A1365 -> Внутренняя норма рентабельности, IRR | F7: =Анализ!B21 -> 0.94 | G7: %
A8: =Language!A1241 -> Чистая прибыль (убыток) | B8: =Отчеты!DX30 -> 5168343.9 | C8: =CurReport -> тыс. руб. | E8: =Language!A1369 -> Дисконтированный срок окупаемости, DPBP | F8: =Анализ!B25 -> 1.3 | G8: =Language!A$48 -> лет
A9: =Language!A1567 -> Денежные средства | B9: =Отчеты!DX64 -> 3464571.5 | C9: =CurReport -> тыс. руб.
A11: =Language!A1531 -> ПРИВЛЕКАЕМОЕ ФИНАНСИРОВАНИЕ | B11: =CurReport -> тыс. руб. | C11: =Language!A1527 -> Доля
A13: =Language!A1532 -> Собственные средства | B13: =Отчеты!DX57 -> 0 | C13: =IFERROR(B13/$B$15,"-") -> 0
A14: =Language!A1533 -> Заемные средства | B14: =Отчеты!DX58 -> 288093.63 | C14: =IFERROR(B14/$B$15,"-") -> 1
A15: =Language!A626 -> Итого: | B15: =SUM(B13:B14) -> 288093.63

Sheet Параметры
A1: =Prj_Name -> Производство нефтепродуктов | D1: Cur | E1: ID | F1: Flags | G1: =G$40 -> авг.22 | H1: =H$40 -> сен.22 | I1: =I$40 -> окт.22 | J1: =J$40 -> ноя.22 | K1: =K$40 -> дек.22 | L1: =L$40 -> янв.23 | M1: =M$40 -> фев.23 | N1: =N$40 -> мар.23 | ... DV1: =DV$40 -> июл.32
G2: =G31 -> 1 | H2: =H31 -> 2 | I2: =I31 -> 3 | J2: =J31 -> 4 | K2: =K31 -> 5 | L2: =L31 -> 6 | M2: =M31 -> 7 | N2: =N31 -> 8 | ... DV2: =DV31 -> 120
A3: =Language!A384 -> Название проекта
A4: Производство нефтепродуктов
A6: =Language!A386 -> НАСТРОЙКА ВИДА ТАБЛИЦ | E6: TABLE::GENERAL | F6: Help=101
F7: Skip=1
A8: =Language!A387 -> Язык интерфейса и отчетности | B8: =OFFSET(Language!A5,Prj_Language,0) -> Русский | D8: 1
A9: =Language!A388 -> Защита модели | B9: =OFFSET(Language!A371,Prj_Protect,0) -> Выключена | D9: 0
A10: =Language!A389 -> Стиль оформления листов | B10: =OFFSET(Language!A372,Prj_Style,0) -> Настройки пользователя | D10: 9
A12: =Language!A390 -> Показывать лист Резюме? | B12: =IF(D12=1,Language!$A$1465,Language!$A$1466) -> Да | D12: 1
A13: =Language!A391 -> Показывать лист Старт? | B13: =IF(D13=1,Language!$A$1465,Language!$A$1466) -> Нет | D13: 0
A14: =Language!A392 -> Показывать лист Риски? | B14: =IF(D14=1,Language!$A$1465,Language!$A$1466) -> Да | D14: 1
A15: =Language!A393 -> Показывать лист Мониторинг? | B15: =IF(D15=1,Language!$A$1465,Language!$A$1466) -> Нет | D15: 0
A16: =Language!A394 -> Показывать лист Бизнес-план? | B16: =IF(D16=1,Language!$A$1465,Language!$A$1466) -> Нет | D16: 0
E17: END::GENERAL | F17: Skip=1
A20: =Language!A395 -> ДАТА НАЧАЛА И ДЛИТЕЛЬНОСТЬ | E20: TABLE::SETUP | F20: Help=102 | G20: =G$40 -> авг.22 | H20: =H$40 -> сен.22 | I20: =I$40 -> окт.22 | J20: =J$40 -> ноя.22 | K20: =K$40 -> дек.22 | L20: =L$40 -> янв.23 | M20: =M$40 -> фев.23 | N20: =N$40 -> мар.23 | ... DV20: =DV$40 -> июл.32
F21: Skip=1
A22: =Language!A396 -> Дата начала проекта | B22: =DATE(Prj_StartYear,Prj_StartMonth,1) -> 44774
A23: =Language!A397 -> Горизонт планирования проекта | B23: =ROUND((Prj_Len-1)+$G39,2) -> 120 | C23: =OFFSET(Language!A45,Prj_Period,0) -> мес. | D23: 120
A24: =Language!A398 -> Инвестиционная фаза проекта | B24: =IF(Prj_Invest>0, ROUND((Prj_Invest-1)+$G39,2), 0) -> 0 | C24: =OFFSET(Language!A45,Prj_Period,0) -> мес. | D24: 0
A25: =Language!A399 -> Шаг планирования | B25: =OFFSET(Language!A41,Prj_Period,0) -> месяц | D25: 1
A27: =Language!A400 -> Длительность шага планирования | B27: =Prj_Step*30 -> 30 | C27: =Language!A45 -> дн. | D27: =CHOOSE(Prj_Period,1,3,12) -> 1
A28: =Language!A401 -> Год начала проекта | B28: 2022
A29: =Language!A402 -> Месяц начала проекта | B29: 8
A31: =Language!A403 -> Номер периода | G31: 1 | H31: =G31+1 -> 2 | I31: =H31+1 -> 3 | J31: =I31+1 -> 4 | K31: =J31+1 -> 5 | L31: =K31+1 -> 6 | M31: =L31+1 -> 7 | N31: =M31+1 -> 8 | O31: =N31+1 -> 9 | ... DV31: =DU31+1 -> 120
A32: =Language!A404 -> Дата начала периода | E32: PeriodBeg | F32: Mode=beg | G32: =Prj_StartDate -> 44774 | H32: =EDATE(G32,G37) -> 44805 | I32: =EDATE(H32,H37) -> 44835 | J32: =EDATE(I32,I37) -> 44866 | K32: =EDATE(J32,J37) -> 44896 | L32: =EDATE(K32,K37) -> 44927 | M32: =EDATE(L32,L37) -> 44958 | N32: =EDATE(M32,M37) -> 44986 | O32: =EDATE(N32,N37) -> 45017 | ... DV32: =EDATE(DU32,DU37) -> 48396
A33: =Language!A405 -> Дата конца периода | E33: PeriodEnd | F33: Mode=end | G33: =EDATE(G32,G37)-1 -> 44804 | H33: =EDATE(H32,H37)-1 -> 44834 | I33: =EDATE(I32,I37)-1 -> 44865 | J33: =EDATE(J32,J37)-1 -> 44895 | K33: =EDATE(K32,K37)-1 -> 44926 | L33: =EDATE(L32,L37)-1 -> 44957 | M33: =EDATE(M32,M37)-1 -> 44985 | N33: =EDATE(N32,N37)-1 -> 45016 | ... DV33: =EDATE(DV32,DV37)-1 -> 48426
A34: =Language!A406 -> Год периода | E34: PeriodYear | F34: Mode=beg | G34: =YEAR(G32) -> 2022 | H34: =YEAR(H32) -> 2022 | I34: =YEAR(I32) -> 2022 | J34: =YEAR(J32) -> 2022 | K34: =YEAR(K32) -> 2022 | L34: =YEAR(L32) -> 2023 | M34: =YEAR(M32) -> 2023 | N34: =YEAR(N32) -> 2023 | ... DV34: =YEAR(DV32) -> 2032
A35: =Language!A407 -> Месяц начала периода | E35: PeriodMonth | F35: Mode=beg | G35: =MONTH(G32) -> 8 | H35: =MONTH(H32) -> 9 | I35: =MONTH(I32) -> 10 | J35: =MONTH(J32) -> 11 | K35: =MONTH(K32) -> 12 | L35: =MONTH(L32) -> 1 | M35: =MONTH(M32) -> 2 | N35: =MONTH(N32) -> 3 | ... DV35: =MONTH(DV32) -> 7
A36: =Language!A408 -> Длительность периода в днях | F36: Mode=sum | G36: =G37*30 -> 30 | H36: =H37*30 -> 30 | I36: =I37*30 -> 30 | J36: =J37*30 -> 30 | K36: =K37*30 -> 30 | L36: =L37*30 -> 30 | M36: =M37*30 -> 30 | N36: =N37*30 -> 30 | ... DV36: =DV37*30 -> 30
A37: =Language!A409 -> Длительность периода в месяцах | E37: PeriodLen | F37: Mode=sum | G37: =Prj_Step-MOD(G35-1,Prj_Step) -> 1 | H37: =Prj_Step -> 1 | I37: =Prj_Step -> 1 | J37: =Prj_Step -> 1 | K37: =Prj_Step -> 1 | L37: =Prj_Step -> 1 | M37: =Prj_Step -> 1 | N37: =Prj_Step -> 1 | O37: =Prj_Step -> 1 | ... DV37: =Prj_Step -> 1
A38: =Language!A410 -> Неполный период (1 - да)? | F38: Mode=beg | G38: =IF(G37=Prj_Step,0,1) -> 0 | H38: 0 | I38: 0 | J38: 0 | K38: 0 | L38: 0 | M38: 0 | N38: 0 | O38: 0 | P38: 0 | Q38: 0 | R38: 0 | S38: 0 | T38: 0 | U38: 0 | V38: 0 | W38: 0 | X38: 0 | Y38: 0 | Z38: 0 | AA38: 0 | AB38: 0 | AC38: 0 | AD38: 0 | AE38: 0 | AF38: 0 | AG38: 0 | AH38: 0 | AI38: 0 | AJ38: 0 | AK38: 0 | AL38: 0 | AM38: 0 | AN38: 0 | AO38: 0 | AP38: 0 | AQ38: 0 | AR38: 0 | AS38: 0 | AT38: 0 | AU38: 0 | AV38: 0 | AW38: 0 | AX38: 0 | AY38: 0 | AZ38: 0 | BA38: 0 | BB38: 0 | BC38: 0 | BD38: 0 | BE38: 0 | BF38: 0 | BG38: 0 | BH38: 0 | BI38: 0 | BJ38: 0 | BK38: 0 | BL38: 0 | BM38: 0 | BN38: 0 | BO38: 0 | BP38: 0 | BQ38: 0 | BR38: 0 | BS38: 0 | BT38: 0 | BU38: 0 | BV38: 0 | BW38: 0 | BX38: 0 | BY38: 0 | BZ38: 0 | CA38: 0 | CB38: 0 | CC38: 0 | CD38: 0 | CE38: 0 | CF38: 0 | CG38: 0 | CH38: 0 | CI38: 0 | CJ38: 0 | CK38: 0 | CL38: 0 | CM38: 0 | CN38: 0 | CO38: 0 | CP38: 0 | CQ38: 0 | CR38: 0 | CS38: 0 | CT38: 0 | CU38: 0 | CV38: 0 | CW38: 0 | CX38: 0 | CY38: 0 | CZ38: 0 | DA38: 0 | DB38: 0 | DC38: 0 | DD38: 0 | DE38: 0 | DF38: 0 | DG38: 0 | DH38: 0 | DI38: 0 | DJ38: 0 | DK38: 0 | DL38: 0 | DM38: 0 | DN38: 0 | DO38: 0 | DP38: 0 | DQ38: 0 | DR38: 0 | DS38: 0 | DT38: 0 | DU38: 0 | DV38: 0
A39: =Language!A411 -> Коэффициент для учета неполного периода | F39: Mode=avg | G39: =G37/Prj_Step -> 1 | H39: 1 | I39: 1 | J39: 1 | K39: 1 | L39: 1 | M39: 1 | N39: 1 | O39: 1 | P39: 1 | Q39: 1 | R39: 1 | S39: 1 | T39: 1 | U39: 1 | V39: 1 | W39: 1 | X39: 1 | Y39: 1 | Z39: 1 | AA39: 1 | AB39: 1 | AC39: 1 | AD39: 1 | AE39: 1 | AF39: 1 | AG39: 1 | AH39: 1 | AI39: 1 | AJ39: 1 | AK39: 1 | AL39: 1 | AM39: 1 | AN39: 1 | AO39: 1 | AP39: 1 | AQ39: 1 | AR39: 1 | AS39: 1 | AT39: 1 | AU39: 1 | AV39: 1 | AW39: 1 | AX39: 1 | AY39: 1 | AZ39: 1 | BA39: 1 | BB39: 1 | BC39: 1 | BD39: 1 | BE39: 1 | BF39: 1 | BG39: 1 | BH39: 1 | BI39: 1 | BJ39: 1 | BK39: 1 | BL39: 1 | BM39: 1 | BN39: 1 | BO39: 1 | BP39: 1 | BQ39: 1 | BR39: 1 | BS39: 1 | BT39: 1 | BU39: 1 | BV39: 1 | BW39: 1 | BX39: 1 | BY39: 1 | BZ39: 1 | CA39: 1 | CB39: 1 | CC39: 1 | CD39: 1 | CE39: 1 | CF39: 1 | CG39: 1 | CH39: 1 | CI39: 1 | CJ39: 1 | CK39: 1 | CL39: 1 | CM39: 1 | CN39: 1 | CO39: 1 | CP39: 1 | CQ39: 1 | CR39: 1 | CS39: 1 | CT39: 1 | CU39: 1 | CV39: 1 | CW39: 1 | CX39: 1 | CY39: 1 | CZ39: 1 | DA39: 1 | DB39: 1 | DC39: 1 | DD39: 1 | DE39: 1 | DF39: 1 | DG39: 1 | DH39: 1 | DI39: 1 | DJ39: 1 | DK39: 1 | DL39: 1 | DM39: 1 | DN39: 1 | DO39: 1 | DP39: 1 | DQ39: 1 | DR39: 1 | DS39: 1 | DT39: 1 | DU39: 1 | DV39: 1
A40: =Language!A412 -> Название периода для заголовков таблиц | E40: PeriodTitle | G40: =IF(G38, TEXT(G35,"#") & "-" & TEXT(MONTH(G33),"#") & "." & TEXT(G34,"#"), CHOOSE(Prj_Period, OFFSET(Language!$A63,G35-1,0) & "." & TEXT(G34-2000,"#"), TEXT(ROUNDUP(G35/3,0),"#") & " " & Language!$A47 & " " & TEXT(G34,"#"), TEXT(G34,"#"))) -> авг.22 | H40: =IF(H38, TEXT(H35,"#") & "-" & TEXT(MONTH(H33),"#") & "." & TEXT(H34,"#"), CHOOSE(Prj_Period, OFFSET(Language!$A63,H35-1,0) & "." & TEXT(H34-2000,"#"), TEXT(ROUNDUP(H35/3,0),"#") & " " & Language!$A47 & " " & TEXT(H34,"#"), TEXT(H34,"#"))) -> сен.22 | I40: =IF(I38, TEXT(I35,"#") & "-" & TEXT(MONTH(I33),"#") & "." & TEXT(I34,"#"), CHOOSE(Prj_Period, OFFSET(Language!$A63,I35-1,0) & "." & TEXT(I34-2000,"#"), TEXT(ROUNDUP(I35/3,0),"#") & " " & Language!$A47 & " " & TEXT(I34,"#"), TEXT(I34,"#"))) -> окт.22 | J40: =IF(J38, TEXT(J35,"#") & "-" & TEXT(MONTH(J33),"#") & "." & TEXT(J34,"#"), CHOOSE(Prj_Period, OFFSET(Language!$A63,J35-1,0) & "." & TEXT(J34-2000,"#"), TEXT(ROUNDUP(J35/3,0),"#") & " " & Language!$A47 & " " & TEXT(J34,"#"), TEXT(J34,"#"))) -> ноя.22 | K40: =IF(K38, TEXT(K35,"#") & "-" & TEXT(MONTH(K33),"#") & "." & TEXT(K34,"#"), CHOOSE(Prj_Period, OFFSET(Language!$A63,K35-1,0) & "." & TEXT(K34-2000,"#"), TEXT(ROUNDUP(K35/3,0),"#") & " " & Language!$A47 & " " & TEXT(K34,"#"), TEXT(K34,"#"))) -> дек.22 | L40: =IF(L38, TEXT(L35,"#") & "-" & TEXT(MONTH(L33),"#") & "." & TEXT(L34,"#"), CHOOSE(Prj_Period, OFFSET(Language!$A63,L35-1,0) & "." & TEXT(L34-2000,"#"), TEXT(ROUNDUP(L35/3,0),"#") & " " & Language!$A47 & " " & TEXT(L34,"#"), TEXT(L34,"#"))) -> янв.23 | M40: =IF(M38, TEXT(M35,"#") & "-" & TEXT(MONTH(M33),"#") & "." & TEXT(M34,"#"), CHOOSE(Prj_Period, OFFSET(Language!$A63,M35-1,0) & "." & TEXT(M34-2000,"#"), TEXT(ROUNDUP(M35/3,0),"#") & " " & Language!$A47 & " " & TEXT(M34,"#"), TEXT(M34,"#"))) -> фев.23 | N40: =IF(N38, TEXT(N35,"#") & "-" & TEXT(MONTH(N33),"#") & "." & TEXT(N34,"#"), CHOOSE(Prj_Period, OFFSET(Language!$A63,N35-1,0) & "." & TEXT(N34-2000,"#"), TEXT(ROUNDUP(N35/3,0),"#") & " " & Language!$A47 & " " & TEXT(N34,"#"), TEXT(N34,"#"))) -> мар.23 | ... DV40: =IF(DV38, TEXT(DV35,"#") & "-" & TEXT(MONTH(DV33),"#") & "." & TEXT(DV34,"#"), CHOOSE(Prj_Period, OFFSET(Language!$A63,DV35-1,0) & "." & TEXT(DV34-2000,"#"), TEXT(ROUNDUP(DV35/3,0),"#") & " " & Language!$A47 & " " & TEXT(DV34,"#"), TEXT(DV34,"#"))) -> июл.32
E41: END::SETUP | F41: Skip=1
A44: =Language!A413 -> ВАЛЮТЫ, КУРСЫ, ИНФЛЯЦИЯ | E44: TABLE::CURRENCY | F44: Help=103 | G44: =G$40 -> авг.22 | H44: =H$40 -> сен.22 | I44: =I$40 -> окт.22 | J44: =J$40 -> ноя.22 | K44: =K$40 -> дек.22 | L44: =L$40 -> янв.23 | M44: =M$40 -> фев.23 | N44: =N$40 -> мар.23 | ... DV44: =DV$40 -> июл.32
F45: Skip=1
A46: =Language!A414 -> Учет инфляции при планировании цен | B46: 1 | C46: =OFFSET(Language!A482,Prj_Inflation,0) -> Учитывать
E47: Cur1 | F47: Row=8
A48: =Language!A415 -> Основная валюта расчетов | B48: =IF(D48<100, OFFSET(Language!A$94,D48,0), SUBSTITUTE(OFFSET(Language!A$114,INT(D48/100),0),"***",OFFSET(Language!A$94,D48-100*INT(D48/100),0)) ) -> тыс. руб. | D48: 113
A49: =Language!A$430 -> Предполагаемый темп годового роста цен | C49: =Language!A484 -> % в год | F49: Mode=avg | G49: 0.07 | H49: =G49 -> 0.07 | I49: =H49 -> 0.07 | J49: =I49 -> 0.07 | K49: =J49 -> 0.07 | L49: =K49 -> 0.07 | M49: =L49 -> 0.07 | N49: =M49 -> 0.07 | O49: =N49 -> 0.07 | ... DV49: =DU49 -> 0.07
A50: =Language!A$604 -> коэффициент изменения цен к началу проекта | C50: =Language!$A$1467 -> раз | F50: Mode=avg | G50: =IF(G$2=1,1,IF(Prj_Inflation=1,POWER(1+OFFSET(G49,0,-1),Параметры!G$36/360),1) * IF(G$2>1, F50, 1)) -> 1 | H50: =IF(H$2=1,1,IF(Prj_Inflation=1,POWER(1+OFFSET(H49,0,-1),Параметры!H$36/360),1) * IF(H$2>1, G50, 1)) -> 1.0056541 | I50: =IF(I$2=1,1,IF(Prj_Inflation=1,POWER(1+OFFSET(I49,0,-1),Параметры!I$36/360),1) * IF(I$2>1, H50, 1)) -> 1.0113403 | J50: =IF(J$2=1,1,IF(Prj_Inflation=1,POWER(1+OFFSET(J49,0,-1),Параметры!J$36/360),1) * IF(J$2>1, I50, 1)) -> 1.0170585 | K50: =IF(K$2=1,1,IF(Prj_Inflation=1,POWER(1+OFFSET(K49,0,-1),Параметры!K$36/360),1) * IF(K$2>1, J50, 1)) -> 1.0228091 | L50: =IF(L$2=1,1,IF(Prj_Inflation=1,POWER(1+OFFSET(L49,0,-1),Параметры!L$36/360),1) * IF(L$2>1, K50, 1)) -> 1.0285922 | M50: =IF(M$2=1,1,IF(Prj_Inflation=1,POWER(1+OFFSET(M49,0,-1),Параметры!M$36/360),1) * IF(M$2>1, L50, 1)) -> 1.034408 | N50: =IF(N$2=1,1,IF(Prj_Inflation=1,POWER(1+OFFSET(N49,0,-1),Параметры!N$36/360),1) * IF(N$2>1, M50, 1)) -> 1.0402567 | ... DV50: =IF(DV$2=1,1,IF(Prj_Inflation=1,POWER(1+OFFSET(DV49,0,-1),Параметры!DV$36/360),1) * IF(DV$2>1, DU50, 1)) -> 1.9560913
A51: =Language!A$622 -> коэффициент прироста цен к предыдущему периоду | C51: =Language!$A$1467 -> раз | F51: Mode=avg | G51: =IF(G$2=1,1,IF(Prj_Inflation=1,POWER(1+OFFSET(G49,0,-1),Параметры!G$36/360),1)) -> 1 | H51: =IF(H$2=1,1,IF(Prj_Inflation=1,POWER(1+OFFSET(H49,0,-1),Параметры!H$36/360),1)) -> 1.0056541 | I51: =IF(I$2=1,1,IF(Prj_Inflation=1,POWER(1+OFFSET(I49,0,-1),Параметры!I$36/360),1)) -> 1.0056541 | J51: =IF(J$2=1,1,IF(Prj_Inflation=1,POWER(1+OFFSET(J49,0,-1),Параметры!J$36/360),1)) -> 1.0056541 | K51: =IF(K$2=1,1,IF(Prj_Inflation=1,POWER(1+OFFSET(K49,0,-1),Параметры!K$36/360),1)) -> 1.0056541 | L51: =IF(L$2=1,1,IF(Prj_Inflation=1,POWER(1+OFFSET(L49,0,-1),Параметры!L$36/360),1)) -> 1.0056541 | M51: =IF(M$2=1,1,IF(Prj_Inflation=1,POWER(1+OFFSET(M49,0,-1),Параметры!M$36/360),1)) -> 1.0056541 | N51: =IF(N$2=1,1,IF(Prj_Inflation=1,POWER(1+OFFSET(N49,0,-1),Параметры!N$36/360),1)) -> 1.0056541 | ... DV51: =IF(DV$2=1,1,IF(Prj_Inflation=1,POWER(1+OFFSET(DV49,0,-1),Параметры!DV$36/360),1)) -> 1.0056541
A52: =Language!A417 -> Детализация; темпы роста цен в отдельных категориях:
A53: =Language!A418 -> Продажи | C53: =Language!A484 -> % в год | F53: Color=*;Mode=avg | G53: =G$49 -> 0.07 | H53: =H$49 -> 0.07 | I53: =I$49 -> 0.07 | J53: =J$49 -> 0.07 | K53: =K$49 -> 0.07 | L53: =L$49 -> 0.07 | M53: =M$49 -> 0.07 | N53: =N$49 -> 0.07 | ... DV53: =DV$49 -> 0.07
A54: =Language!A419 -> Материалы и комплектующие | C54: =Language!A484 -> % в год | F54: Color=*;Mode=avg | G54: =G$49 -> 0.07 | H54: =H$49 -> 0.07 | I54: =I$49 -> 0.07 | J54: =J$49 -> 0.07 | K54: =K$49 -> 0.07 | L54: =L$49 -> 0.07 | M54: =M$49 -> 0.07 | N54: =N$49 -> 0.07 | ... DV54: =DV$49 -> 0.07
A55: =Language!A1325 -> Операционные расходы | C55: =Language!A484 -> % в год | F55: Color=*;Mode=avg | G55: =G$49 -> 0.07 | H55: =H$49 -> 0.07 | I55: =I$49 -> 0.07 | J55: =J$49 -> 0.07 | K55: =K$49 -> 0.07 | L55: =L$49 -> 0.07 | M55: =M$49 -> 0.07 | N55: =N$49 -> 0.07 | ... DV55: =DV$49 -> 0.07
A56: =Language!A424 -> Персонал | C56: =Language!A484 -> % в год | F56: Color=*;Mode=avg | G56: =G$49 -> 0.07 | H56: =H$49 -> 0.07 | I56: =I$49 -> 0.07 | J56: =J$49 -> 0.07 | K56: =K$49 -> 0.07 | L56: =L$49 -> 0.07 | M56: =M$49 -> 0.07 | N56: =N$49 -> 0.07 | ... DV56: =DV$49 -> 0.07
E57: Cur2 | F57: Row=6
A58: =Language!A426 -> Вторая валюта | B58: =IF(D58<100, OFFSET(Language!A$94,D58,0), SUBSTITUTE(OFFSET(Language!A$114,INT(D58/100),0),"***",OFFSET(Language!A$94,D58-100*INT(D58/100),0)) ) -> Японские йены | D58: 0
A59: =Language!A427 & ", " & CurName1 & " / " & CurName2 -> Курс к основной валюте, тыс. руб. / Японские йены | B59: 0 | C59: =CurName1 -> тыс. руб. | F59: Init=1;Color=*;Mode=avg | G59: =IF(G$2=1,$B59,F59*(IF($B$46=1,1+G61,1))) -> 0 | H59: =IF(H$2=1,$B59,G59*(IF($B$46=1,1+H61,1))) -> 0 | I59: =IF(I$2=1,$B59,H59*(IF($B$46=1,1+I61,1))) -> 0 | J59: =IF(J$2=1,$B59,I59*(IF($B$46=1,1+J61,1))) -> 0 | K59: =IF(K$2=1,$B59,J59*(IF($B$46=1,1+K61,1))) -> 0 | L59: =IF(L$2=1,$B59,K59*(IF($B$46=1,1+L61,1))) -> 0 | M59: =IF(M$2=1,$B59,L59*(IF($B$46=1,1+M61,1))) -> 0 | N59: =IF(N$2=1,$B59,M59*(IF($B$46=1,1+N61,1))) -> 0 | ... DV59: =IF(DV$2=1,$B59,DU59*(IF($B$46=1,1+DV61,1))) -> 0
A60: =Language!A428 -> Темпы роста курса к основной валюте | C60: =Language!A484 -> % в год | F60: Mode=avg | G60: 0.04 | H60: =G60 -> 0.04 | I60: =H60 -> 0.04 | J60: =I60 -> 0.04 | K60: =J60 -> 0.04 | L60: =K60 -> 0.04 | M60: =L60 -> 0.04 | N60: =M60 -> 0.04 | O60: =N60 -> 0.04 | ... DV60: =DU60 -> 0.04
A61: =Language!A429 -> То же, в пересчете на период, равный шагу проекта | C61: % | F61: Mode=avg | G61: =POWER(1+G60,G$36/360)-1 -> 0.0032737398 | H61: =POWER(1+H60,H$36/360)-1 -> 0.0032737398 | I61: =POWER(1+I60,I$36/360)-1 -> 0.0032737398 | J61: =POWER(1+J60,J$36/360)-1 -> 0.0032737398 | K61: =POWER(1+K60,K$36/360)-1 -> 0.0032737398 | L61: =POWER(1+L60,L$36/360)-1 -> 0.0032737398 | M61: =POWER(1+M60,M$36/360)-1 -> 0.0032737398 | N61: =POWER(1+N60,N$36/360)-1 -> 0.0032737398 | ... DV61: =POWER(1+DV60,DV$36/360)-1 -> 0.0032737398
A62: =Language!A$430 -> Предполагаемый темп годового роста цен | C62: =Language!A484 -> % в год | F62: Mode=avg | G62: 0.02 | H62: =G62 -> 0.02 | I62: =H62 -> 0.02 | J62: =I62 -> 0.02 | K62: =J62 -> 0.02 | L62: =K62 -> 0.02 | M62: =L62 -> 0.02 | N62: =M62 -> 0.02 | O62: =N62 -> 0.02 | ... DV62: =DU62 -> 0.02
E63: Cur3 | F63: Row=6
A64: =Language!A431 -> Третья валюта | B64: =IF(D64=0, "", IF(D64<100, OFFSET(Language!A$94,D64,0), SUBSTITUTE(OFFSET(Language!A$114,INT(D64/100),0),"***",OFFSET(Language!A$94,D64-100*INT(D64/100),0)) )) | D64: 0
A65: =Language!A427 & ", " & CurName1 & " / " & CurName3 -> Курс к основной валюте, тыс. руб. / | B65: 0 | C65: =CurName1 -> тыс. руб. | F65: Init=1;Color=*;Mode=avg | G65: =IF(G$2=1,$B65,F65*(IF($B$46=1,1+G67,1))) -> 0 | H65: =IF(H$2=1,$B65,G65*(IF($B$46=1,1+H67,1))) -> 0 | I65: =IF(I$2=1,$B65,H65*(IF($B$46=1,1+I67,1))) -> 0 | J65: =IF(J$2=1,$B65,I65*(IF($B$46=1,1+J67,1))) -> 0 | K65: =IF(K$2=1,$B65,J65*(IF($B$46=1,1+K67,1))) -> 0 | L65: =IF(L$2=1,$B65,K65*(IF($B$46=1,1+L67,1))) -> 0 | M65: =IF(M$2=1,$B65,L65*(IF($B$46=1,1+M67,1))) -> 0 | N65: =IF(N$2=1,$B65,M65*(IF($B$46=1,1+N67,1))) -> 0 | ... DV65: =IF(DV$2=1,$B65,DU65*(IF($B$46=1,1+DV67,1))) -> 0
A66: =Language!A428 -> Темпы роста курса к основной валюте | C66: =Language!A484 -> % в год | F66: Mode=avg | G66: 0.04 | H66: =G66 -> 0.04 | I66: =H66 -> 0.04 | J66: =I66 -> 0.04 | K66: =J66 -> 0.04 | L66: =K66 -> 0.04 | M66: =L66 -> 0.04 | N66: =M66 -> 0.04 | O66: =N66 -> 0.04 | ... DV66: =DU66 -> 0.04
A67: =Language!A429 -> То же, в пересчете на период, равный шагу проекта | C67: % | F67: Mode=avg | G67: =POWER(1+G66,G$36/360)-1 -> 0.0032737398 | H67: =POWER(1+H66,H$36/360)-1 -> 0.0032737398 | I67: =POWER(1+I66,I$36/360)-1 -> 0.0032737398 | J67: =POWER(1+J66,J$36/360)-1 -> 0.0032737398 | K67: =POWER(1+K66,K$36/360)-1 -> 0.0032737398 | L67: =POWER(1+L66,L$36/360)-1 -> 0.0032737398 | M67: =POWER(1+M66,M$36/360)-1 -> 0.0032737398 | N67: =POWER(1+N66,N$36/360)-1 -> 0.0032737398 | ... DV67: =POWER(1+DV66,DV$36/360)-1 -> 0.0032737398
A68: =Language!A430 -> Предполагаемый темп годового роста цен | C68: =Language!A484 -> % в год | F68: Mode=avg | G68: 0.02 | H68: =G68 -> 0.02 | I68: =H68 -> 0.02 | J68: =I68 -> 0.02 | K68: =J68 -> 0.02 | L68: =K68 -> 0.02 | M68: =L68 -> 0.02 | N68: =M68 -> 0.02 | O68: =N68 -> 0.02 | ... DV68: =DU68 -> 0.02
A70: =Language!A425 -> Валюта отчетности и ее курс к основной валюте | B70: 1 | C70: =CHOOSE(B70,CurName1,CurName2,CurName3) -> тыс. руб. | G70: =CHOOSE(Prj_CurReport, 1, G59, G65) -> 1 | H70: =CHOOSE(Prj_CurReport, 1, H59, H65) -> 1 | I70: =CHOOSE(Prj_CurReport, 1, I59, I65) -> 1 | J70: =CHOOSE(Prj_CurReport, 1, J59, J65) -> 1 | K70: =CHOOSE(Prj_CurReport, 1, K59, K65) -> 1 | L70: =CHOOSE(Prj_CurReport, 1, L59, L65) -> 1 | M70: =CHOOSE(Prj_CurReport, 1, M59, M65) -> 1 | N70: =CHOOSE(Prj_CurReport, 1, N59, N65) -> 1 | ... DV70: =CHOOSE(Prj_CurReport, 1, DV59, DV65) -> 1
E71: END::CURRENCY | F71: Skip=1
A74: =Language!A432 -> ПАРАМЕТРЫ НАЛОГОВ | E74: TABLE::TAX | F74: Help=104 | G74: =G$40 -> авг.22 | H74: =H$40 -> сен.22 | I74: =I$40 -> окт.22 | J74: =J$40 -> ноя.22 | K74: =K$40 -> дек.22 | L74: =L$40 -> янв.23 | M74: =M$40 -> фев.23 | N74: =N$40 -> мар.23 | ... DV74: =DV$40 -> июл.32
E75: Tax1 | F75: Skip=1;Row=7
A76: =Language!A433 -> НАЛОГ НА ДОБАВЛЕННУЮ СТОИМОСТЬ
F77: Skip=1
A78: =Language!A434 -> Стандартная ставка налога | C78: % | D78: 1 | F78: Init=1;Mode=avg | G78: 0.2 | H78: =G78 -> 0.2 | I78: =H78 -> 0.2 | J78: =I78 -> 0.2 | K78: =J78 -> 0.2 | L78: =K78 -> 0.2 | M78: =L78 -> 0.2 | N78: =M78 -> 0.2 | O78: =N78 -> 0.2 | ... DV78: =DU78 -> 0.2
A79: =Language!A$442 -> Периодичность выплаты налога | B79: 30 | C79: =Language!$A$1464 -> дней
A80: =Language!A436 -> Способ зачета переплаченного НДС: | B80: 1 | C80: =CHOOSE(B80,Language!A382,Language!A383) -> зачитывать при будущих расчетах
A81: =Language!A437 -> прямое возмещение через | B81: 1 | C81: =Language!A159 -> периодов
E82: Tax2 | F82: Row=7
A83: =Language!A438 -> НАЛОГ НА ПРИБЫЛЬ
F84: Skip=1
A85: =Language!A439 -> Ставка налога, федеральная составляющая | C85: % | D85: 1 | F85: Init=1;Mode=avg | G85: 0.03 | H85: =G85 -> 0.03 | I85: =H85 -> 0.03 | J85: =I85 -> 0.03 | K85: =J85 -> 0.03 | L85: =K85 -> 0.03 | M85: =L85 -> 0.03 | N85: =M85 -> 0.03 | O85: =N85 -> 0.03 | ... DV85: =DU85 -> 0.03
A86: =Language!A440 -> Ставка налога, местная составляющая | C86: % | F86: Init=1;Mode=avg | G86: 0.17 | H86: =G86 -> 0.17 | I86: =H86 -> 0.17 | J86: =I86 -> 0.17 | K86: =J86 -> 0.17 | L86: =K86 -> 0.17 | M86: =L86 -> 0.17 | N86: =M86 -> 0.17 | O86: =N86 -> 0.17 | ... DV86: =DU86 -> 0.17
A87: =Language!A441 -> Суммарная ставка налога на прибыль | C87: % | F87: Mode=avg | G87: =G85+G86 -> 0.2 | H87: =H85+H86 -> 0.2 | I87: =I85+I86 -> 0.2 | J87: =J85+J86 -> 0.2 | K87: =K85+K86 -> 0.2 | L87: =L85+L86 -> 0.2 | M87: =M85+M86 -> 0.2 | N87: =N85+N86 -> 0.2 | ... DV87: =DV85+DV86 -> 0.2
A88: =Language!A$442 -> Периодичность выплаты налога | B88: 30 | C88: =Language!$A$1464 -> дней
E89: Tax3 | F89: Row=10
A90: =Language!A443 -> СОЦИАЛЬНЫЕ ВЗНОСЫ
F91: Skip=1
A92: =Language!A444 -> Ставка взносов в пенсионный фонд | C92: % | D92: 1 | F92: Init=1;Mode=avg | G92: 0.22 | H92: =G92 -> 0.22 | I92: =H92 -> 0.22 | J92: =I92 -> 0.22 | K92: =J92 -> 0.22 | L92: =K92 -> 0.22 | M92: =L92 -> 0.22 | N92: =M92 -> 0.22 | O92: =N92 -> 0.22 | ... DV92: =DU92 -> 0.22
A93: =Language!A445 -> Ставка взносов на медицинское страхование | C93: % | F93: Init=1;Mode=avg | G93: 0.051 | H93: =G93 -> 0.051 | I93: =H93 -> 0.051 | J93: =I93 -> 0.051 | K93: =J93 -> 0.051 | L93: =K93 -> 0.051 | M93: =L93 -> 0.051 | N93: =M93 -> 0.051 | O93: =N93 -> 0.051 | ... DV93: =DU93 -> 0.051
A94: =Language!A446 -> Ставка взносов в фонд социального страхования | C94: % | F94: Init=1;Mode=avg | G94: 0.029 | H94: =G94 -> 0.029 | I94: =H94 -> 0.029 | J94: =I94 -> 0.029 | K94: =J94 -> 0.029 | L94: =K94 -> 0.029 | M94: =L94 -> 0.029 | N94: =M94 -> 0.029 | O94: =N94 -> 0.029 | ... DV94: =DU94 -> 0.029
A95: =Language!A447 -> Ставка страхования от несчастных случаев | C95: % | F95: Init=1;Mode=avg | G95: 0.01 | H95: =G95 -> 0.01 | I95: =H95 -> 0.01 | J95: =I95 -> 0.01 | K95: =J95 -> 0.01 | L95: =K95 -> 0.01 | M95: =L95 -> 0.01 | N95: =M95 -> 0.01 | O95: =N95 -> 0.01 | ... DV95: =DU95 -> 0.01
A96: =Language!A448 -> Ставка других социальных взносов | C96: % | F96: Init=1;Mode=avg | G96: 0 | H96: =G96 -> 0 | I96: =H96 -> 0 | J96: =I96 -> 0 | K96: =J96 -> 0 | L96: =K96 -> 0 | M96: =L96 -> 0 | N96: =M96 -> 0 | O96: =N96 -> 0 | ... DV96: =DU96 -> 0
A97: =Language!A449 -> Суммарная ставка социальных взносов | C97: % | F97: Mode=avg | G97: =SUM(G92:G96) -> 0.31 | H97: =SUM(H92:H96) -> 0.31 | I97: =SUM(I92:I96) -> 0.31 | J97: =SUM(J92:J96) -> 0.31 | K97: =SUM(K92:K96) -> 0.31 | L97: =SUM(L92:L96) -> 0.31 | M97: =SUM(M92:M96) -> 0.31 | N97: =SUM(N92:N96) -> 0.31 | ... DV97: =SUM(DV92:DV96) -> 0.31
A98: =Language!A$442 -> Периодичность выплаты налога | B98: 30 | C98: =Language!$A$1464 -> дней
E99: Tax4 | F99: Row=6
A100: =Language!A451 -> НАЛОГ НА ИМУЩЕСТВО
F101: Skip=1
A102: =Language!A452 -> Ставка налога для недвижимости | C102: % | D102: 0 | F102: Init=1;Mode=avg | G102: 0 | H102: =G102 -> 0 | I102: =H102 -> 0 | J102: =I102 -> 0 | K102: =J102 -> 0 | L102: =K102 -> 0 | M102: =L102 -> 0 | N102: =M102 -> 0 | O102: =N102 -> 0 | ... DV102: =DU102 -> 0
A103: =Language!A453 -> Ставка налога для оборудования | C103: % | F103: Init=1;Mode=avg | G103: 0 | H103: =G103 -> 0 | I103: =H103 -> 0 | J103: =I103 -> 0 | K103: =J103 -> 0 | L103: =K103 -> 0 | M103: =L103 -> 0 | N103: =M103 -> 0 | O103: =N103 -> 0 | ... DV103: =DU103 -> 0
A104: =Language!A$442 -> Периодичность выплаты налога | B104: 30 | C104: =Language!$A$1464 -> дней
E105: Tax5 | F105: Row=5
A106: =Language!A455 -> НАЛОГ С ОБОРОТА (УСН)
F107: Skip=1
A108: =Language!A$456 -> Ставка налога | C108: % | D108: 0 | F108: Init=1;Mode=avg | G108: 0 | H108: =G108 -> 0 | I108: =H108 -> 0 | J108: =I108 -> 0 | K108: =J108 -> 0 | L108: =K108 -> 0 | M108: =L108 -> 0 | N108: =M108 -> 0 | O108: =N108 -> 0 | ... DV108: =DU108 -> 0
A109: =Language!A$442 -> Периодичность выплаты налога | B109: 30 | C109: =Language!$A$1464 -> дней
E110: Tax6 | F110: Row=6
A111: =Language!A458 -> НАЛОГ С ДОХОДА, УМЕНЬШЕННОГО НА РАСХОДЫ (УСН, ЕСХН)
...

Sheet Старт
A1: =Language!A$485 & " :: " & Prj_Name -> Начальный баланс :: Производство нефтепродуктов | D1: Cur | E1: ID | F1: Flags | G1: =Параметры!G$40 -> авг.22 | H1: =Параметры!H$40 -> сен.22 | I1: =Параметры!I$40 -> окт.22 | J1: =Параметры!J$40 -> ноя.22 | K1: =Параметры!K$40 -> дек.22 | L1: =Параметры!L$40 -> янв.23 | M1: =Параметры!M$40 -> фев.23 | N1: =Параметры!N$40 -> мар.23 | ... DV1: =Параметры!DV$40 -> июл.32 | DX1: =Language!$A$1463 -> ИТОГО
G2: =Параметры!G31 -> 1 | H2: =Параметры!H31 -> 2 | I2: =Параметры!I31 -> 3 | J2: =Параметры!J31 -> 4 | K2: =Параметры!K31 -> 5 | L2: =Параметры!L31 -> 6 | M2: =Параметры!M31 -> 7 | N2: =Параметры!N31 -> 8 | ... DV2: =Параметры!DV31 -> 120
A4: =Language!A$486 -> СТАРТОВЫЙ БАЛАНС | E4: TABLE::STBAL | F4: Help=201;Skip=c;AddTitle=CurName1
F5: Skip=1
A6: =Language!A$487 -> Денежные средства | B6: 0 | C6: =CurName1 -> тыс. руб.
A7: =Language!A$488 -> Дебиторская задолженность | B7: 0 | C7: =CurName1 -> тыс. руб.
A8: =Language!A$489 -> Авансы уплаченные поставщикам | B8: 0 | C8: =CurName1 -> тыс. руб.
A9: =Language!A$490 -> Готовая продукция на складе | B9: 0 | C9: =CurName1 -> тыс. руб.
A10: =Language!A$491 -> Незавершенное производство | B10: 0 | C10: =CurName1 -> тыс. руб.
A11: =Language!A$492 -> Запасы материалов и комплектующих | B11: 0 | C11: =CurName1 -> тыс. руб.
A12: =Language!A$493 -> НДС на приобретенные товары | B12: 0 | C12: =CurName1 -> тыс. руб.
A13: =Language!A$494 -> Краткосрочные финансовые вложения | B13: 0 | C13: =CurName1 -> тыс. руб.
A14: =Language!A$495 -> Прочие оборотные активы | B14: 0 | C14: =CurName1 -> тыс. руб.
A15: =Language!A$496 -> Суммарные оборотные активы | B15: =SUM(B6:B14) -> 0 | C15: =CurName1 -> тыс. руб.
F16: Skip=1
A17: =Language!A$497 -> Земельные участки | B17: 0 | C17: =CurName1 -> тыс. руб.
A18: =Language!A$498 -> Здания и сооружения | B18: 0 | C18: =CurName1 -> тыс. руб.
A19: =Language!A$499 -> Оборудование и прочие активы | B19: 0 | C19: =CurName1 -> тыс. руб.
A20: =Language!A$500 -> Нематериальные активы | B20: 0 | C20: =CurName1 -> тыс. руб.
A21: =Language!A$501 -> Долгосрочные финансовые вложения | B21: 0 | C21: =CurName1 -> тыс. руб.
A22: =Language!A$502 -> Незавершенные капиталовложения | B22: 0 | C22: =CurName1 -> тыс. руб.
A23: =Language!A$503 -> Прочие внеоборотные активы | B23: 0 | C23: =CurName1 -> тыс. руб.
A24: =Language!A$504 -> Суммарные внеоборотные активы | B24: =SUM(B17:B23) -> 0 | C24: =CurName1 -> тыс. руб.
F25: Skip=1
A26: =Language!A$505 -> ИТОГО АКТИВОВ | B26: =B15+B24 -> 0 | C26: =CurName1 -> тыс. руб.
A28: =Language!A$506 -> Кредиторская задолженность перед поставщиками | B28: 0 | C28: =CurName1 -> тыс. руб.
A29: =Language!A$507 -> Кредиторская задолженность за внеоборотные активы | B29: 0 | C29: =CurName1 -> тыс. руб.
A30: =Language!A$508 -> Расчеты с бюджетом | B30: 0 | C30: =CurName1 -> тыс. руб.
A31: =Language!A$509 -> Расчеты с персоналом | B31: 0 | C31: =CurName1 -> тыс. руб.
A32: =Language!A$510 -> Полученные авансы покупателей | B32: 0 | C32: =CurName1 -> тыс. руб.
A33: =Language!A$511 -> Краткосрочные кредиты | B33: 0 | C33: =CurName1 -> тыс. руб.
A34: =Language!A$512 -> Прочие краткосрочные обязательства | B34: 0 | C34: =CurName1 -> тыс. руб.
A35: =Language!A$513 -> Суммарные краткосрочные обязательства | B35: =SUM(B28:B34) -> 0 | C35: =CurName1 -> тыс. руб.
F36: Skip=1
A37: =Language!A$514 -> Долгосрочные кредиты | B37: 0 | C37: =CurName1 -> тыс. руб.
A38: =Language!A$515 -> Прочие долгосрочные обязательства | B38: 0 | C38: =CurName1 -> тыс. руб.
A39: =Language!A$516 -> Суммарные долгосрочные обязательства | B39: =B37+B38 -> 0 | C39: =CurName1 -> тыс. руб.
F40: Skip=1
A41: =Language!A$517 -> Акционерный капитал | B41: 0 | C41: =CurName1 -> тыс. руб.
A42: =Language!A$518 -> Нераспределенная прибыль | B42: 0 | C42: =CurName1 -> тыс. руб.
A43: =Language!A$519 -> Прочий собственный капитал | B43: 0 | C43: =CurName1 -> тыс. руб.
A44: =Language!A$520 -> Суммарный собственный капитал | B44: =SUM(B41:B43) -> 0 | C44: =CurName1 -> тыс. руб.
F45: Skip=1
A46: =Language!A$521 -> ИТОГО ПАССИВОВ | B46: =B35+B39+B44 -> 0 | C46: =CurName1 -> тыс. руб.
A47: =Language!A$522 -> Контроль сходимости баланса | B47: =B26-B46 -> 0 | C47: =IF(B47=0, "OK", "Не сходится") -> OK
F48: Skip=1
A49: =Language!A$523 -> Стоимость чистых активов стартового баланса | B49: =B26-B50-B35-B39 -> 0 | C49: =CurName1 -> тыс. руб.
A50: =Language!A$524 -> задолженность учредителей по взносам в капитал | B50: 0 | C50: =CurName1 -> тыс. руб.
A51: =Language!A$525 -> Рыночная стоимость (для анализа эффективности) | B51: =B49 -> 0 | C51: =CurName1 -> тыс. руб.
E52: END::STBAL | F52: Skip=1
A55: =Language!A$526 -> СУЩЕСТВУЮЩИЕ ОСНОВНЫЕ СРЕДСТВА | E55: TABLE::STFIXED | F55: Help=202;Skip=bc;AddTitle=CurName1 | G55: =Параметры!G$40 -> авг.22 | H55: =Параметры!H$40 -> сен.22 | I55: =Параметры!I$40 -> окт.22 | J55: =Параметры!J$40 -> ноя.22 | K55: =Параметры!K$40 -> дек.22 | L55: =Параметры!L$40 -> янв.23 | M55: =Параметры!M$40 -> фев.23 | N55: =Параметры!N$40 -> мар.23 | ... DV55: =Параметры!DV$40 -> июл.32 | DX55: =Language!$A$1463 -> ИТОГО
F56: Skip=1
A57: =Language!A$527 -> Незавершенные капвложения на начало периода | C57: =CurName1 -> тыс. руб. | F57: Skip=2;Mode=beg | G57: =$B$22 -> 0 | H57: =G62 -> 0 | I57: =H62 -> 0 | J57: =I62 -> 0 | K57: =J62 -> 0 | L57: =K62 -> 0 | M57: =L62 -> 0 | N57: =M62 -> 0 | O57: =N62 -> 0 | ... DV57: =DU62 -> 0
A58: =Language!A$528 -> График постановки на баланс: | C58: =CurName1 -> тыс. руб. | F58: Skip=1
A59: =Language!A$529 -> Здания и сооружения | C59: =CurName1 -> тыс. руб. | F59: Skip=1;Mode=sum | G59: 0 | H59: 0 | I59: 0 | J59: 0 | K59: 0 | L59: 0 | M59: 0 | N59: 0 | O59: 0 | P59: 0 | Q59: 0 | R59: 0 | S59: 0 | T59: 0 | U59: 0 | V59: 0 | W59: 0 | X59: 0 | Y59: 0 | Z59: 0 | AA59: 0 | AB59: 0 | AC59: 0 | AD59: 0 | AE59: 0 | AF59: 0 | AG59: 0 | AH59: 0 | AI59: 0 | AJ59: 0 | AK59: 0 | AL59: 0 | AM59: 0 | AN59: 0 | AO59: 0 | AP59: 0 | AQ59: 0 | AR59: 0 | AS59: 0 | AT59: 0 | AU59: 0 | AV59: 0 | AW59: 0 | AX59: 0 | AY59: 0 | AZ59: 0 | BA59: 0 | BB59: 0 | BC59: 0 | BD59: 0 | BE59: 0 | BF59: 0 | BG59: 0 | BH59: 0 | BI59: 0 | BJ59: 0 | BK59: 0 | BL59: 0 | BM59: 0 | BN59: 0 | BO59: 0 | BP59: 0 | BQ59: 0 | BR59: 0 | BS59: 0 | BT59: 0 | BU59: 0 | BV59: 0 | BW59: 0 | BX59: 0 | BY59: 0 | BZ59: 0 | CA59: 0 | CB59: 0 | CC59: 0 | CD59: 0 | CE59: 0 | CF59: 0 | CG59: 0 | CH59: 0 | CI59: 0 | CJ59: 0 | CK59: 0 | CL59: 0 | CM59: 0 | CN59: 0 | CO59: 0 | CP59: 0 | CQ59: 0 | CR59: 0 | CS59: 0 | CT59: 0 | CU59: 0 | CV59: 0 | CW59: 0 | CX59: 0 | CY59: 0 | CZ59: 0 | DA59: 0 | DB59: 0 | DC59: 0 | DD59: 0 | DE59: 0 | DF59: 0 | DG59: 0 | DH59: 0 | DI59: 0 | DJ59: 0 | DK59: 0 | DL59: 0 | DM59: 0 | DN59: 0 | DO59: 0 | DP59: 0 | DQ59: 0 | DR59: 0 | DS59: 0 | DT59: 0 | DU59: 0 | DV59: 0 | DX59: =SUM(G59:DW59) -> 0
A60: =Language!A$530 -> Оборудование и прочие активы | C60: =CurName1 -> тыс. руб. | F60: Skip=1;Mode=sum | G60: 0 | H60: 0 | I60: 0 | J60: 0 | K60: 0 | L60: 0 | M60: 0 | N60: 0 | O60: 0 | P60: 0 | Q60: 0 | R60: 0 | S60: 0 | T60: 0 | U60: 0 | V60: 0 | W60: 0 | X60: 0 | Y60: 0 | Z60: 0 | AA60: 0 | AB60: 0 | AC60: 0 | AD60: 0 | AE60: 0 | AF60: 0 | AG60: 0 | AH60: 0 | AI60: 0 | AJ60: 0 | AK60: 0 | AL60: 0 | AM60: 0 | AN60: 0 | AO60: 0 | AP60: 0 | AQ60: 0 | AR60: 0 | AS60: 0 | AT60: 0 | AU60: 0 | AV60: 0 | AW60: 0 | AX60: 0 | AY60: 0 | AZ60: 0 | BA60: 0 | BB60: 0 | BC60: 0 | BD60: 0 | BE60: 0 | BF60: 0 | BG60: 0 | BH60: 0 | BI60: 0 | BJ60: 0 | BK60: 0 | BL60: 0 | BM60: 0 | BN60: 0 | BO60: 0 | BP60: 0 | BQ60: 0 | BR60: 0 | BS60: 0 | BT60: 0 | BU60: 0 | BV60: 0 | BW60: 0 | BX60: 0 | BY60: 0 | BZ60: 0 | CA60: 0 | CB60: 0 | CC60: 0 | CD60: 0 | CE60: 0 | CF60: 0 | CG60: 0 | CH60: 0 | CI60: 0 | CJ60: 0 | CK60: 0 | CL60: 0 | CM60: 0 | CN60: 0 | CO60: 0 | CP60: 0 | CQ60: 0 | CR60: 0 | CS60: 0 | CT60: 0 | CU60: 0 | CV60: 0 | CW60: 0 | CX60: 0 | CY60: 0 | CZ60: 0 | DA60: 0 | DB60: 0 | DC60: 0 | DD60: 0 | DE60: 0 | DF60: 0 | DG60: 0 | DH60: 0 | DI60: 0 | DJ60: 0 | DK60: 0 | DL60: 0 | DM60: 0 | DN60: 0 | DO60: 0 | DP60: 0 | DQ60: 0 | DR60: 0 | DS60: 0 | DT60: 0 | DU60: 0 | DV60: 0 | DX60: =SUM(G60:DW60) -> 0
A61: =Language!A$531 -> Нематериальные активы | C61: =CurName1 -> тыс. руб. | F61: Skip=1;Mode=sum | G61: 0 | H61: 0 | I61: 0 | J61: 0 | K61: 0 | L61: 0 | M61: 0 | N61: 0 | O61: 0 | P61: 0 | Q61: 0 | R61: 0 | S61: 0 | T61: 0 | U61: 0 | V61: 0 | W61: 0 | X61: 0 | Y61: 0 | Z61: 0 | AA61: 0 | AB61: 0 | AC61: 0 | AD61: 0 | AE61: 0 | AF61: 0 | AG61: 0 | AH61: 0 | AI61: 0 | AJ61: 0 | AK61: 0 | AL61: 0 | AM61: 0 | AN61: 0 | AO61: 0 | AP61: 0 | AQ61: 0 | AR61: 0 | AS61: 0 | AT61: 0 | AU61: 0 | AV61: 0 | AW61: 0 | AX61: 0 | AY61: 0 | AZ61: 0 | BA61: 0 | BB61: 0 | BC61: 0 | BD61: 0 | BE61: 0 | BF61: 0 | BG61: 0 | BH61: 0 | BI61: 0 | BJ61: 0 | BK61: 0 | BL61: 0 | BM61: 0 | BN61: 0 | BO61: 0 | BP61: 0 | BQ61: 0 | BR61: 0 | BS61: 0 | BT61: 0 | BU61: 0 | BV61: 0 | BW61: 0 | BX61: 0 | BY61: 0 | BZ61: 0 | CA61: 0 | CB61: 0 | CC61: 0 | CD61: 0 | CE61: 0 | CF61: 0 | CG61: 0 | CH61: 0 | CI61: 0 | CJ61: 0 | CK61: 0 | CL61: 0 | CM61: 0 | CN61: 0 | CO61: 0 | CP61: 0 | CQ61: 0 | CR61: 0 | CS61: 0 | CT61: 0 | CU61: 0 | CV61: 0 | CW61: 0 | CX61: 0 | CY61: 0 | CZ61: 0 | DA61: 0 | DB61: 0 | DC61: 0 | DD61: 0 | DE61: 0 | DF61: 0 | DG61: 0 | DH61: 0 | DI61: 0 | DJ61: 0 | DK61: 0 | DL61: 0 | DM61: 0 | DN61: 0 | DO61: 0 | DP61: 0 | DQ61: 0 | DR61: 0 | DS61: 0 | DT61: 0 | DU61: 0 | DV61: 0 | DX61: =SUM(G61:DW61) -> 0
A62: =Language!A$532 -> Незавершенные капвложения на конец периода | C62: =CurName1 -> тыс. руб. | F62: Skip=2;Mode=end | G62: =G57-SUM(G59:G61) -> 0 | H62: =H57-SUM(H59:H61) -> 0 | I62: =H62-SUM(I59:I61) -> 0 | J62: =I62-SUM(J59:J61) -> 0 | K62: =J62-SUM(K59:K61) -> 0 | L62: =K62-SUM(L59:L61) -> 0 | M62: =L62-SUM(M59:M61) -> 0 | N62: =M62-SUM(N59:N61) -> 0 | O62: =N62-SUM(O59:O61) -> 0 | P62: =O62-SUM(P59:P61) -> 0 | ... DV62: =DU62-SUM(DV59:DV61) -> 0
F63: Skip=1
A64: =Language!A$533 -> Земельные участки
A65: =Language!A$534 -> балансовая стоимость | C65: =CurName1 -> тыс. руб. | F65: Mode=end | G65: =IF(G$2=1,$B$17,F65) -> 0 | H65: =IF(H$2=1,$B$17,G65) -> 0 | I65: =IF(I$2=1,$B$17,H65) -> 0 | J65: =IF(J$2=1,$B$17,I65) -> 0 | K65: =IF(K$2=1,$B$17,J65) -> 0 | L65: =IF(L$2=1,$B$17,K65) -> 0 | M65: =IF(M$2=1,$B$17,L65) -> 0 | N65: =IF(N$2=1,$B$17,M65) -> 0 | ... DV65: =IF(DV$2=1,$B$17,DU65) -> 0
F66: Skip=1
A67: =Language!A$535 -> Здания и сооружения
A68: =Language!A$536 -> первоначальная стоимость | C68: =CurName1 -> тыс. руб. | F68: Skip=1;Mode=end | G68: =$B$18+G59 -> 0 | H68: =G68+H59 -> 0 | I68: =H68+I59 -> 0 | J68: =I68+J59 -> 0 | K68: =J68+K59 -> 0 | L68: =K68+L59 -> 0 | M68: =L68+M59 -> 0 | N68: =M68+N59 -> 0 | O68: =N68+O59 -> 0 | ... DV68: =DU68+DV59 -> 0
A69: =Language!A$537 -> срок амортизации | B69: 20 | C69: =Language!$A$48 -> лет | F69: Skip=1
A70: =Language!A$538 -> амортизация | C70: =CurName1 -> тыс. руб. | F70: Skip=1;Mode=sum | G70: =IF($B69=0,0,MIN(G68/$B69/12*Параметры!G$37,IF(G$2=1,G68,F72+G68-F68))) -> 0 | H70: =IF($B69=0,0,MIN(H68/$B69/12*Параметры!H$37,IF(H$2=1,H68,G72+H68-G68))) -> 0 | I70: =IF($B69=0,0,MIN(I68/$B69/12*Параметры!I$37,IF(I$2=1,I68,H72+I68-H68))) -> 0 | J70: =IF($B69=0,0,MIN(J68/$B69/12*Параметры!J$37,IF(J$2=1,J68,I72+J68-I68))) -> 0 | K70: =IF($B69=0,0,MIN(K68/$B69/12*Параметры!K$37,IF(K$2=1,K68,J72+K68-J68))) -> 0 | L70: =IF($B69=0,0,MIN(L68/$B69/12*Параметры!L$37,IF(L$2=1,L68,K72+L68-K68))) -> 0 | M70: =IF($B69=0,0,MIN(M68/$B69/12*Параметры!M$37,IF(M$2=1,M68,L72+M68-L68))) -> 0 | N70: =IF($B69=0,0,MIN(N68/$B69/12*Параметры!N$37,IF(N$2=1,N68,M72+N68-M68))) -> 0 | ... DV70: =IF($B69=0,0,MIN(DV68/$B69/12*Параметры!DV$37,IF(DV$2=1,DV68,DU72+DV68-DU68))) -> 0 | DX70: =SUM(G70:DW70) -> 0
A71: =Language!A$539 -> накопленная амортизация | C71: =CurName1 -> тыс. руб. | F71: Skip=1;Mode=end | G71: =G70+IF(G$2=1,0,F71) -> 0 | H71: =H70+IF(H$2=1,0,G71) -> 0 | I71: =I70+IF(I$2=1,0,H71) -> 0 | J71: =J70+IF(J$2=1,0,I71) -> 0 | K71: =K70+IF(K$2=1,0,J71) -> 0 | L71: =L70+IF(L$2=1,0,K71) -> 0 | M71: =M70+IF(M$2=1,0,L71) -> 0 | N71: =N70+IF(N$2=1,0,M71) -> 0 | ... DV71: =DV70+IF(DV$2=1,0,DU71) -> 0
A72: =Language!A$540 -> остаточная балансовая стоимость | C72: =CurName1 -> тыс. руб. | F72: Mode=end | G72: =G68-G71 -> 0 | H72: =H68-H71 -> 0 | I72: =I68-I71 -> 0 | J72: =J68-J71 -> 0 | K72: =K68-K71 -> 0 | L72: =L68-L71 -> 0 | M72: =M68-M71 -> 0 | N72: =N68-N71 -> 0 | ... DV72: =DV68-DV71 -> 0
F73: Skip=1
A74: =Language!A$541 -> Оборудование и прочие активы
A75: =Language!A$542 -> первоначальная стоимость | C75: =CurName1 -> тыс. руб. | F75: Skip=1;Mode=end | G75: =$B$19+G60 -> 0 | H75: =G75+H60 -> 0 | I75: =H75+I60 -> 0 | J75: =I75+J60 -> 0 | K75: =J75+K60 -> 0 | L75: =K75+L60 -> 0 | M75: =L75+M60 -> 0 | N75: =M75+N60 -> 0 | O75: =N75+O60 -> 0 | ... DV75: =DU75+DV60 -> 0
A76: =Language!A$543 -> срок амортизации | B76: 10 | C76: =Language!A$48 -> лет | F76: Skip=1
A77: =Language!A$544 -> амортизация | C77: =CurName1 -> тыс. руб. | F77: Skip=1;Mode=sum | G77: =IF($B76=0,0,MIN(G75/$B76/12*Параметры!G$37,IF(G$2=1,G75,F79+G75-F75))) -> 0 | H77: =IF($B76=0,0,MIN(H75/$B76/12*Параметры!H$37,IF(H$2=1,H75,G79+H75-G75))) -> 0 | I77: =IF($B76=0,0,MIN(I75/$B76/12*Параметры!I$37,IF(I$2=1,I75,H79+I75-H75))) -> 0 | J77: =IF($B76=0,0,MIN(J75/$B76/12*Параметры!J$37,IF(J$2=1,J75,I79+J75-I75))) -> 0 | K77: =IF($B76=0,0,MIN(K75/$B76/12*Параметры!K$37,IF(K$2=1,K75,J79+K75-J75))) -> 0 | L77: =IF($B76=0,0,MIN(L75/$B76/12*Параметры!L$37,IF(L$2=1,L75,K79+L75-K75))) -> 0 | M77: =IF($B76=0,0,MIN(M75/$B76/12*Параметры!M$37,IF(M$2=1,M75,L79+M75-L75))) -> 0 | N77: =IF($B76=0,0,MIN(N75/$B76/12*Параметры!N$37,IF(N$2=1,N75,M79+N75-M75))) -> 0 | ... DV77: =IF($B76=0,0,MIN(DV75/$B76/12*Параметры!DV$37,IF(DV$2=1,DV75,DU79+DV75-DU75))) -> 0 | DX77: =SUM(G77:DW77) -> 0
A78: =Language!A$545 -> накопленная амортизация | C78: =CurName1 -> тыс. руб. | F78: Skip=1;Mode=end | G78: =G77 -> 0 | H78: =G78+H77 -> 0 | I78: =H78+I77 -> 0 | J78: =I78+J77 -> 0 | K78: =J78+K77 -> 0 | L78: =K78+L77 -> 0 | M78: =L78+M77 -> 0 | N78: =M78+N77 -> 0 | O78: =N78+O77 -> 0 | ... DV78: =DU78+DV77 -> 0
A79: =Language!A$546 -> остаточная балансовая стоимость | C79: =CurName1 -> тыс. руб. | F79: Mode=end | G79: =G75-G78 -> 0 | H79: =H75-H78 -> 0 | I79: =I75-I78 -> 0 | J79: =J75-J78 -> 0 | K79: =K75-K78 -> 0 | L79: =L75-L78 -> 0 | M79: =M75-M78 -> 0 | N79: =N75-N78 -> 0 | ... DV79: =DV75-DV78 -> 0
F80: Skip=1
A81: =Language!A$547 -> Нематериальные активы
A82: =Language!A$548 -> первоначальная стоимость | C82: =CurName1 -> тыс. руб. | F82: Skip=1;Mode=end | G82: =$B$20+G61 -> 0 | H82: =G82+H61 -> 0 | I82: =H82+I61 -> 0 | J82: =I82+J61 -> 0 | K82: =J82+K61 -> 0 | L82: =K82+L61 -> 0 | M82: =L82+M61 -> 0 | N82: =M82+N61 -> 0 | O82: =N82+O61 -> 0 | ... DV82: =DU82+DV61 -> 0
A83: =Language!A$549 -> срок амортизации | B83: 10 | C83: =Language!A$48 -> лет | F83: Skip=1
A84: =Language!A$550 -> амортизация | C84: =CurName1 -> тыс. руб. | F84: Skip=1;Mode=sum | G84: =IF($B83=0,0,MIN(G82/$B83/12*Параметры!G$37,IF(G$2=1,G82,F86+G82-F82))) -> 0 | H84: =IF($B83=0,0,MIN(H82/$B83/12*Параметры!H$37,IF(H$2=1,H82,G86+H82-G82))) -> 0 | I84: =IF($B83=0,0,MIN(I82/$B83/12*Параметры!I$37,IF(I$2=1,I82,H86+I82-H82))) -> 0 | J84: =IF($B83=0,0,MIN(J82/$B83/12*Параметры!J$37,IF(J$2=1,J82,I86+J82-I82))) -> 0 | K84: =IF($B83=0,0,MIN(K82/$B83/12*Параметры!K$37,IF(K$2=1,K82,J86+K82-J82))) -> 0 | L84: =IF($B83=0,0,MIN(L82/$B83/12*Параметры!L$37,IF(L$2=1,L82,K86+L82-K82))) -> 0 | M84: =IF($B83=0,0,MIN(M82/$B83/12*Параметры!M$37,IF(M$2=1,M82,L86+M82-L82))) -> 0 | N84: =IF($B83=0,0,MIN(N82/$B83/12*Параметры!N$37,IF(N$2=1,N82,M86+N82-M82))) -> 0 | ... DV84: =IF($B83=0,0,MIN(DV82/$B83/12*Параметры!DV$37,IF(DV$2=1,DV82,DU86+DV82-DU82))) -> 0 | DX84: =SUM(G84:DW84) -> 0
A85: =Language!A$551 -> накопленная амортизация | C85: =CurName1 -> тыс. руб. | F85: Skip=1;Mode=end | G85: =G84 -> 0 | H85: =G85+H84 -> 0 | I85: =H85+I84 -> 0 | J85: =I85+J84 -> 0 | K85: =J85+K84 -> 0 | L85: =K85+L84 -> 0 | M85: =L85+M84 -> 0 | N85: =M85+N84 -> 0 | O85: =N85+O84 -> 0 | ... DV85: =DU85+DV84 -> 0
A86: =Language!A$552 -> остаточная балансовая стоимость | C86: =CurName1 -> тыс. руб. | F86: Mode=end | G86: =G82-G85 -> 0 | H86: =H82-H85 -> 0 | I86: =I82-I85 -> 0 | J86: =J82-J85 -> 0 | K86: =K82-K85 -> 0 | L86: =L82-L85 -> 0 | M86: =M82-M85 -> 0 | N86: =N82-N85 -> 0 | ... DV86: =DV82-DV85 -> 0
E87: END::STFIXED | F87: Skip=1
A90: =Language!A$553 -> СУЩЕСТВУЮЩИЕ ФИНАНСОВЫЕ ВЛОЖЕНИЯ | E90: TABLE::STFIN | F90: Help=203;Skip=bc;AddTitle=CurName1 | G90: =Параметры!G$40 -> авг.22 | H90: =Параметры!H$40 -> сен.22 | I90: =Параметры!I$40 -> окт.22 | J90: =Параметры!J$40 -> ноя.22 | K90: =Параметры!K$40 -> дек.22 | L90: =Параметры!L$40 -> янв.23 | M90: =Параметры!M$40 -> фев.23 | N90: =Параметры!N$40 -> мар.23 | ... DV90: =Параметры!DV$40 -> июл.32 | DX90: =Language!$A$1463 -> ИТОГО
F91: Skip=1
A92: =Language!A$554 -> Долгосрочные финансовые вложения
A93: =Language!A$555 -> балансовая стоимость | C93: =CurName1 -> тыс. руб. | F93: Mode=end | G93: =IF(G$2=1,$B$21,F93)-G94 -> 0 | H93: =IF(H$2=1,$B$21,G93)-H94 -> 0 | I93: =IF(I$2=1,$B$21,H93)-I94 -> 0 | J93: =IF(J$2=1,$B$21,I93)-J94 -> 0 | K93: =IF(K$2=1,$B$21,J93)-K94 -> 0 | L93: =IF(L$2=1,$B$21,K93)-L94 -> 0 | M93: =IF(M$2=1,$B$21,L93)-M94 -> 0 | N93: =IF(N$2=1,$B$21,M93)-N94 -> 0 | ... DV93: =IF(DV$2=1,$B$21,DU93)-DV94 -> 0
A94: =Language!A$556 -> возврат финансовых вложений | C94: =CurName1 -> тыс. руб. | F94: Mode=sum | G94: 0 | H94: 0 | I94: 0 | J94: 0 | K94: 0 | L94: 0 | M94: 0 | N94: 0 | O94: 0 | P94: 0 | Q94: 0 | R94: 0 | S94: 0 | T94: 0 | U94: 0 | V94: 0 | W94: 0 | X94: 0 | Y94: 0 | Z94: 0 | AA94: 0 | AB94: 0 | AC94: 0 | AD94: 0 | AE94: 0 | AF94: 0 | AG94: 0 | AH94: 0 | AI94: 0 | AJ94: 0 | AK94: 0 | AL94: 0 | AM94: 0 | AN94: 0 | AO94: 0 | AP94: 0 | AQ94: 0 | AR94: 0 | AS94: 0 | AT94: 0 | AU94: 0 | AV94: 0 | AW94: 0 | AX94: 0 | AY94: 0 | AZ94: 0 | BA94: 0 | BB94: 0 | BC94: 0 | BD94: 0 | BE94: 0 | BF94: 0 | BG94: 0 | BH94: 0 | BI94: 0 | BJ94: 0 | BK94: 0 | BL94: 0 | BM94: 0 | BN94: 0 | BO94: 0 | BP94: 0 | BQ94: 0 | BR94: 0 | BS94: 0 | BT94: 0 | BU94: 0 | BV94: 0 | BW94: 0 | BX94: 0 | BY94: 0 | BZ94: 0 | CA94: 0 | CB94: 0 | CC94: 0 | CD94: 0 | CE94: 0 | CF94: 0 | CG94: 0 | CH94: 0 | CI94: 0 | CJ94: 0 | CK94: 0 | CL94: 0 | CM94: 0 | CN94: 0 | CO94: 0 | CP94: 0 | CQ94: 0 | CR94: 0 | CS94: 0 | CT94: 0 | CU94: 0 | CV94: 0 | CW94: 0 | CX94: 0 | CY94: 0 | CZ94: 0 | DA94: 0 | DB94: 0 | DC94: 0 | DD94: 0 | DE94: 0 | DF94: 0 | DG94: 0 | DH94: 0 | DI94: 0 | DJ94: 0 | DK94: 0 | DL94: 0 | DM94: 0 | DN94: 0 | DO94: 0 | DP94: 0 | DQ94: 0 | DR94: 0 | DS94: 0 | DT94: 0 | DU94: 0 | DV94: 0
F95: Skip=1
A96: =Language!A$557 -> Краткосрочные финансовые вложения
A97: =Language!A$558 -> балансовая стоимость | C97: =CurName1 -> тыс. руб. | F97: Mode=end | G97: =IF(G$2=1,$B$13,F97)-G98 -> 0 | H97: =IF(H$2=1,$B$13,G97)-H98 -> 0 | I97: =IF(I$2=1,$B$13,H97)-I98 -> 0 | J97: =IF(J$2=1,$B$13,I97)-J98 -> 0 | K97: =IF(K$2=1,$B$13,J97)-K98 -> 0 | L97: =IF(L$2=1,$B$13,K97)-L98 -> 0 | M97: =IF(M$2=1,$B$13,L97)-M98 -> 0 | N97: =IF(N$2=1,$B$13,M97)-N98 -> 0 | ... DV97: =IF(DV$2=1,$B$13,DU97)-DV98 -> 0
A98: =Language!A$559 -> возврат финансовых вложений | C98: =CurName1 -> тыс. руб. | F98: Mode=sum | G98: 0 | H98: 0 | I98: 0 | J98: 0 | K98: 0 | L98: 0 | M98: 0 | N98: 0 | O98: 0 | P98: 0 | Q98: 0 | R98: 0 | S98: 0 | T98: 0 | U98: 0 | V98: 0 | W98: 0 | X98: 0 | Y98: 0 | Z98: 0 | AA98: 0 | AB98: 0 | AC98: 0 | AD98: 0 | AE98: 0 | AF98: 0 | AG98: 0 | AH98: 0 | AI98: 0 | AJ98: 0 | AK98: 0 | AL98: 0 | AM98: 0 | AN98: 0 | AO98: 0 | AP98: 0 | AQ98: 0 | AR98: 0 | AS98: 0 | AT98: 0 | AU98: 0 | AV98: 0 | AW98: 0 | AX98: 0 | AY98: 0 | AZ98: 0 | BA98: 0 | BB98: 0 | BC98: 0 | BD98: 0 | BE98: 0 | BF98: 0 | BG98: 0 | BH98: 0 | BI98: 0 | BJ98: 0 | BK98: 0 | BL98: 0 | BM98: 0 | BN98: 0 | BO98: 0 | BP98: 0 | BQ98: 0 | BR98: 0 | BS98: 0 | BT98: 0 | BU98: 0 | BV98: 0 | BW98: 0 | BX98: 0 | BY98: 0 | BZ98: 0 | CA98: 0 | CB98: 0 | CC98: 0 | CD98: 0 | CE98: 0 | CF98: 0 | CG98: 0 | CH98: 0 | CI98: 0 | CJ98: 0 | CK98: 0 | CL98: 0 | CM98: 0 | CN98: 0 | CO98: 0 | CP98: 0 | CQ98: 0 | CR98: 0 | CS98: 0 | CT98: 0 | CU98: 0 | CV98: 0 | CW98: 0 | CX98: 0 | CY98: 0 | CZ98: 0 | DA98: 0 | DB98: 0 | DC98: 0 | DD98: 0 | DE98: 0 | DF98: 0 | DG98: 0 | DH98: 0 | DI98: 0 | DJ98: 0 | DK98: 0 | DL98: 0 | DM98: 0 | DN98: 0 | DO98: 0 | DP98: 0 | DQ98: 0 | DR98: 0 | DS98: 0 | DT98: 0 | DU98: 0 | DV98: 0
E99: END::STFIN | F99: Skip=1
A102: =Language!A$560 -> СУЩЕСТВУЮЩИЕ КРЕДИТЫ | E102: TABLE::STLOAN | F102: Help=204 | G102: =Параметры!G$40 -> авг.22 | H102: =Параметры!H$40 -> сен.22 | I102: =Параметры!I$40 -> окт.22 | J102: =Параметры!J$40 -> ноя.22 | K102: =Параметры!K$40 -> дек.22 | L102: =Параметры!L$40 -> янв.23 | M102: =Параметры!M$40 -> фев.23 | N102: =Параметры!N$40 -> мар.23 | ... DV102: =Параметры!DV$40 -> июл.32 | DX102: =Language!$A$1463 -> ИТОГО
A104: =Language!A$575 -> Долгосрочные кредиты | E104: DATA1 | F104: Header=2;Type=1;Count=0;
F105: Skip=1
A107: =Language!A$576 -> Краткосрочные кредиты | E107: DATA2 | F107: Header=2;Type=2;Count=0;
F108: Skip=1
E109: TOTAL
A110: =Language!A$577 -> Итого: Задолженность на конец периода | C110: =CurName1 -> тыс. руб. | F110: Mode=end | G110: =G116+G117 -> 0 | H110: =H116+H117 -> 0 | I110: =I116+I117 -> 0 | J110: =J116+J117 -> 0 | K110: =K116+K117 -> 0 | L110: =L116+L117 -> 0 | M110: =M116+M117 -> 0 | N110: =N116+N117 -> 0 | ... DV110: =DV116+DV117 -> 0
...

Sheet Проект
A1: =Language!A$588 & " :: " & Prj_Name -> Данные :: Производство нефтепродуктов | D1: Cur | E1: ID | F1: Flags | G1: =Параметры!G$40 -> авг.22 | H1: =Параметры!H$40 -> сен.22 | I1: =Параметры!I$40 -> окт.22 | J1: =Параметры!J$40 -> ноя.22 | K1: =Параметры!K$40 -> дек.22 | L1: =Параметры!L$40 -> янв.23 | M1: =Параметры!M$40 -> фев.23 | N1: =Параметры!N$40 -> мар.23 | ... DV1: =Параметры!DV$40 -> июл.32 | DX1: =Language!$A$1463 -> ИТОГО
G2: =Параметры!G31 -> 1 | H2: =Параметры!H31 -> 2 | I2: =Параметры!I31 -> 3 | J2: =Параметры!J31 -> 4 | K2: =Параметры!K31 -> 5 | L2: =Параметры!L31 -> 6 | M2: =Параметры!M31 -> 7 | N2: =Параметры!N31 -> 8 | ... DV2: =Параметры!DV31 -> 120
A4: =Language!A$589 -> ПРОДАЖИ | E4: TABLE::PRODUCT | F4: Help=301;Skip=b | G4: =Параметры!G$40 -> авг.22 | H4: =Параметры!H$40 -> сен.22 | I4: =Параметры!I$40 -> окт.22 | J4: =Параметры!J$40 -> ноя.22 | K4: =Параметры!K$40 -> дек.22 | L4: =Параметры!L$40 -> янв.23 | M4: =Параметры!M$40 -> фев.23 | N4: =Параметры!N$40 -> мар.23 | ... DV4: =Параметры!DV$40 -> июл.32 | DX4: =Language!$A$1463 -> ИТОГО
F5: Skip=1
E6: DATA | F6: Header=1;Type=1;Count=5;
A7: Дизель | D7: 1 | F7: ID=139;Type=2;Row=20
A8: =Language!A$610 -> объем продаж за период | B8: 3240 | C8: тонн | E8: qty | F8: Color=*;Sens=qty;Mode=sum | G8: =$B8*G9 -> 324 | H8: =$B8*H9 -> 972 | I8: =$B8*I9 -> 1458 | J8: =$B8*J9 -> 1782 | K8: =$B8*K9 -> 2106 | L8: =$B8*L9 -> 2430 | M8: =$B8*M9 -> 2754 | N8: =$B8*N9 -> 3013.2 | ... DV8: =$B8*DV9 -> 3564 | DX8: =SUM(G8:DW8) -> 394178.4
A9: =Language!A$591 -> коэффициент продаж периода | F9: Skip=1;Mode=avg | G9: 0.1 | H9: 0.3 | I9: 0.45 | J9: 0.55 | K9: 0.65 | L9: 0.75 | M9: 0.85 | N9: 0.93 | O9: 1.1 | P9: 1.1 | Q9: 1.1 | R9: 1.1 | S9: 1.1 | T9: 1.1 | U9: 1.1 | V9: 0.93 | W9: 0.93 | X9: 0.93 | Y9: 0.93 | Z9: 1.1 | AA9: 1.1 | AB9: 1.1 | AC9: 1.1 | AD9: 1.1 | AE9: 1.1 | AF9: 1.1 | AG9: 1.1 | AH9: 0.93 | AI9: 0.93 | AJ9: 0.93 | AK9: 0.93 | AL9: 1.1 | AM9: 1.1 | AN9: 1.1 | AO9: 1.1 | AP9: 1.1 | AQ9: 1.1 | AR9: 1.1 | AS9: 1.1 | AT9: 0.93 | AU9: 0.93 | AV9: 0.93 | AW9: 0.93 | AX9: 1.1 | AY9: 1.1 | AZ9: 1.1 | BA9: 1.1 | BB9: 1.1 | BC9: 1.1 | BD9: 1.1 | BE9: 1.1 | BF9: 0.93 | BG9: 0.93 | BH9: 0.93 | BI9: 0.93 | BJ9: 1.1 | BK9: 1.1 | BL9: 1.1 | BM9: 1.1 | BN9: 1.1 | BO9: 1.1 | BP9: 1.1 | BQ9: 1.1 | BR9: 0.93 | BS9: 0.93 | BT9: 0.93 | BU9: 0.93 | BV9: 1.1 | BW9: 1.1 | BX9: 1.1 | BY9: 1.1 | BZ9: 1.1 | CA9: 1.1 | CB9: 1.1 | CC9: 1.1 | CD9: 0.93 | CE9: 0.93 | CF9: 0.93 | CG9: 0.93 | CH9: 1.1 | CI9: 1.1 | CJ9: 1.1 | CK9: 1.1 | CL9: 1.1 | CM9: 1.1 | CN9: 1.1 | CO9: 1.1 | CP9: 0.93 | CQ9: 0.93 | CR9: 0.93 | CS9: 0.93 | CT9: 1.1 | CU9: 1.1 | CV9: 1.1 | CW9: 1.1 | CX9: 1.1 | CY9: 1.1 | CZ9: 1.1 | DA9: 1.1 | DB9: 0.93 | DC9: 0.93 | DD9: 0.93 | DE9: 0.93 | DF9: 1.1 | DG9: 1.1 | DH9: 1.1 | DI9: 1.1 | DJ9: 1.1 | DK9: 1.1 | DL9: 1.1 | DM9: 1.1 | DN9: 0.93 | DO9: 0.93 | DP9: 0.93 | DQ9: 0.93 | DR9: 1.1 | DS9: 1.1 | DT9: 1.1 | DU9: 1.1 | DV9: 1.1
A10: =Language!A$611 & C8 & Language!A$1475 -> цена за единицу (тонн), без НДС | B10: 32 | C10: =CHOOSE(D10,CurName1,CurName2,CurName3) -> тыс. руб. | D10: =D7 -> 1 | E10: price | F10: Color=*;Mode=avg | G10: =IF(G$2=1,$B10,F10)*IF($B23=1,G23,G22) -> 32 | H10: =IF(H$2=1,$B10,G10)*IF($B23=1,H23,H22) -> 32.180933 | I10: =IF(I$2=1,$B10,H10)*IF($B23=1,I23,I22) -> 32.362888 | J10: =IF(J$2=1,$B10,I10)*IF($B23=1,J23,J22) -> 32.545873 | K10: =IF(K$2=1,$B10,J10)*IF($B23=1,K23,K22) -> 32.729892 | L10: =IF(L$2=1,$B10,K10)*IF($B23=1,L23,L22) -> 32.914951 | M10: =IF(M$2=1,$B10,L10)*IF($B23=1,M23,M22) -> 33.101057 | N10: =IF(N$2=1,$B10,M10)*IF($B23=1,N23,N22) -> 33.288216 | ... DV10: =IF(DV$2=1,$B10,DU10)*IF($B23=1,DV23,DV22) -> 62.594923
A11: =Language!A$612 -> выручка от реализации, без НДС | C11: =CHOOSE(D11,CurName1,CurName2,CurName3) -> тыс. руб. | D11: =D7 -> 1 | E11: income | F11: Sens=price;Mode=sum | G11: =G8*G10 -> 10368 | H11: =H8*H10 -> 31279.867 | I11: =I8*I10 -> 47185.091 | J11: =J8*J10 -> 57996.745 | K11: =K8*K10 -> 68929.152 | L11: =L8*L10 -> 79983.332 | M11: =M8*M10 -> 91160.312 | N11: =N8*N10 -> 100304.05 | ... DV11: =DV8*DV10 -> 223088.3 | DX11: =SUM(G11:DW11) -> 18137841
A12: =Language!A$594 -> выручка от реализации, с НДС | C12: =CHOOSE(D12,CurName1,CurName2,CurName3) -> тыс. руб. | D12: =D7 -> 1 | F12: Mode=sum | G12: =G11+G24+G25 -> 12441.6 | H12: =H11+H24+H25 -> 37535.84 | I12: =I11+I24+I25 -> 56622.109 | J12: =J11+J24+J25 -> 69596.094 | K12: =K11+K24+K25 -> 82714.983 | L12: =L11+L24+L25 -> 95979.998 | M12: =M11+M24+M25 -> 109392.37 | N12: =N11+N24+N25 -> 120364.86 | ... DV12: =DV11+DV24+DV25 -> 267705.97 | DX12: =SUM(G12:DW12) -> 21765409
A13: =Language!A$613 -> дебиторская задолженность | C13: =CHOOSE(D13,CurName1,CurName2,CurName3) -> тыс. руб. | D13: =D7 -> 1 | E13: receivable | F13: Skip=1;Color=*;Mode=end | G13: =IF(AND($B14=0,G$2>1),F13,(G11+G24+G25)*$B14/Параметры!G$36) -> 0 | H13: =IF(AND($B14=0,H$2>1),G13,(H11+H24+H25)*$B14/Параметры!H$36) -> 0 | I13: =IF(AND($B14=0,I$2>1),H13,(I11+I24+I25)*$B14/Параметры!I$36) -> 0 | J13: =IF(AND($B14=0,J$2>1),I13,(J11+J24+J25)*$B14/Параметры!J$36) -> 0 | K13: =IF(AND($B14=0,K$2>1),J13,(K11+K24+K25)*$B14/Параметры!K$36) -> 0 | L13: =IF(AND($B14=0,L$2>1),K13,(L11+L24+L25)*$B14/Параметры!L$36) -> 0 | M13: =IF(AND($B14=0,M$2>1),L13,(M11+M24+M25)*$B14/Параметры!M$36) -> 0 | N13: =IF(AND($B14=0,N$2>1),M13,(N11+N24+N25)*$B14/Параметры!N$36) -> 0 | ... DV13: =IF(AND($B14=0,DV$2>1),DU13,(DV11+DV24+DV25)*$B14/Параметры!DV$36) -> 0
A14: =Language!A$614 -> средний период отсрочки платежа | B14: =$B$505 -> 0 | C14: =Language!$A$1464 -> дней | F14: Skip=1;Color=b
A15: =Language!A$615 -> авансы полученные | C15: =CHOOSE(D15,CurName1,CurName2,CurName3) -> тыс. руб. | D15: =D7 -> 1 | E15: advance | F15: Skip=1;Color=*;Mode=end | G15: =IF(OR(AND($B16=0,G$2>1),G$2=Prj_Len),F15,(OFFSET(G11,0,1)+OFFSET(G24,0,1)+OFFSET(G25,0,1))*$B16/Параметры!G$36) -> 0 | H15: =IF(OR(AND($B16=0,H$2>1),H$2=Prj_Len),G15,(OFFSET(H11,0,1)+OFFSET(H24,0,1)+OFFSET(H25,0,1))*$B16/Параметры!H$36) -> 0 | I15: =IF(OR(AND($B16=0,I$2>1),I$2=Prj_Len),H15,(OFFSET(I11,0,1)+OFFSET(I24,0,1)+OFFSET(I25,0,1))*$B16/Параметры!I$36) -> 0 | J15: =IF(OR(AND($B16=0,J$2>1),J$2=Prj_Len),I15,(OFFSET(J11,0,1)+OFFSET(J24,0,1)+OFFSET(J25,0,1))*$B16/Параметры!J$36) -> 0 | K15: =IF(OR(AND($B16=0,K$2>1),K$2=Prj_Len),J15,(OFFSET(K11,0,1)+OFFSET(K24,0,1)+OFFSET(K25,0,1))*$B16/Параметры!K$36) -> 0 | L15: =IF(OR(AND($B16=0,L$2>1),L$2=Prj_Len),K15,(OFFSET(L11,0,1)+OFFSET(L24,0,1)+OFFSET(L25,0,1))*$B16/Параметры!L$36) -> 0 | M15: =IF(OR(AND($B16=0,M$2>1),M$2=Prj_Len),L15,(OFFSET(M11,0,1)+OFFSET(M24,0,1)+OFFSET(M25,0,1))*$B16/Параметры!M$36) -> 0 | N15: =IF(OR(AND($B16=0,N$2>1),N$2=Prj_Len),M15,(OFFSET(N11,0,1)+OFFSET(N24,0,1)+OFFSET(N25,0,1))*$B16/Параметры!N$36) -> 0 | ... DV15: =IF(OR(AND($B16=0,DV$2>1),DV$2=Prj_Len),DU15,(OFFSET(DV11,0,1)+OFFSET(DV24,0,1)+OFFSET(DV25,0,1))*$B16/Параметры!DV$36) -> 0
A16: =Language!A$616 -> средний период предоплаты | B16: =$B$511 -> 0 | C16: =Language!$A$1464 -> дней | F16: Skip=1;Color=b
A17: =Language!A$617 -> поступление денежных средств, с НДС | C17: =CHOOSE(D17,CurName1,CurName2,CurName3) -> тыс. руб. | D17: =D7 -> 1 | E17: cash | F17: Skip=1;Mode=sum | G17: =G11+G24+G25-IF(G$2=1,G13,G13-F13)+IF(G$2=1,G15,G15-F15) -> 12441.6 | H17: =H11+H24+H25-IF(H$2=1,H13,H13-G13)+IF(H$2=1,H15,H15-G15) -> 37535.84 | I17: =I11+I24+I25-IF(I$2=1,I13,I13-H13)+IF(I$2=1,I15,I15-H15) -> 56622.109 | J17: =J11+J24+J25-IF(J$2=1,J13,J13-I13)+IF(J$2=1,J15,J15-I15) -> 69596.094 | K17: =K11+K24+K25-IF(K$2=1,K13,K13-J13)+IF(K$2=1,K15,K15-J15) -> 82714.983 | L17: =L11+L24+L25-IF(L$2=1,L13,L13-K13)+IF(L$2=1,L15,L15-K15) -> 95979.998 | M17: =M11+M24+M25-IF(M$2=1,M13,M13-L13)+IF(M$2=1,M15,M15-L15) -> 109392.37 | N17: =N11+N24+N25-IF(N$2=1,N13,N13-M13)+IF(N$2=1,N15,N15-M15) -> 120364.86 | ... DV17: =DV11+DV24+DV25-IF(DV$2=1,DV13,DV13-DU13)+IF(DV$2=1,DV15,DV15-DU15) -> 267705.97 | DX17: =SUM(G17:DW17) -> 21765409
A18: =Language!A$618 -> темп изменения цен | C18: =Language!$A$484 -> % в год | F18: Skip=1;Color=*;Mode=avg | G18: =CHOOSE($D7,Параметры!G$53,Параметры!G$62,Параметры!G$68) -> 0.07 | H18: =CHOOSE($D7,Параметры!H$53,Параметры!H$62,Параметры!H$68) -> 0.07 | I18: =CHOOSE($D7,Параметры!I$53,Параметры!I$62,Параметры!I$68) -> 0.07 | J18: =CHOOSE($D7,Параметры!J$53,Параметры!J$62,Параметры!J$68) -> 0.07 | K18: =CHOOSE($D7,Параметры!K$53,Параметры!K$62,Параметры!K$68) -> 0.07 | L18: =CHOOSE($D7,Параметры!L$53,Параметры!L$62,Параметры!L$68) -> 0.07 | M18: =CHOOSE($D7,Параметры!M$53,Параметры!M$62,Параметры!M$68) -> 0.07 | N18: =CHOOSE($D7,Параметры!N$53,Параметры!N$62,Параметры!N$68) -> 0.07 | ... DV18: =CHOOSE($D7,Параметры!DV$53,Параметры!DV$62,Параметры!DV$68) -> 0.07
A19: =Language!A$619 -> ставка НДС | C19: % | F19: Skip=1;Color=*;Mode=avg | G19: =IF(G$2=1,Параметры!G$78,IF(F19=Параметры!F$78,Параметры!F$78,F19)) -> 0.2 | H19: =IF(H$2=1,Параметры!H$78,IF(G19=Параметры!G$78,Параметры!G$78,G19)) -> 0.2 | I19: =IF(I$2=1,Параметры!I$78,IF(H19=Параметры!H$78,Параметры!H$78,H19)) -> 0.2 | J19: =IF(J$2=1,Параметры!J$78,IF(I19=Параметры!I$78,Параметры!I$78,I19)) -> 0.2 | K19: =IF(K$2=1,Параметры!K$78,IF(J19=Параметры!J$78,Параметры!J$78,J19)) -> 0.2 | L19: =IF(L$2=1,Параметры!L$78,IF(K19=Параметры!K$78,Параметры!K$78,K19)) -> 0.2 | M19: =IF(M$2=1,Параметры!M$78,IF(L19=Параметры!L$78,Параметры!L$78,L19)) -> 0.2 | N19: =IF(N$2=1,Параметры!N$78,IF(M19=Параметры!M$78,Параметры!M$78,M19)) -> 0.2 | ... DV19: =IF(DV$2=1,Параметры!DV$78,IF(DU19=Параметры!DU$78,Параметры!DU$78,DU19)) -> 0.2
A20: =Language!A$620 -> акцизы, на единицу | C20: =CHOOSE(D20,CurName1,CurName2,CurName3)&"/"&C8 -> тыс. руб./тонн | D20: =D7 -> 1 | F20: Skip=1;Color=*;Mode=avg | G20: 0 | H20: =G20 -> 0 | I20: =H20 -> 0 | J20: =I20 -> 0 | K20: =J20 -> 0 | L20: =K20 -> 0 | M20: =L20 -> 0 | N20: =M20 -> 0 | O20: =N20 -> 0 | ... DV20: =DU20 -> 0
A21: =Language!A$621 -> ставка акцизов, в процентах | C21: % | F21: Skip=1;Color=*;Mode=avg | G21: 0 | H21: =G21 -> 0 | I21: =H21 -> 0 | J21: =I21 -> 0 | K21: =J21 -> 0 | L21: =K21 -> 0 | M21: =L21 -> 0 | N21: =M21 -> 0 | O21: =N21 -> 0 | ... DV21: =DU21 -> 0
A22: =Language!A$622 -> коэффициент прироста цен к предыдущему периоду | C22: =Language!$A$1467 -> раз | F22: Skip=1;Mode=avg | G22: =IF(G$2=1,1,IF(Prj_Inflation=1,POWER(1+OFFSET(G18,0,-1),Параметры!G$36/360),1)) -> 1 | H22: =IF(H$2=1,1,IF(Prj_Inflation=1,POWER(1+OFFSET(H18,0,-1),Параметры!H$36/360),1)) -> 1.0056541 | I22: =IF(I$2=1,1,IF(Prj_Inflation=1,POWER(1+OFFSET(I18,0,-1),Параметры!I$36/360),1)) -> 1.0056541 | J22: =IF(J$2=1,1,IF(Prj_Inflation=1,POWER(1+OFFSET(J18,0,-1),Параметры!J$36/360),1)) -> 1.0056541 | K22: =IF(K$2=1,1,IF(Prj_Inflation=1,POWER(1+OFFSET(K18,0,-1),Параметры!K$36/360),1)) -> 1.0056541 | L22: =IF(L$2=1,1,IF(Prj_Inflation=1,POWER(1+OFFSET(L18,0,-1),Параметры!L$36/360),1)) -> 1.0056541 | M22: =IF(M$2=1,1,IF(Prj_Inflation=1,POWER(1+OFFSET(M18,0,-1),Параметры!M$36/360),1)) -> 1.0056541 | N22: =IF(N$2=1,1,IF(Prj_Inflation=1,POWER(1+OFFSET(N18,0,-1),Параметры!N$36/360),1)) -> 1.0056541 | ... DV22: =IF(DV$2=1,1,IF(Prj_Inflation=1,POWER(1+OFFSET(DV18,0,-1),Параметры!DV$36/360),1)) -> 1.0056541
A23: =Language!A$1476 -> индексировать в начале года | B23: 0 | C23: =IF(B23=1,Language!$A$1465,Language!$A$1466) -> Нет | F23: Skip=1;Color=b;Mode=avg | G23: =IF(Prj_Inflation=1,IF($B23=1,IF(G$2=1,1,IF(Параметры!G$35=1,1+OFFSET(G18,0,-1),1)),"-"),1) -> - | H23: =IF(Prj_Inflation=1,IF($B23=1,IF(H$2=1,1,IF(Параметры!H$35=1,1+OFFSET(H18,0,-1),1)),"-"),1) -> - | I23: =IF(Prj_Inflation=1,IF($B23=1,IF(I$2=1,1,IF(Параметры!I$35=1,1+OFFSET(I18,0,-1),1)),"-"),1) -> - | J23: =IF(Prj_Inflation=1,IF($B23=1,IF(J$2=1,1,IF(Параметры!J$35=1,1+OFFSET(J18,0,-1),1)),"-"),1) -> - | K23: =IF(Prj_Inflation=1,IF($B23=1,IF(K$2=1,1,IF(Параметры!K$35=1,1+OFFSET(K18,0,-1),1)),"-"),1) -> - | L23: =IF(Prj_Inflation=1,IF($B23=1,IF(L$2=1,1,IF(Параметры!L$35=1,1+OFFSET(L18,0,-1),1)),"-"),1) -> - | M23: =IF(Prj_Inflation=1,IF($B23=1,IF(M$2=1,1,IF(Параметры!M$35=1,1+OFFSET(M18,0,-1),1)),"-"),1) -> - | N23: =IF(Prj_Inflation=1,IF($B23=1,IF(N$2=1,1,IF(Параметры!N$35=1,1+OFFSET(N18,0,-1),1)),"-"),1) -> - | ... DV23: =IF(Prj_Inflation=1,IF($B23=1,IF(DV$2=1,1,IF(Параметры!DV$35=1,1+OFFSET(DV18,0,-1),1)),"-"),1) -> -
A24: =Language!A$623 -> акцизы начисленные | C24: =CHOOSE(D24,CurName1,CurName2,CurName3) -> тыс. руб. | D24: =D7 -> 1 | E24: excise | F24: Skip=1;Mode=sum | G24: =G11*G21+G8*G20 -> 0 | H24: =H11*H21+H8*H20 -> 0 | I24: =I11*I21+I8*I20 -> 0 | J24: =J11*J21+J8*J20 -> 0 | K24: =K11*K21+K8*K20 -> 0 | L24: =L11*L21+L8*L20 -> 0 | M24: =M11*M21+M8*M20 -> 0 | N24: =N11*N21+N8*N20 -> 0 | ... DV24: =DV11*DV21+DV8*DV20 -> 0 | DX24: =SUM(G24:DW24) -> 0
A25: =Language!A$624 -> НДС начисленный | C25: =CHOOSE(D25,CurName1,CurName2,CurName3) -> тыс. руб. | D25: =D7 -> 1 | E25: vat | F25: Skip=1;Mode=sum | G25: =(G11+G24)*G19 -> 2073.6 | H25: =(H11+H24)*H19 -> 6255.9733 | I25: =(I11+I24)*I19 -> 9437.0182 | J25: =(J11+J24)*J19 -> 11599.349 | K25: =(K11+K24)*K19 -> 13785.83 | L25: =(L11+L24)*L19 -> 15996.666 | M25: =(M11+M24)*M19 -> 18232.062 | N25: =(N11+N24)*N19 -> 20060.81 | ... DV25: =(DV11+DV24)*DV19 -> 44617.661 | DX25: =SUM(G25:DW25) -> 3627568.2
A26: =Language!A$625 -> НДС полученный с авансов | C26: =CHOOSE(D26,CurName1,CurName2,CurName3) -> тыс. руб. | D26: =D7 -> 1 | E26: taxadv | F26: Skip=1;Mode=sum | G26: =G15*G19/(1+G19) -> 0 | H26: =H15*H19/(1+H19) -> 0 | I26: =I15*I19/(1+I19) -> 0 | J26: =J15*J19/(1+J19) -> 0 | K26: =K15*K19/(1+K19) -> 0 | L26: =L15*L19/(1+L19) -> 0 | M26: =M15*M19/(1+M19) -> 0 | N26: =N15*N19/(1+N19) -> 0 | ... DV26: =DV15*DV19/(1+DV19) -> 0 | DX26: =SUM(G26:DW26) -> 0
A27: Мазут | D27: 1 | F27: ID=140;Type=2;Row=20
A28: =Language!A$610 -> объем продаж за период | B28: 1620 | C28: =C8 -> тонн | E28: qty | F28: Color=*;Sens=qty;Mode=sum | G28: =$B28*G29 -> 162 | H28: =$B28*H29 -> 486 | I28: =$B28*I29 -> 729 | J28: =$B28*J29 -> 891 | K28: =$B28*K29 -> 1053 | L28: =$B28*L29 -> 1215 | M28: =$B28*M29 -> 1377 | N28: =$B28*N29 -> 1506.6 | ... DV28: =$B28*DV29 -> 1782 | DX28: =SUM(G28:DW28) -> 197089.2
A29: =Language!A$591 -> коэффициент продаж периода | F29: Skip=1;Mode=avg | G29: =G9 -> 0.1 | H29: =H9 -> 0.3 | I29: =I9 -> 0.45 | J29: =J9 -> 0.55 | K29: =K9 -> 0.65 | L29: =L9 -> 0.75 | M29: =M9 -> 0.85 | N29: =N9 -> 0.93 | ... DV29: =DV9 -> 1.1
A30: =Language!A$611 & C28 & Language!A$1475 -> цена за единицу (тонн), без НДС | B30: 32 | C30: =CHOOSE(D30,CurName1,CurName2,CurName3) -> тыс. руб. | D30: =D27 -> 1 | E30: price | F30: Color=*;Mode=avg | G30: =IF(G$2=1,$B30,F30)*IF($B43=1,G43,G42) -> 32 | H30: =IF(H$2=1,$B30,G30)*IF($B43=1,H43,H42) -> 32.180933 | I30: =IF(I$2=1,$B30,H30)*IF($B43=1,I43,I42) -> 32.362888 | J30: =IF(J$2=1,$B30,I30)*IF($B43=1,J43,J42) -> 32.545873 | K30: =IF(K$2=1,$B30,J30)*IF($B43=1,K43,K42) -> 32.729892 | L30: =IF(L$2=1,$B30,K30)*IF($B43=1,L43,L42) -> 32.914951 | M30: =IF(M$2=1,$B30,L30)*IF($B43=1,M43,M42) -> 33.101057 | N30: =IF(N$2=1,$B30,M30)*IF($B43=1,N43,N42) -> 33.288216 | ... DV30: =IF(DV$2=1,$B30,DU30)*IF($B43=1,DV43,DV42) -> 62.594923
A31: =Language!A$612 -> выручка от реализации, без НДС | C31: =CHOOSE(D31,CurName1,CurName2,CurName3) -> тыс. руб. | D31: =D27 -> 1 | E31: income | F31: Sens=price;Mode=sum | G31: =G28*G30 -> 5184 | H31: =H28*H30 -> 15639.933 | I31: =I28*I30 -> 23592.546 | J31: =J28*J30 -> 28998.373 | K31: =K28*K30 -> 34464.576 | L31: =L28*L30 -> 39991.666 | M31: =M28*M30 -> 45580.156 | N31: =N28*N30 -> 50152.026 | ... DV31: =DV28*DV30 -> 111544.15 | DX31: =SUM(G31:DW31) -> 9068920.6
A32: =Language!A$594 -> выручка от реализации, с НДС | C32: =CHOOSE(D32,CurName1,CurName2,CurName3) -> тыс. руб. | D32: =D27 -> 1 | F32: Mode=sum | G32: =G31+G44+G45 -> 6220.8 | H32: =H31+H44+H45 -> 18767.92 | I32: =I31+I44+I45 -> 28311.055 | J32: =J31+J44+J45 -> 34798.047 | K32: =K31+K44+K45 -> 41357.491 | L32: =L31+L44+L45 -> 47989.999 | M32: =M31+M44+M45 -> 54696.187 | N32: =N31+N44+N45 -> 60182.431 | ... DV32: =DV31+DV44+DV45 -> 133852.98 | DX32: =SUM(G32:DW32) -> 10882705
A33: =Language!A$613 -> дебиторская задолженность | C33: =CHOOSE(D33,CurName1,CurName2,CurName3) -> тыс. руб. | D33: =D27 -> 1 | E33: receivable | F33: Skip=1;Color=*;Mode=end | G33: =IF(AND($B34=0,G$2>1),F33,(G31+G44+G45)*$B34/Параметры!G$36) -> 0 | H33: =IF(AND($B34=0,H$2>1),G33,(H31+H44+H45)*$B34/Параметры!H$36) -> 0 | I33: =IF(AND($B34=0,I$2>1),H33,(I31+I44+I45)*$B34/Параметры!I$36) -> 0 | J33: =IF(AND($B34=0,J$2>1),I33,(J31+J44+J45)*$B34/Параметры!J$36) -> 0 | K33: =IF(AND($B34=0,K$2>1),J33,(K31+K44+K45)*$B34/Параметры!K$36) -> 0 | L33: =IF(AND($B34=0,L$2>1),K33,(L31+L44+L45)*$B34/Параметры!L$36) -> 0 | M33: =IF(AND($B34=0,M$2>1),L33,(M31+M44+M45)*$B34/Параметры!M$36) -> 0 | N33: =IF(AND($B34=0,N$2>1),M33,(N31+N44+N45)*$B34/Параметры!N$36) -> 0 | ... DV33: =IF(AND($B34=0,DV$2>1),DU33,(DV31+DV44+DV45)*$B34/Параметры!DV$36) -> 0
A34: =Language!A$614 -> средний период отсрочки платежа | B34: =$B$505 -> 0 | C34: =Language!$A$1464 -> дней | F34: Skip=1;Color=b
A35: =Language!A$615 -> авансы полученные | C35: =CHOOSE(D35,CurName1,CurName2,CurName3) -> тыс. руб. | D35: =D27 -> 1 | E35: advance | F35: Skip=1;Color=*;Mode=end | G35: =IF(OR(AND($B36=0,G$2>1),G$2=Prj_Len),F35,(OFFSET(G31,0,1)+OFFSET(G44,0,1)+OFFSET(G45,0,1))*$B36/Параметры!G$36) -> 0 | H35: =IF(OR(AND($B36=0,H$2>1),H$2=Prj_Len),G35,(OFFSET(H31,0,1)+OFFSET(H44,0,1)+OFFSET(H45,0,1))*$B36/Параметры!H$36) -> 0 | I35: =IF(OR(AND($B36=0,I$2>1),I$2=Prj_Len),H35,(OFFSET(I31,0,1)+OFFSET(I44,0,1)+OFFSET(I45,0,1))*$B36/Параметры!I$36) -> 0 | J35: =IF(OR(AND($B36=0,J$2>1),J$2=Prj_Len),I35,(OFFSET(J31,0,1)+OFFSET(J44,0,1)+OFFSET(J45,0,1))*$B36/Параметры!J$36) -> 0 | K35: =IF(OR(AND($B36=0,K$2>1),K$2=Prj_Len),J35,(OFFSET(K31,0,1)+OFFSET(K44,0,1)+OFFSET(K45,0,1))*$B36/Параметры!K$36) -> 0 | L35: =IF(OR(AND($B36=0,L$2>1),L$2=Prj_Len),K35,(OFFSET(L31,0,1)+OFFSET(L44,0,1)+OFFSET(L45,0,1))*$B36/Параметры!L$36) -> 0 | M35: =IF(OR(AND($B36=0,M$2>1),M$2=Prj_Len),L35,(OFFSET(M31,0,1)+OFFSET(M44,0,1)+OFFSET(M45,0,1))*$B36/Параметры!M$36) -> 0 | N35: =IF(OR(AND($B36=0,N$2>1),N$2=Prj_Len),M35,(OFFSET(N31,0,1)+OFFSET(N44,0,1)+OFFSET(N45,0,1))*$B36/Параметры!N$36) -> 0 | ... DV35: =IF(OR(AND($B36=0,DV$2>1),DV$2=Prj_Len),DU35,(OFFSET(DV31,0,1)+OFFSET(DV44,0,1)+OFFSET(DV45,0,1))*$B36/Параметры!DV$36) -> 0
A36: =Language!A$616 -> средний период предоплаты | B36: =$B$511 -> 0 | C36: =Language!$A$1464 -> дней | F36: Skip=1;Color=b
A37: =Language!A$617 -> поступление денежных средств, с НДС | C37: =CHOOSE(D37,CurName1,CurName2,CurName3) -> тыс. руб. | D37: =D27 -> 1 | E37: cash | F37: Skip=1;Mode=sum | G37: =G31+G44+G45-IF(G$2=1,G33,G33-F33)+IF(G$2=1,G35,G35-F35) -> 6220.8 | H37: =H31+H44+H45-IF(H$2=1,H33,H33-G33)+IF(H$2=1,H35,H35-G35) -> 18767.92 | I37: =I31+I44+I45-IF(I$2=1,I33,I33-H33)+IF(I$2=1,I35,I35-H35) -> 28311.055 | J37: =J31+J44+J45-IF(J$2=1,J33,J33-I33)+IF(J$2=1,J35,J35-I35) -> 34798.047 | K37: =K31+K44+K45-IF(K$2=1,K33,K33-J33)+IF(K$2=1,K35,K35-J35) -> 41357.491 | L37: =L31+L44+L45-IF(L$2=1,L33,L33-K33)+IF(L$2=1,L35,L35-K35) -> 47989.999 | M37: =M31+M44+M45-IF(M$2=1,M33,M33-L33)+IF(M$2=1,M35,M35-L35) -> 54696.187 | N37: =N31+N44+N45-IF(N$2=1,N33,N33-M33)+IF(N$2=1,N35,N35-M35) -> 60182.431 | ... DV37: =DV31+DV44+DV45-IF(DV$2=1,DV33,DV33-DU33)+IF(DV$2=1,DV35,DV35-DU35) -> 133852.98 | DX37: =SUM(G37:DW37) -> 10882705
A38: =Language!A$618 -> темп изменения цен | C38: =Language!$A$484 -> % в год | F38: Skip=1;Color=*;Mode=avg | G38: =CHOOSE($D27,Параметры!G$53,Параметры!G$62,Параметры!G$68) -> 0.07 | H38: =CHOOSE($D27,Параметры!H$53,Параметры!H$62,Параметры!H$68) -> 0.07 | I38: =CHOOSE($D27,Параметры!I$53,Параметры!I$62,Параметры!I$68) -> 0.07 | J38: =CHOOSE($D27,Параметры!J$53,Параметры!J$62,Параметры!J$68) -> 0.07 | K38: =CHOOSE($D27,Параметры!K$53,Параметры!K$62,Параметры!K$68) -> 0.07 | L38: =CHOOSE($D27,Параметры!L$53,Параметры!L$62,Параметры!L$68) -> 0.07 | M38: =CHOOSE($D27,Параметры!M$53,Параметры!M$62,Параметры!M$68) -> 0.07 | N38: =CHOOSE($D27,Параметры!N$53,Параметры!N$62,Параметры!N$68) -> 0.07 | ... DV38: =CHOOSE($D27,Параметры!DV$53,Параметры!DV$62,Параметры!DV$68) -> 0.07
A39: =Language!A$619 -> ставка НДС | C39: % | F39: Skip=1;Color=*;Mode=avg | G39: =IF(G$2=1,Параметры!G$78,IF(F39=Параметры!F$78,Параметры!F$78,F39)) -> 0.2 | H39: =IF(H$2=1,Параметры!H$78,IF(G39=Параметры!G$78,Параметры!G$78,G39)) -> 0.2 | I39: =IF(I$2=1,Параметры!I$78,IF(H39=Параметры!H$78,Параметры!H$78,H39)) -> 0.2 | J39: =IF(J$2=1,Параметры!J$78,IF(I39=Параметры!I$78,Параметры!I$78,I39)) -> 0.2 | K39: =IF(K$2=1,Параметры!K$78,IF(J39=Параметры!J$78,Параметры!J$78,J39)) -> 0.2 | L39: =IF(L$2=1,Параметры!L$78,IF(K39=Параметры!K$78,Параметры!K$78,K39)) -> 0.2 | M39: =IF(M$2=1,Параметры!M$78,IF(L39=Параметры!L$78,Параметры!L$78,L39)) -> 0.2 | N39: =IF(N$2=1,Параметры!N$78,IF(M39=Параметры!M$78,Параметры!M$78,M39)) -> 0.2 | ... DV39: =IF(DV$2=1,Параметры!DV$78,IF(DU39=Параметры!DU$78,Параметры!DU$78,DU39)) -> 0.2
A40: =Language!A$620 -> акцизы, на единицу | C40: =CHOOSE(D40,CurName1,CurName2,CurName3)&"/"&C28 -> тыс. руб./тонн | D40: =D27 -> 1 | F40: Skip=1;Color=*;Mode=avg | G40: 0 | H40: =G40 -> 0 | I40: =H40 -> 0 | J40: =I40 -> 0 | K40: =J40 -> 0 | L40: =K40 -> 0 | M40: =L40 -> 0 | N40: =M40 -> 0 | O40: =N40 -> 0 | ... DV40: =DU40 -> 0
A41: =Language!A$621 -> ставка акцизов, в процентах | C41: % | F41: Skip=1;Color=*;Mode=avg | G41: 0 | H41: =G41 -> 0 | I41: =H41 -> 0 | J41: =I41 -> 0 | K41: =J41 -> 0 | L41: =K41 -> 0 | M41: =L41 -> 0 | N41: =M41 -> 0 | O41: =N41 -> 0 | ... DV41: =DU41 -> 0
A42: =Language!A$622 -> коэффициент прироста цен к предыдущему периоду | C42: =Language!$A$1467 -> раз | F42: Skip=1;Mode=avg | G42: =IF(G$2=1,1,IF(Prj_Inflation=1,POWER(1+OFFSET(G38,0,-1),Параметры!G$36/360),1)) -> 1 | H42: =IF(H$2=1,1,IF(Prj_Inflation=1,POWER(1+OFFSET(H38,0,-1),Параметры!H$36/360),1)) -> 1.0056541 | I42: =IF(I$2=1,1,IF(Prj_Inflation=1,POWER(1+OFFSET(I38,0,-1),Параметры!I$36/360),1)) -> 1.0056541 | J42: =IF(J$2=1,1,IF(Prj_Inflation=1,POWER(1+OFFSET(J38,0,-1),Параметры!J$36/360),1)) -> 1.0056541 | K42: =IF(K$2=1,1,IF(Prj_Inflation=1,POWER(1+OFFSET(K38,0,-1),Параметры!K$36/360),1)) -> 1.0056541 | L42: =IF(L$2=1,1,IF(Prj_Inflation=1,POWER(1+OFFSET(L38,0,-1),Параметры!L$36/360),1)) -> 1.0056541 | M42: =IF(M$2=1,1,IF(Prj_Inflation=1,POWER(1+OFFSET(M38,0,-1),Параметры!M$36/360),1)) -> 1.0056541 | N42: =IF(N$2=1,1,IF(Prj_Inflation=1,POWER(1+OFFSET(N38,0,-1),Параметры!N$36/360),1)) -> 1.0056541 | ... DV42: =IF(DV$2=1,1,IF(Prj_Inflation=1,POWER(1+OFFSET(DV38,0,-1),Параметры!DV$36/360),1)) -> 1.0056541
A43: =Language!A$1476 -> индексировать в начале года | B43: 0 | C43: =IF(B43=1,Language!$A$1465,Language!$A$1466) -> Нет | F43: Skip=1;Color=b;Mode=avg | G43: =IF(Prj_Inflation=1,IF($B43=1,IF(G$2=1,1,IF(Параметры!G$35=1,1+OFFSET(G38,0,-1),1)),"-"),1) -> - | H43: =IF(Prj_Inflation=1,IF($B43=1,IF(H$2=1,1,IF(Параметры!H$35=1,1+OFFSET(H38,0,-1),1)),"-"),1) -> - | I43: =IF(Prj_Inflation=1,IF($B43=1,IF(I$2=1,1,IF(Параметры!I$35=1,1+OFFSET(I38,0,-1),1)),"-"),1) -> - | J43: =IF(Prj_Inflation=1,IF($B43=1,IF(J$2=1,1,IF(Параметры!J$35=1,1+OFFSET(J38,0,-1),1)),"-"),1) -> - | K43: =IF(Prj_Inflation=1,IF($B43=1,IF(K$2=1,1,IF(Параметры!K$35=1,1+OFFSET(K38,0,-1),1)),"-"),1) -> - | L43: =IF(Prj_Inflation=1,IF($B43=1,IF(L$2=1,1,IF(Параметры!L$35=1,1+OFFSET(L38,0,-1),1)),"-"),1) -> - | M43: =IF(Prj_Inflation=1,IF($B43=1,IF(M$2=1,1,IF(Параметры!M$35=1,1+OFFSET(M38,0,-1),1)),"-"),1) -> - | N43: =IF(Prj_Inflation=1,IF($B43=1,IF(N$2=1,1,IF(Параметры!N$35=1,1+OFFSET(N38,0,-1),1)),"-"),1) -> - | ... DV43: =IF(Prj_Inflation=1,IF($B43=1,IF(DV$2=1,1,IF(Параметры!DV$35=1,1+OFFSET(DV38,0,-1),1)),"-"),1) -> -
A44: =Language!A$623 -> акцизы начисленные | C44: =CHOOSE(D44,CurName1,CurName2,CurName3) -> тыс. руб. | D44: =D27 -> 1 | E44: excise | F44: Skip=1;Mode=sum | G44: =G31*G41+G28*G40 -> 0 | H44: =H31*H41+H28*H40 -> 0 | I44: =I31*I41+I28*I40 -> 0 | J44: =J31*J41+J28*J40 -> 0 | K44: =K31*K41+K28*K40 -> 0 | L44: =L31*L41+L28*L40 -> 0 | M44: =M31*M41+M28*M40 -> 0 | N44: =N31*N41+N28*N40 -> 0 | ... DV44: =DV31*DV41+DV28*DV40 -> 0 | DX44: =SUM(G44:DW44) -> 0
A45: =Language!A$624 -> НДС начисленный | C45: =CHOOSE(D45,CurName1,CurName2,CurName3) -> тыс. руб. | D45: =D27 -> 1 | E45: vat | F45: Skip=1;Mode=sum | G45: =(G31+G44)*G39 -> 1036.8 | H45: =(H31+H44)*H39 -> 3127.9867 | I45: =(I31+I44)*I39 -> 4718.5091 | J45: =(J31+J44)*J39 -> 5799.6745 | K45: =(K31+K44)*K39 -> 6892.9152 | L45: =(L31+L44)*L39 -> 7998.3332 | M45: =(M31+M44)*M39 -> 9116.0312 | N45: =(N31+N44)*N39 -> 10030.405 | ... DV45: =(DV31+DV44)*DV39 -> 22308.83 | DX45: =SUM(G45:DW45) -> 1813784.1
A46: =Language!A$625 -> НДС полученный с авансов | C46: =CHOOSE(D46,CurName1,CurName2,CurName3) -> тыс. руб. | D46: =D27 -> 1 | E46: taxadv | F46: Skip=1;Mode=sum | G46: =G35*G39/(1+G39) -> 0 | H46: =H35*H39/(1+H39) -> 0 | I46: =I35*I39/(1+I39) -> 0 | J46: =J35*J39/(1+J39) -> 0 | K46: =K35*K39/(1+K39) -> 0 | L46: =L35*L39/(1+L39) -> 0 | M46: =M35*M39/(1+M39) -> 0 | N46: =N35*N39/(1+N39) -> 0 | ... DV46: =DV35*DV39/(1+DV39) -> 0 | DX46: =SUM(G46:DW46) -> 0
A47: Бензин | D47: 1 | F47: ID=141;Type=2;Row=20
A48: =Language!A$610 -> объем продаж за период | B48: 540 | C48: =C28 -> тонн | E48: qty | F48: Color=*;Sens=qty;Mode=sum | G48: =$B48*G49 -> 54 | H48: =$B48*H49 -> 162 | I48: =$B48*I49 -> 243 | J48: =$B48*J49 -> 297 | K48: =$B48*K49 -> 351 | L48: =$B48*L49 -> 405 | M48: =$B48*M49 -> 459 | N48: =$B48*N49 -> 502.2 | ... DV48: =$B48*DV49 -> 594 | DX48: =SUM(G48:DW48) -> 65696.4
A49: =Language!A$591 -> коэффициент продаж периода | F49: Skip=1;Mode=avg | G49: =G9 -> 0.1 | H49: =H9 -> 0.3 | I49: =I9 -> 0.45 | J49: =J9 -> 0.55 | K49: =K9 -> 0.65 | L49: =L9 -> 0.75 | M49: =M9 -> 0.85 | N49: =N9 -> 0.93 | ... DV49: =DV9 -> 1.1
A50: =Language!A$611 & C48 & Language!A$1475 -> цена за единицу (тонн), без НДС | B50: 29 | C50: =CHOOSE(D50,CurName1,CurName2,CurName3) -> тыс. руб. | D50: =D47 -> 1 | E50: price | F50: Color=*;Mode=avg | G50: =IF(G$2=1,$B50,F50)*IF($B63=1,G63,G62) -> 29 | H50: =IF(H$2=1,$B50,G50)*IF($B63=1,H63,H62) -> 29.16397 | I50: =IF(I$2=1,$B50,H50)*IF($B63=1,I63,I62) -> 29.328868 | J50: =IF(J$2=1,$B50,I50)*IF($B63=1,J63,J62) -> 29.494697 | K50: =IF(K$2=1,$B50,J50)*IF($B63=1,K63,K62) -> 29.661465 | L50: =IF(L$2=1,$B50,K50)*IF($B63=1,L63,L62) -> 29.829175 | M50: =IF(M$2=1,$B50,L50)*IF($B63=1,M63,M62) -> 29.997833 | N50: =IF(N$2=1,$B50,M50)*IF($B63=1,N63,N62) -> 30.167445 | ... DV50: =IF(DV$2=1,$B50,DU50)*IF($B63=1,DV63,DV62) -> 56.726649
A51: =Language!A$612 -> выручка от реализации, без НДС | C51: =CHOOSE(D51,CurName1,CurName2,CurName3) -> тыс. руб. | D51: =D47 -> 1 | E51: income | F51: Sens=price;Mode=sum | G51: =G48*G50 -> 1566 | H51: =H48*H50 -> 4724.5632 | I51: =I48*I50 -> 7126.9148 | J51: =J48*J50 -> 8759.9251 | K51: =K48*K50 -> 10411.174 | L51: =L48*L50 -> 12080.816 | M51: =M48*M50 -> 13769.005 | N51: =N48*N50 -> 15150.091 | ... DV51: =DV48*DV50 -> 33695.629 | DX51: =SUM(G51:DW51) -> 2739569.8
A52: =Language!A$594 -> выручка от реализации, с НДС | C52: =CHOOSE(D52,CurName1,CurName2,CurName3) -> тыс. руб. | D52: =D47 -> 1 | F52: Mode=sum | G52: =G51+G64+G65 -> 1879.2 | H52: =H51+H64+H65 -> 5669.4758 | I52: =I51+I64+I65 -> 8552.2978 | J52: =J51+J64+J65 -> 10511.91 | K52: =K51+K64+K65 -> 12493.409 | L52: =L51+L64+L65 -> 14496.979 | M52: =M51+M64+M65 -> 16522.807 | N52: =N51+N64+N65 -> 18180.109 | ... DV52: =DV51+DV64+DV65 -> 40434.755 | DX52: =SUM(G52:DW52) -> 3287483.7
A53: =Language!A$613 -> дебиторская задолженность | C53: =CHOOSE(D53,CurName1,CurName2,CurName3) -> тыс. руб. | D53: =D47 -> 1 | E53: receivable | F53: Skip=1;Color=*;Mode=end | G53: =IF(AND($B54=0,G$2>1),F53,(G51+G64+G65)*$B54/Параметры!G$36) -> 0 | H53: =IF(AND($B54=0,H$2>1),G53,(H51+H64+H65)*$B54/Параметры!H$36) -> 0 | I53: =IF(AND($B54=0,I$2>1),H53,(I51+I64+I65)*$B54/Параметры!I$36) -> 0 | J53: =IF(AND($B54=0,J$2>1),I53,(J51+J64+J65)*$B54/Параметры!J$36) -> 0 | K53: =IF(AND($B54=0,K$2>1),J53,(K51+K64+K65)*$B54/Параметры!K$36) -> 0 | L53: =IF(AND($B54=0,L$2>1),K53,(L51+L64+L65)*$B54/Параметры!L$36) -> 0 | M53: =IF(AND($B54=0,M$2>1),L53,(M51+M64+M65)*$B54/Параметры!M$36) -> 0 | N53: =IF(AND($B54=0,N$2>1),M53,(N51+N64+N65)*$B54/Параметры!N$36) -> 0 | ... DV53: =IF(AND($B54=0,DV$2>1),DU53,(DV51+DV64+DV65)*$B54/Параметры!DV$36) -> 0
A54: =Language!A$614 -> средний период отсрочки платежа | B54: =$B$505 -> 0 | C54: =Language!$A$1464 -> дней | F54: Skip=1;Color=b
A55: =Language!A$615 -> авансы полученные | C55: =CHOOSE(D55,CurName1,CurName2,CurName3) -> тыс. руб. | D55: =D47 -> 1 | E55: advance | F55: Skip=1;Color=*;Mode=end | G55: =IF(OR(AND($B56=0,G$2>1),G$2=Prj_Len),F55,(OFFSET(G51,0,1)+OFFSET(G64,0,1)+OFFSET(G65,0,1))*$B56/Параметры!G$36) -> 0 | H55: =IF(OR(AND($B56=0,H$2>1),H$2=Prj_Len),G55,(OFFSET(H51,0,1)+OFFSET(H64,0,1)+OFFSET(H65,0,1))*$B56/Параметры!H$36) -> 0 | I55: =IF(OR(AND($B56=0,I$2>1),I$2=Prj_Len),H55,(OFFSET(I51,0,1)+OFFSET(I64,0,1)+OFFSET(I65,0,1))*$B56/Параметры!I$36) -> 0 | J55: =IF(OR(AND($B56=0,J$2>1),J$2=Prj_Len),I55,(OFFSET(J51,0,1)+OFFSET(J64,0,1)+OFFSET(J65,0,1))*$B56/Параметры!J$36) -> 0 | K55: =IF(OR(AND($B56=0,K$2>1),K$2=Prj_Len),J55,(OFFSET(K51,0,1)+OFFSET(K64,0,1)+OFFSET(K65,0,1))*$B56/Параметры!K$36) -> 0 | L55: =IF(OR(AND($B56=0,L$2>1),L$2=Prj_Len),K55,(OFFSET(L51,0,1)+OFFSET(L64,0,1)+OFFSET(L65,0,1))*$B56/Параметры!L$36) -> 0 | M55: =IF(OR(AND($B56=0,M$2>1),M$2=Prj_Len),L55,(OFFSET(M51,0,1)+OFFSET(M64,0,1)+OFFSET(M65,0,1))*$B56/Параметры!M$36) -> 0 | N55: =IF(OR(AND($B56=0,N$2>1),N$2=Prj_Len),M55,(OFFSET(N51,0,1)+OFFSET(N64,0,1)+OFFSET(N65,0,1))*$B56/Параметры!N$36) -> 0 | ... DV55: =IF(OR(AND($B56=0,DV$2>1),DV$2=Prj_Len),DU55,(OFFSET(DV51,0,1)+OFFSET(DV64,0,1)+OFFSET(DV65,0,1))*$B56/Параметры!DV$36) -> 0
A56: =Language!A$616 -> средний период предоплаты | B56: =$B$511 -> 0 | C56: =Language!$A$1464 -> дней | F56: Skip=1;Color=b
A57: =Language!A$617 -> поступление денежных средств, с НДС | C57: =CHOOSE(D57,CurName1,CurName2,CurName3) -> тыс. руб. | D57: =D47 -> 1 | E57: cash | F57: Skip=1;Mode=sum | G57: =G51+G64+G65-IF(G$2=1,G53,G53-F53)+IF(G$2=1,G55,G55-F55) -> 1879.2 | H57: =H51+H64+H65-IF(H$2=1,H53,H53-G53)+IF(H$2=1,H55,H55-G55) -> 5669.4758 | I57: =I51+I64+I65-IF(I$2=1,I53,I53-H53)+IF(I$2=1,I55,I55-H55) -> 8552.2978 | J57: =J51+J64+J65-IF(J$2=1,J53,J53-I53)+IF(J$2=1,J55,J55-I55) -> 10511.91 | K57: =K51+K64+K65-IF(K$2=1,K53,K53-J53)+IF(K$2=1,K55,K55-J55) -> 12493.409 | L57: =L51+L64+L65-IF(L$2=1,L53,L53-K53)+IF(L$2=1,L55,L55-K55) -> 14496.979 | M57: =M51+M64+M65-IF(M$2=1,M53,M53-L53)+IF(M$2=1,M55,M55-L55) -> 16522.807 | N57: =N51+N64+N65-IF(N$2=1,N53,N53-M53)+IF(N$2=1,N55,N55-M55) -> 18180.109 | ... DV57: =DV51+DV64+DV65-IF(DV$2=1,DV53,DV53-DU53)+IF(DV$2=1,DV55,DV55-DU55) -> 40434.755 | DX57: =SUM(G57:DW57) -> 3287483.7
A58: =Language!A$618 -> темп изменения цен | C58: =Language!$A$484 -> % в год | F58: Skip=1;Color=*;Mode=avg | G58: =CHOOSE($D47,Параметры!G$53,Параметры!G$62,Параметры!G$68) -> 0.07 | H58: =CHOOSE($D47,Параметры!H$53,Параметры!H$62,Параметры!H$68) -> 0.07 | I58: =CHOOSE($D47,Параметры!I$53,Параметры!I$62,Параметры!I$68) -> 0.07 | J58: =CHOOSE($D47,Параметры!J$53,Параметры!J$62,Параметры!J$68) -> 0.07 | K58: =CHOOSE($D47,Параметры!K$53,Параметры!K$62,Параметры!K$68) -> 0.07 | L58: =CHOOSE($D47,Параметры!L$53,Параметры!L$62,Параметры!L$68) -> 0.07 | M58: =CHOOSE($D47,Параметры!M$53,Параметры!M$62,Параметры!M$68) -> 0.07 | N58: =CHOOSE($D47,Параметры!N$53,Параметры!N$62,Параметры!N$68) -> 0.07 | ... DV58: =CHOOSE($D47,Параметры!DV$53,Параметры!DV$62,Параметры!DV$68) -> 0.07
A59: =Language!A$619 -> ставка НДС | C59: % | F59: Skip=1;Color=*;Mode=avg | G59: =IF(G$2=1,Параметры!G$78,IF(F59=Параметры!F$78,Параметры!F$78,F59)) -> 0.2 | H59: =IF(H$2=1,Параметры!H$78,IF(G59=Параметры!G$78,Параметры!G$78,G59)) -> 0.2 | I59: =IF(I$2=1,Параметры!I$78,IF(H59=Параметры!H$78,Параметры!H$78,H59)) -> 0.2 | J59: =IF(J$2=1,Параметры!J$78,IF(I59=Параметры!I$78,Параметры!I$78,I59)) -> 0.2 | K59: =IF(K$2=1,Параметры!K$78,IF(J59=Параметры!J$78,Параметры!J$78,J59)) -> 0.2 | L59: =IF(L$2=1,Параметры!L$78,IF(K59=Параметры!K$78,Параметры!K$78,K59)) -> 0.2 | M59: =IF(M$2=1,Параметры!M$78,IF(L59=Параметры!L$78,Параметры!L$78,L59)) -> 0.2 | N59: =IF(N$2=1,Параметры!N$78,IF(M59=Параметры!M$78,Параметры!M$78,M59)) -> 0.2 | ... DV59: =IF(DV$2=1,Параметры!DV$78,IF(DU59=Параметры!DU$78,Параметры!DU$78,DU59)) -> 0.2
A60: =Language!A$620 -> акцизы, на единицу | C60: =CHOOSE(D60,CurName1,CurName2,CurName3)&"/"&C48 -> тыс. руб./тонн | D60: =D47 -> 1 | F60: Skip=1;Color=*;Mode=avg | G60: 0 | H60: =G60 -> 0 | I60: =H60 -> 0 | J60: =I60 -> 0 | K60: =J60 -> 0 | L60: =K60 -> 0 | M60: =L60 -> 0 | N60: =M60 -> 0 | O60: =N60 -> 0 | ... DV60: =DU60 -> 0
A61: =Language!A$621 -> ставка акцизов, в процентах | C61: % | F61: Skip=1;Color=*;Mode=avg | G61: 0 | H61: =G61 -> 0 | I61: =H61 -> 0 | J61: =I61 -> 0 | K61: =J61 -> 0 | L61: =K61 -> 0 | M61: =L61 -> 0 | N61: =M61 -> 0 | O61: =N61 -> 0 | ... DV61: =DU61 -> 0
A62: =Language!A$622 -> коэффициент прироста цен к предыдущему периоду | C62: =Language!$A$1467 -> раз | F62: Skip=1;Mode=avg | G62: =IF(G$2=1,1,IF(Prj_Inflation=1,POWER(1+OFFSET(G58,0,-1),Параметры!G$36/360),1)) -> 1 | H62: =IF(H$2=1,1,IF(Prj_Inflation=1,POWER(1+OFFSET(H58,0,-1),Параметры!H$36/360),1)) -> 1.0056541 | I62: =IF(I$2=1,1,IF(Prj_Inflation=1,POWER(1+OFFSET(I58,0,-1),Параметры!I$36/360),1)) -> 1.0056541 | J62: =IF(J$2=1,1,IF(Prj_Inflation=1,POWER(1+OFFSET(J58,0,-1),Параметры!J$36/360),1)) -> 1.0056541 | K62: =IF(K$2=1,1,IF(Prj_Inflation=1,POWER(1+OFFSET(K58,0,-1),Параметры!K$36/360),1)) -> 1.0056541 | L62: =IF(L$2=1,1,IF(Prj_Inflation=1,POWER(1+OFFSET(L58,0,-1),Параметры!L$36/360),1)) -> 1.0056541 | M62: =IF(M$2=1,1,IF(Prj_Inflation=1,POWER(1+OFFSET(M58,0,-1),Параметры!M$36/360),1)) -> 1.0056541 | N62: =IF(N$2=1,1,IF(Prj_Inflation=1,POWER(1+OFFSET(N58,0,-1),Параметры!N$36/360),1)) -> 1.0056541 | ... DV62: =IF(DV$2=1,1,IF(Prj_Inflation=1,POWER(1+OFFSET(DV58,0,-1),Параметры!DV$36/360),1)) -> 1.0056541
A63: =Language!A$1476 -> индексировать в начале года | B63: 0 | C63: =IF(B63=1,Language!$A$1465,Language!$A$1466) -> Нет | F63: Skip=1;Color=b;Mode=avg | G63: =IF(Prj_Inflation=1,IF($B63=1,IF(G$2=1,1,IF(Параметры!G$35=1,1+OFFSET(G58,0,-1),1)),"-"),1) -> - | H63: =IF(Prj_Inflation=1,IF($B63=1,IF(H$2=1,1,IF(Параметры!H$35=1,1+OFFSET(H58,0,-1),1)),"-"),1) -> - | I63: =IF(Prj_Inflation=1,IF($B63=1,IF(I$2=1,1,IF(Параметры!I$35=1,1+OFFSET(I58,0,-1),1)),"-"),1) -> - | J63: =IF(Prj_Inflation=1,IF($B63=1,IF(J$2=1,1,IF(Параметры!J$35=1,1+OFFSET(J58,0,-1),1)),"-"),1) -> - | K63: =IF(Prj_Inflation=1,IF($B63=1,IF(K$2=1,1,IF(Параметры!K$35=1,1+OFFSET(K58,0,-1),1)),"-"),1) -> - | L63: =IF(Prj_Inflation=1,IF($B63=1,IF(L$2=1,1,IF(Параметры!L$35=1,1+OFFSET(L58,0,-1),1)),"-"),1) -> - | M63: =IF(Prj_Inflation=1,IF($B63=1,IF(M$2=1,1,IF(Параметры!M$35=1,1+OFFSET(M58,0,-1),1)),"-"),1) -> - | N63: =IF(Prj_Inflation=1,IF($B63=1,IF(N$2=1,1,IF(Параметры!N$35=1,1+OFFSET(N58,0,-1),1)),"-"),1) -> - | ... DV63: =IF(Prj_Inflation=1,IF($B63=1,IF(DV$2=1,1,IF(Параметры!DV$35=1,1+OFFSET(DV58,0,-1),1)),"-"),1) -> -
A64: =Language!A$623 -> акцизы начисленные | C64: =CHOOSE(D64,CurName1,CurName2,CurName3) -> тыс. руб. | D64: =D47 -> 1 | E64: excise | F64: Skip=1;Mode=sum | G64: =G51*G61+G48*G60 -> 0 | H64: =H51*H61+H48*H60 -> 0 | I64: =I51*I61+I48*I60 -> 0 | J64: =J51*J61+J48*J60 -> 0 | K64: =K51*K61+K48*K60 -> 0 | L64: =L51*L61+L48*L60 -> 0 | M64: =M51*M61+M48*M60 -> 0 | N64: =N51*N61+N48*N60 -> 0 | ... DV64: =DV51*DV61+DV48*DV60 -> 0 | DX64: =SUM(G64:DW64) -> 0
A65: =Language!A$624 -> НДС начисленный | C65: =CHOOSE(D65,CurName1,CurName2,CurName3) -> тыс. руб. | D65: =D47 -> 1 | E65: vat | F65: Skip=1;Mode=sum | G65: =(G51+G64)*G59 -> 313.2 | H65: =(H51+H64)*H59 -> 944.91264 | I65: =(I51+I64)*I59 -> 1425.383 | J65: =(J51+J64)*J59 -> 1751.985 | K65: =(K51+K64)*K59 -> 2082.2348 | L65: =(L51+L64)*L59 -> 2416.1632 | M65: =(M51+M64)*M59 -> 2753.8011 | N65: =(N51+N64)*N59 -> 3030.0182 | ... DV65: =(DV51+DV64)*DV59 -> 6739.1259 | DX65: =SUM(G65:DW65) -> 547913.95
A66: =Language!A$625 -> НДС полученный с авансов | C66: =CHOOSE(D66,CurName1,CurName2,CurName3) -> тыс. руб. | D66: =D47 -> 1 | E66: taxadv | F66: Skip=1;Mode=sum | G66: =G55*G59/(1+G59) -> 0 | H66: =H55*H59/(1+H59) -> 0 | I66: =I55*I59/(1+I59) -> 0 | J66: =J55*J59/(1+J59) -> 0 | K66: =K55*K59/(1+K59) -> 0 | L66: =L55*L59/(1+L59) -> 0 | M66: =M55*M59/(1+M59) -> 0 | N66: =N55*N59/(1+N59) -> 0 | ... DV66: =DV55*DV59/(1+DV59) -> 0 | DX66: =SUM(G66:DW66) -> 0
A67: Битум | D67: 1 | F67: ID=142;Type=2;Row=20
A68: =Language!A$610 -> объем продаж за период | B68: 1800 | C68: =C48 -> тонн | E68: qty | F68: Color=*;Sens=qty;Mode=sum | G68: =$B68*G69 -> 0 | H68: =$B68*H69 -> 0 | I68: =$B68*I69 -> 450 | J68: =$B68*J69 -> 810 | K68: =$B68*K69 -> 1080 | L68: =$B68*L69 -> 1080 | M68: =$B68*M69 -> 1080 | N68: =$B68*N69 -> 1080 | ... DV68: =$B68*DV69 -> 1800 | DX68: =SUM(G68:DW68) -> 174780
A69: =Language!A$591 -> коэффициент продаж периода | F69: Skip=1;Mode=avg | G69: 0 | H69: 0 | I69: 0.25 | J69: 0.45 | K69: 0.6 | L69: 0.6 | M69: 0.6 | N69: 0.6 | O69: =IF(O$2>Prj_Invest,1,0) -> 1 | P69: =IF(P$2>Prj_Invest,1,0) -> 1 | Q69: =IF(Q$2>Prj_Invest,1,0) -> 1 | R69: =IF(R$2>Prj_Invest,1,0) -> 1 | S69: =IF(S$2>Prj_Invest,1,0) -> 1 | T69: =IF(T$2>Prj_Invest,1,0) -> 1 | U69: =IF(U$2>Prj_Invest,1,0) -> 1 | V69: 0.6 | W69: 0.6 | X69: 0.6 | Y69: 0.6 | Z69: 0.6 | AA69: =IF(AA$2>Prj_Invest,1,0) -> 1 | AB69: =IF(AB$2>Prj_Invest,1,0) -> 1 | AC69: =IF(AC$2>Prj_Invest,1,0) -> 1 | AD69: =IF(AD$2>Prj_Invest,1,0) -> 1 | AE69: =IF(AE$2>Prj_Invest,1,0) -> 1 | AF69: =IF(AF$2>Prj_Invest,1,0) -> 1 | AG69: =IF(AG$2>Prj_Invest,1,0) -> 1 | AH69: 0.6 | AI69: 0.6 | AJ69: 0.6 | AK69: 0.6 | AL69: 0.6 | AM69: =IF(AM$2>Prj_Invest,1,0) -> 1 | AN69: =IF(AN$2>Prj_Invest,1,0) -> 1 | AO69: =IF(AO$2>Prj_Invest,1,0) -> 1 | AP69: =IF(AP$2>Prj_Invest,1,0) -> 1 | AQ69: =IF(AQ$2>Prj_Invest,1,0) -> 1 | AR69: =IF(AR$2>Prj_Invest,1,0) -> 1 | AS69: =IF(AS$2>Prj_Invest,1,0) -> 1 | AT69: 0.6 | AU69: 0.6 | AV69: 0.6 | AW69: 0.6 | AX69: 0.6 | AY69: =IF(AY$2>Prj_Invest,1,0) -> 1 | AZ69: =IF(AZ$2>Prj_Invest,1,0) -> 1 | BA69: =IF(BA$2>Prj_Invest,1,0) -> 1 | BB69: =IF(BB$2>Prj_Invest,1,0) -> 1 | BC69: =IF(BC$2>Prj_Invest,1,0) -> 1 | BD69: =IF(BD$2>Prj_Invest,1,0) -> 1 | BE69: =IF(BE$2>Prj_Invest,1,0) -> 1 | BF69: 0.6 | BG69: 0.6 | BH69: 0.6 | BI69: 0.6 | BJ69: 0.6 | BK69: =IF(BK$2>Prj_Invest,1,0) -> 1 | BL69: =IF(BL$2>Prj_Invest,1,0) -> 1 | BM69: =IF(BM$2>Prj_Invest,1,0) -> 1 | BN69: =IF(BN$2>Prj_Invest,1,0) -> 1 | BO69: =IF(BO$2>Prj_Invest,1,0) -> 1 | BP69: =IF(BP$2>Prj_Invest,1,0) -> 1 | BQ69: =IF(BQ$2>Prj_Invest,1,0) -> 1 | BR69: 0.6 | BS69: 0.6 | BT69: 0.6 | BU69: 0.6 | BV69: 0.6 | BW69: =IF(BW$2>Prj_Invest,1,0) -> 1 | BX69: =IF(BX$2>Prj_Invest,1,0) -> 1 | BY69: =IF(BY$2>Prj_Invest,1,0) -> 1 | BZ69: =IF(BZ$2>Prj_Invest,1,0) -> 1 | CA69: =IF(CA$2>Prj_Invest,1,0) -> 1 | CB69: =IF(CB$2>Prj_Invest,1,0) -> 1 | CC69: =IF(CC$2>Prj_Invest,1,0) -> 1 | CD69: 0.6 | CE69: 0.6 | CF69: 0.6 | CG69: 0.6 | CH69: 0.6 | CI69: 1 | CJ69: =IF(CJ$2>Prj_Invest,1,0) -> 1 | CK69: =IF(CK$2>Prj_Invest,1,0) -> 1 | CL69: =IF(CL$2>Prj_Invest,1,0) -> 1 | CM69: =IF(CM$2>Prj_Invest,1,0) -> 1 | CN69: =IF(CN$2>Prj_Invest,1,0) -> 1 | CO69: =IF(CO$2>Prj_Invest,1,0) -> 1 | CP69: 0.6 | CQ69: 0.6 | CR69: 0.6 | CS69: 0.6 | CT69: 0.6 | CU69: =IF(CU$2>Prj_Invest,1,0) -> 1 | CV69: =IF(CV$2>Prj_Invest,1,0) -> 1 | CW69: =IF(CW$2>Prj_Invest,1,0) -> 1 | CX69: =IF(CX$2>Prj_Invest,1,0) -> 1 | CY69: =IF(CY$2>Prj_Invest,1,0) -> 1 | CZ69: =IF(CZ$2>Prj_Invest,1,0) -> 1 | DA69: =IF(DA$2>Prj_Invest,1,0) -> 1 | DB69: 0.6 | DC69: 0.6 | DD69: 0.6 | DE69: 0.6 | DF69: 0.6 | DG69: =IF(DG$2>Prj_Invest,1,0) -> 1 | DH69: =IF(DH$2>Prj_Invest,1,0) -> 1 | DI69: =IF(DI$2>Prj_Invest,1,0) -> 1 | DJ69: =IF(DJ$2>Prj_Invest,1,0) -> 1 | DK69: =IF(DK$2>Prj_Invest,1,0) -> 1 | DL69: =IF(DL$2>Prj_Invest,1,0) -> 1 | DM69: =IF(DM$2>Prj_Invest,1,0) -> 1 | DN69: 0.6 | DO69: 0.6 | DP69: 0.6 | DQ69: 0.6 | DR69: 0.6 | DS69: =IF(DS$2>Prj_Invest,1,0) -> 1 | DT69: =IF(DT$2>Prj_Invest,1,0) -> 1 | DU69: =IF(DU$2>Prj_Invest,1,0) -> 1 | DV69: =IF(DV$2>Prj_Invest,1,0) -> 1
A70: =Language!A$611 & C68 & Language!A$1475 -> цена за единицу (тонн), без НДС | B70: 27 | C70: =CHOOSE(D70,CurName1,CurName2,CurName3) -> тыс. руб. | D70: =D67 -> 1 | E70: price | F70: Color=*;Mode=avg | G70: =IF(G$2=1,$B70,F70)*IF($B83=1,G83,G82) -> 27 | H70: =IF(H$2=1,$B70,G70)*IF($B83=1,H83,H82) -> 27.152662 | I70: =IF(I$2=1,$B70,H70)*IF($B83=1,I83,I82) -> 27.306187 | J70: =IF(J$2=1,$B70,I70)*IF($B83=1,J83,J82) -> 27.46058 | K70: =IF(K$2=1,$B70,J70)*IF($B83=1,K83,K82) -> 27.615846 | L70: =IF(L$2=1,$B70,K70)*IF($B83=1,L83,L82) -> 27.77199 | M70: =IF(M$2=1,$B70,L70)*IF($B83=1,M83,M82) -> 27.929017 | N70: =IF(N$2=1,$B70,M70)*IF($B83=1,N83,N82) -> 28.086932 | ... DV70: =IF(DV$2=1,$B70,DU70)*IF($B83=1,DV83,DV82) -> 52.814466
A71: =Language!A$612 -> выручка от реализации, без НДС | C71: =CHOOSE(D71,CurName1,CurName2,CurName3) -> тыс. руб. | D71: =D67 -> 1 | E71: income | F71: Sens=price;Mode=sum | G71: =G68*G70 -> 0 | H71: =H68*H70 -> 0 | I71: =I68*I70 -> 12287.784 | J71: =J68*J70 -> 22243.07 | K71: =K68*K70 -> 29825.114 | L71: =L68*L70 -> 29993.75 | M71: =M68*M70 -> 30163.339 | N71: =N68*N70 -> 30333.886 | ... DV71: =DV68*DV70 -> 95066.039 | DX71: =SUM(G71:DW71) -> 6789960.8
A72: =Language!A$594 -> выручка от реализации, с НДС | C72: =CHOOSE(D72,CurName1,CurName2,CurName3) -> тыс. руб. | D72: =D67 -> 1 | F72: Mode=sum | G72: =G71+G84+G85 -> 0 | H72: =H71+H84+H85 -> 0 | I72: =I71+I84+I85 -> 14745.341 | J72: =J71+J84+J85 -> 26691.684 | K72: =K71+K84+K85 -> 35790.137 | L72: =L71+L84+L85 -> 35992.499 | M72: =M71+M84+M85 -> 36196.006 | N72: =N71+N84+N85 -> 36400.664 | ... DV72: =DV71+DV84+DV85 -> 114079.25 | DX72: =SUM(G72:DW72) -> 8147953
A73: =Language!A$613 -> дебиторская задолженность | C73: =CHOOSE(D73,CurName1,CurName2,CurName3) -> тыс. руб. | D73: =D67 -> 1 | E73: receivable | F73: Skip=1;Color=*;Mode=end | G73: =IF(AND($B74=0,G$2>1),F73,(G71+G84+G85)*$B74/Параметры!G$36) -> 0 | H73: =IF(AND($B74=0,H$2>1),G73,(H71+H84+H85)*$B74/Параметры!H$36) -> 0 | I73: =IF(AND($B74=0,I$2>1),H73,(I71+I84+I85)*$B74/Параметры!I$36) -> 0 | J73: =IF(AND($B74=0,J$2>1),I73,(J71+J84+J85)*$B74/Параметры!J$36) -> 0 | K73: =IF(AND($B74=0,K$2>1),J73,(K71+K84+K85)*$B74/Параметры!K$36) -> 0 | L73: =IF(AND($B74=0,L$2>1),K73,(L71+L84+L85)*$B74/Параметры!L$36) -> 0 | M73: =IF(AND($B74=0,M$2>1),L73,(M71+M84+M85)*$B74/Параметры!M$36) -> 0 | N73: =IF(AND($B74=0,N$2>1),M73,(N71+N84+N85)*$B74/Параметры!N$36) -> 0 | ... DV73: =IF(AND($B74=0,DV$2>1),DU73,(DV71+DV84+DV85)*$B74/Параметры!DV$36) -> 0
A74: =Language!A$614 -> средний период отсрочки платежа | B74: =$B$505 -> 0 | C74: =Language!$A$1464 -> дней | F74: Skip=1;Color=b
A75: =Language!A$615 -> авансы полученные | C75: =CHOOSE(D75,CurName1,CurName2,CurName3) -> тыс. руб. | D75: =D67 -> 1 | E75: advance | F75: Skip=1;Color=*;Mode=end | G75: =IF(OR(AND($B76=0,G$2>1),G$2=Prj_Len),F75,(OFFSET(G71,0,1)+OFFSET(G84,0,1)+OFFSET(G85,0,1))*$B76/Параметры!G$36) -> 0 | H75: =IF(OR(AND($B76=0,H$2>1),H$2=Prj_Len),G75,(OFFSET(H71,0,1)+OFFSET(H84,0,1)+OFFSET(H85,0,1))*$B76/Параметры!H$36) -> 0 | I75: =IF(OR(AND($B76=0,I$2>1),I$2=Prj_Len),H75,(OFFSET(I71,0,1)+OFFSET(I84,0,1)+OFFSET(I85,0,1))*$B76/Параметры!I$36) -> 0 | J75: =IF(OR(AND($B76=0,J$2>1),J$2=Prj_Len),I75,(OFFSET(J71,0,1)+OFFSET(J84,0,1)+OFFSET(J85,0,1))*$B76/Параметры!J$36) -> 0 | K75: =IF(OR(AND($B76=0,K$2>1),K$2=Prj_Len),J75,(OFFSET(K71,0,1)+OFFSET(K84,0,1)+OFFSET(K85,0,1))*$B76/Параметры!K$36) -> 0 | L75: =IF(OR(AND($B76=0,L$2>1),L$2=Prj_Len),K75,(OFFSET(L71,0,1)+OFFSET(L84,0,1)+OFFSET(L85,0,1))*$B76/Параметры!L$36) -> 0 | M75: =IF(OR(AND($B76=0,M$2>1),M$2=Prj_Len),L75,(OFFSET(M71,0,1)+OFFSET(M84,0,1)+OFFSET(M85,0,1))*$B76/Параметры!M$36) -> 0 | N75: =IF(OR(AND($B76=0,N$2>1),N$2=Prj_Len),M75,(OFFSET(N71,0,1)+OFFSET(N84,0,1)+OFFSET(N85,0,1))*$B76/Параметры!N$36) -> 0 | ... DV75: =IF(OR(AND($B76=0,DV$2>1),DV$2=Prj_Len),DU75,(OFFSET(DV71,0,1)+OFFSET(DV84,0,1)+OFFSET(DV85,0,1))*$B76/Параметры!DV$36) -> 0
A76: =Language!A$616 -> средний период предоплаты | B76: =$B$511 -> 0 | C76: =Language!$A$1464 -> дней | F76: Skip=1;Color=b
A77: =Language!A$617 -> поступление денежных средств, с НДС | C77: =CHOOSE(D77,CurName1,CurName2,CurName3) -> тыс. руб. | D77: =D67 -> 1 | E77: cash | F77: Skip=1;Mode=sum | G77: =G71+G84+G85-IF(G$2=1,G73,G73-F73)+IF(G$2=1,G75,G75-F75) -> 0 | H77: =H71+H84+H85-IF(H$2=1,H73,H73-G73)+IF(H$2=1,H75,H75-G75) -> 0 | I77: =I71+I84+I85-IF(I$2=1,I73,I73-H73)+IF(I$2=1,I75,I75-H75) -> 14745.341 | J77: =J71+J84+J85-IF(J$2=1,J73,J73-I73)+IF(J$2=1,J75,J75-I75) -> 26691.684 | K77: =K71+K84+K85-IF(K$2=1,K73,K73-J73)+IF(K$2=1,K75,K75-J75) -> 35790.137 | L77: =L71+L84+L85-IF(L$2=1,L73,L73-K73)+IF(L$2=1,L75,L75-K75) -> 35992.499 | M77: =M71+M84+M85-IF(M$2=1,M73,M73-L73)+IF(M$2=1,M75,M75-L75) -> 36196.006 | N77: =N71+N84+N85-IF(N$2=1,N73,N73-M73)+IF(N$2=1,N75,N75-M75) -> 36400.664 | ... DV77: =DV71+DV84+DV85-IF(DV$2=1,DV73,DV73-DU73)+IF(DV$2=1,DV75,DV75-DU75) -> 114079.25 | DX77: =SUM(G77:DW77) -> 8147953
A78: =Language!A$618 -> темп изменения цен | C78: =Language!$A$484 -> % в год | F78: Skip=1;Color=*;Mode=avg | G78: =CHOOSE($D67,Параметры!G$53,Параметры!G$62,Параметры!G$68) -> 0.07 | H78: =CHOOSE($D67,Параметры!H$53,Параметры!H$62,Параметры!H$68) -> 0.07 | I78: =CHOOSE($D67,Параметры!I$53,Параметры!I$62,Параметры!I$68) -> 0.07 | J78: =CHOOSE($D67,Параметры!J$53,Параметры!J$62,Параметры!J$68) -> 0.07 | K78: =CHOOSE($D67,Параметры!K$53,Параметры!K$62,Параметры!K$68) -> 0.07 | L78: =CHOOSE($D67,Параметры!L$53,Параметры!L$62,Параметры!L$68) -> 0.07 | M78: =CHOOSE($D67,Параметры!M$53,Параметры!M$62,Параметры!M$68) -> 0.07 | N78: =CHOOSE($D67,Параметры!N$53,Параметры!N$62,Параметры!N$68) -> 0.07 | ... DV78: =CHOOSE($D67,Параметры!DV$53,Параметры!DV$62,Параметры!DV$68) -> 0.07
A79: =Language!A$619 -> ставка НДС | C79: % | F79: Skip=1;Color=*;Mode=avg | G79: =IF(G$2=1,Параметры!G$78,IF(F79=Параметры!F$78,Параметры!F$78,F79)) -> 0.2 | H79: =IF(H$2=1,Параметры!H$78,IF(G79=Параметры!G$78,Параметры!G$78,G79)) -> 0.2 | I79: =IF(I$2=1,Параметры!I$78,IF(H79=Параметры!H$78,Параметры!H$78,H79)) -> 0.2 | J79: =IF(J$2=1,Параметры!J$78,IF(I79=Параметры!I$78,Параметры!I$78,I79)) -> 0.2 | K79: =IF(K$2=1,Параметры!K$78,IF(J79=Параметры!J$78,Параметры!J$78,J79)) -> 0.2 | L79: =IF(L$2=1,Параметры!L$78,IF(K79=Параметры!K$78,Параметры!K$78,K79)) -> 0.2 | M79: =IF(M$2=1,Параметры!M$78,IF(L79=Параметры!L$78,Параметры!L$78,L79)) -> 0.2 | N79: =IF(N$2=1,Параметры!N$78,IF(M79=Параметры!M$78,Параметры!M$78,M79)) -> 0.2 | ... DV79: =IF(DV$2=1,Параметры!DV$78,IF(DU79=Параметры!DU$78,Параметры!DU$78,DU79)) -> 0.2
A80: =Language!A$620 -> акцизы, на единицу | C80: =CHOOSE(D80,CurName1,CurName2,CurName3)&"/"&C68 -> тыс. руб./тонн | D80: =D67 -> 1 | F80: Skip=1;Color=*;Mode=avg | G80: 0 | H80: =G80 -> 0 | I80: =H80 -> 0 | J80: =I80 -> 0 | K80: =J80 -> 0 | L80: =K80 -> 0 | M80: =L80 -> 0 | N80: =M80 -> 0 | O80: =N80 -> 0 | ... DV80: =DU80 -> 0
A81: =Language!A$621 -> ставка акцизов, в процентах | C81: % | F81: Skip=1;Color=*;Mode=avg | G81: 0 | H81: =G81 -> 0 | I81: =H81 -> 0 | J81: =I81 -> 0 | K81: =J81 -> 0 | L81: =K81 -> 0 | M81: =L81 -> 0 | N81: =M81 -> 0 | O81: =N81 -> 0 | ... DV81: =DU81 -> 0
A82: =Language!A$622 -> коэффициент прироста цен к предыдущему периоду | C82: =Language!$A$1467 -> раз | F82: Skip=1;Mode=avg | G82: =IF(G$2=1,1,IF(Prj_Inflation=1,POWER(1+OFFSET(G78,0,-1),Параметры!G$36/360),1)) -> 1 | H82: =IF(H$2=1,1,IF(Prj_Inflation=1,POWER(1+OFFSET(H78,0,-1),Параметры!H$36/360),1)) -> 1.0056541 | I82: =IF(I$2=1,1,IF(Prj_Inflation=1,POWER(1+OFFSET(I78,0,-1),Параметры!I$36/360),1)) -> 1.0056541 | J82: =IF(J$2=1,1,IF(Prj_Inflation=1,POWER(1+OFFSET(J78,0,-1),Параметры!J$36/360),1)) -> 1.0056541 | K82: =IF(K$2=1,1,IF(Prj_Inflation=1,POWER(1+OFFSET(K78,0,-1),Параметры!K$36/360),1)) -> 1.0056541 | L82: =IF(L$2=1,1,IF(Prj_Inflation=1,POWER(1+OFFSET(L78,0,-1),Параметры!L$36/360),1)) -> 1.0056541 | M82: =IF(M$2=1,1,IF(Prj_Inflation=1,POWER(1+OFFSET(M78,0,-1),Параметры!M$36/360),1)) -> 1.0056541 | N82: =IF(N$2=1,1,IF(Prj_Inflation=1,POWER(1+OFFSET(N78,0,-1),Параметры!N$36/360),1)) -> 1.0056541 | ... DV82: =IF(DV$2=1,1,IF(Prj_Inflation=1,POWER(1+OFFSET(DV78,0,-1),Параметры!DV$36/360),1)) -> 1.0056541
A83: =Language!A$1476 -> индексировать в начале года | B83: 0 | C83: =IF(B83=1,Language!$A$1465,Language!$A$1466) -> Нет | F83: Skip=1;Color=b;Mode=avg | G83: =IF(Prj_Inflation=1,IF($B83=1,IF(G$2=1,1,IF(Параметры!G$35=1,1+OFFSET(G78,0,-1),1)),"-"),1) -> - | H83: =IF(Prj_Inflation=1,IF($B83=1,IF(H$2=1,1,IF(Параметры!H$35=1,1+OFFSET(H78,0,-1),1)),"-"),1) -> - | I83: =IF(Prj_Inflation=1,IF($B83=1,IF(I$2=1,1,IF(Параметры!I$35=1,1+OFFSET(I78,0,-1),1)),"-"),1) -> - | J83: =IF(Prj_Inflation=1,IF($B83=1,IF(J$2=1,1,IF(Параметры!J$35=1,1+OFFSET(J78,0,-1),1)),"-"),1) -> - | K83: =IF(Prj_Inflation=1,IF($B83=1,IF(K$2=1,1,IF(Параметры!K$35=1,1+OFFSET(K78,0,-1),1)),"-"),1) -> - | L83: =IF(Prj_Inflation=1,IF($B83=1,IF(L$2=1,1,IF(Параметры!L$35=1,1+OFFSET(L78,0,-1),1)),"-"),1) -> - | M83: =IF(Prj_Inflation=1,IF($B83=1,IF(M$2=1,1,IF(Параметры!M$35=1,1+OFFSET(M78,0,-1),1)),"-"),1) -> - | N83: =IF(Prj_Inflation=1,IF($B83=1,IF(N$2=1,1,IF(Параметры!N$35=1,1+OFFSET(N78,0,-1),1)),"-"),1) -> - | ... DV83: =IF(Prj_Inflation=1,IF($B83=1,IF(DV$2=1,1,IF(Параметры!DV$35=1,1+OFFSET(DV78,0,-1),1)),"-"),1) -> -
A84: =Language!A$623 -> акцизы начисленные | C84: =CHOOSE(D84,CurName1,CurName2,CurName3) -> тыс. руб. | D84: =D67 -> 1 | E84: excise | F84: Skip=1;Mode=sum | G84: =G71*G81+G68*G80 -> 0 | H84: =H71*H81+H68*H80 -> 0 | I84: =I71*I81+I68*I80 -> 0 | J84: =J71*J81+J68*J80 -> 0 | K84: =K71*K81+K68*K80 -> 0 | L84: =L71*L81+L68*L80 -> 0 | M84: =M71*M81+M68*M80 -> 0 | N84: =N71*N81+N68*N80 -> 0 | ... DV84: =DV71*DV81+DV68*DV80 -> 0 | DX84: =SUM(G84:DW84) -> 0
A85: =Language!A$624 -> НДС начисленный | C85: =CHOOSE(D85,CurName1,CurName2,CurName3) -> тыс. руб. | D85: =D67 -> 1 | E85: vat | F85: Skip=1;Mode=sum | G85: =(G71+G84)*G79 -> 0 | H85: =(H71+H84)*H79 -> 0 | I85: =(I71+I84)*I79 -> 2457.5568 | J85: =(J71+J84)*J79 -> 4448.614 | K85: =(K71+K84)*K79 -> 5965.0228 | L85: =(L71+L84)*L79 -> 5998.7499 | M85: =(M71+M84)*M79 -> 6032.6677 | N85: =(N71+N84)*N79 -> 6066.7773 | ... DV85: =(DV71+DV84)*DV79 -> 19013.208 | DX85: =SUM(G85:DW85) -> 1357992.2
A86: =Language!A$625 -> НДС полученный с авансов | C86: =CHOOSE(D86,CurName1,CurName2,CurName3) -> тыс. руб. | D86: =D67 -> 1 | E86: taxadv | F86: Skip=1;Mode=sum | G86: =G75*G79/(1+G79) -> 0 | H86: =H75*H79/(1+H79) -> 0 | I86: =I75*I79/(1+I79) -> 0 | J86: =J75*J79/(1+J79) -> 0 | K86: =K75*K79/(1+K79) -> 0 | L86: =L75*L79/(1+L79) -> 0 | M86: =M75*M79/(1+M79) -> 0 | N86: =N75*N79/(1+N79) -> 0 | ... DV86: =DV75*DV79/(1+DV79) -> 0 | DX86: =SUM(G86:DW86) -> 0
A87: Печное Топливо | D87: 1 | F87: ID=127;Type=2;Row=20
A88: =Language!A$610 -> объем продаж за период | B88: 1800 | C88: =C68 -> тонн | E88: qty | F88: Color=*;Sens=qty;Mode=sum | G88: =$B88*G89 -> 0 | H88: =$B88*H89 -> 0 | I88: =$B88*I89 -> 450 | J88: =$B88*J89 -> 810 | K88: =$B88*K89 -> 1080 | L88: =$B88*L89 -> 1080 | M88: =$B88*M89 -> 1080 | N88: =$B88*N89 -> 1080 | ... DV88: =$B88*DV89 -> 1800 | DX88: =SUM(G88:DW88) -> 174780
A89: =Language!A$591 -> коэффициент продаж периода | F89: Skip=1;Mode=avg | G89: =G69 -> 0 | H89: =H69 -> 0 | I89: =I69 -> 0.25 | J89: =J69 -> 0.45 | K89: =K69 -> 0.6 | L89: =L69 -> 0.6 | M89: =M69 -> 0.6 | N89: =N69 -> 0.6 | ... DV89: =DV69 -> 1
A90: =Language!A$611 & C88 & Language!A$1475 -> цена за единицу (тонн), без НДС | B90: 20 | C90: =CHOOSE(D90,CurName1,CurName2,CurName3) -> тыс. руб. | D90: =D87 -> 1 | E90: price | F90: Color=*;Mode=avg | G90: =IF(G$2=1,$B90,F90)*IF($B103=1,G103,G102) -> 20 | H90: =IF(H$2=1,$B90,G90)*IF($B103=1,H103,H102) -> 20.113083 | I90: =IF(I$2=1,$B90,H90)*IF($B103=1,I103,I102) -> 20.226805 | J90: =IF(J$2=1,$B90,I90)*IF($B103=1,J103,J102) -> 20.341171 | K90: =IF(K$2=1,$B90,J90)*IF($B103=1,K103,K102) -> 20.456182 | L90: =IF(L$2=1,$B90,K90)*IF($B103=1,L103,L102) -> 20.571845 | M90: =IF(M$2=1,$B90,L90)*IF($B103=1,M103,M102) -> 20.688161 | N90: =IF(N$2=1,$B90,M90)*IF($B103=1,N103,N102) -> 20.805135 | ... DV90: =IF(DV$2=1,$B90,DU90)*IF($B103=1,DV103,DV102) -> 39.121827
A91: =Language!A$612 -> выручка от реализации, без НДС | C91: =CHOOSE(D91,CurName1,CurName2,CurName3) -> тыс. руб. | D91: =D87 -> 1 | E91: income | F91: Sens=price;Mode=sum | G91: =G88*G90 -> 0 | H91: =H88*H90 -> 0 | I91: =I88*I90 -> 9102.0623 | J91: =J88*J90 -> 16476.348 | K91: =K88*K90 -> 22092.677 | L91: =L88*L90 -> 22217.592 | M91: =M88*M90 -> 22343.214 | N91: =N88*N90 -> 22469.546 | ... DV91: =DV88*DV90 -> 70419.288 | DX91: =SUM(G91:DW91) -> 5029600.6
A92: =Language!A$594 -> выручка от реализации, с НДС | C92: =CHOOSE(D92,CurName1,CurName2,CurName3) -> тыс. руб. | D92: =D87 -> 1 | F92: Mode=sum | G92: =G91+G104+G105 -> 0 | H92: =H91+H104+H105 -> 0 | I92: =I91+I104+I105 -> 10922.475 | J92: =J91+J104+J105 -> 19771.618 | K92: =K91+K104+K105 -> 26511.212 | L92: =L91+L104+L105 -> 26661.111 | M92: =M91+M104+M105 -> 26811.856 | N92: =N91+N104+N105 -> 26963.455 | ... DV92: =DV91+DV104+DV105 -> 84503.146 | DX92: =SUM(G92:DW92) -> 6035520.7
A93: =Language!A$613 -> дебиторская задолженность | C93: =CHOOSE(D93,CurName1,CurName2,CurName3) -> тыс. руб. | D93: =D87 -> 1 | E93: receivable | F93: Skip=1;Color=*;Mode=end | G93: =IF(AND($B94=0,G$2>1),F93,(G91+G104+G105)*$B94/Параметры!G$36) -> 0 | H93: =IF(AND($B94=0,H$2>1),G93,(H91+H104+H105)*$B94/Параметры!H$36) -> 0 | I93: =IF(AND($B94=0,I$2>1),H93,(I91+I104+I105)*$B94/Параметры!I$36) -> 0 | J93: =IF(AND($B94=0,J$2>1),I93,(J91+J104+J105)*$B94/Параметры!J$36) -> 0 | K93: =IF(AND($B94=0,K$2>1),J93,(K91+K104+K105)*$B94/Параметры!K$36) -> 0 | L93: =IF(AND($B94=0,L$2>1),K93,(L91+L104+L105)*$B94/Параметры!L$36) -> 0 | M93: =IF(AND($B94=0,M$2>1),L93,(M91+M104+M105)*$B94/Параметры!M$36) -> 0 | N93: =IF(AND($B94=0,N$2>1),M93,(N91+N104+N105)*$B94/Параметры!N$36) -> 0 | ... DV93: =IF(AND($B94=0,DV$2>1),DU93,(DV91+DV104+DV105)*$B94/Параметры!DV$36) -> 0
A94: =Language!A$614 -> средний период отсрочки платежа | B94: =$B$505 -> 0 | C94: =Language!$A$1464 -> дней | F94: Skip=1;Color=b
A95: =Language!A$615 -> авансы полученные | C95: =CHOOSE(D95,CurName1,CurName2,CurName3) -> тыс. руб. | D95: =D87 -> 1 | E95: advance | F95: Skip=1;Color=*;Mode=end | G95: =IF(OR(AND($B96=0,G$2>1),G$2=Prj_Len),F95,(OFFSET(G91,0,1)+OFFSET(G104,0,1)+OFFSET(G105,0,1))*$B96/Параметры!G$36) -> 0 | H95: =IF(OR(AND($B96=0,H$2>1),H$2=Prj_Len),G95,(OFFSET(H91,0,1)+OFFSET(H104,0,1)+OFFSET(H105,0,1))*$B96/Параметры!H$36) -> 0 | I95: =IF(OR(AND($B96=0,I$2>1),I$2=Prj_Len),H95,(OFFSET(I91,0,1)+OFFSET(I104,0,1)+OFFSET(I105,0,1))*$B96/Параметры!I$36) -> 0 | J95: =IF(OR(AND($B96=0,J$2>1),J$2=Prj_Len),I95,(OFFSET(J91,0,1)+OFFSET(J104,0,1)+OFFSET(J105,0,1))*$B96/Параметры!J$36) -> 0 | K95: =IF(OR(AND($B96=0,K$2>1),K$2=Prj_Len),J95,(OFFSET(K91,0,1)+OFFSET(K104,0,1)+OFFSET(K105,0,1))*$B96/Параметры!K$36) -> 0 | L95: =IF(OR(AND($B96=0,L$2>1),L$2=Prj_Len),K95,(OFFSET(L91,0,1)+OFFSET(L104,0,1)+OFFSET(L105,0,1))*$B96/Параметры!L$36) -> 0 | M95: =IF(OR(AND($B96=0,M$2>1),M$2=Prj_Len),L95,(OFFSET(M91,0,1)+OFFSET(M104,0,1)+OFFSET(M105,0,1))*$B96/Параметры!M$36) -> 0 | N95: =IF(OR(AND($B96=0,N$2>1),N$2=Prj_Len),M95,(OFFSET(N91,0,1)+OFFSET(N104,0,1)+OFFSET(N105,0,1))*$B96/Параметры!N$36) -> 0 | ... DV95: =IF(OR(AND($B96=0,DV$2>1),DV$2=Prj_Len),DU95,(OFFSET(DV91,0,1)+OFFSET(DV104,0,1)+OFFSET(DV105,0,1))*$B96/Параметры!DV$36) -> 0
A96: =Language!A$616 -> средний период предоплаты | B96: =$B$511 -> 0 | C96: =Language!$A$1464 -> дней | F96: Skip=1;Color=b
A97: =Language!A$617 -> поступление денежных средств, с НДС | C97: =CHOOSE(D97,CurName1,CurName2,CurName3) -> тыс. руб. | D97: =D87 -> 1 | E97: cash | F97: Skip=1;Mode=sum | G97: =G91+G104+G105-IF(G$2=1,G93,G93-F93)+IF(G$2=1,G95,G95-F95) -> 0 | H97: =H91+H104+H105-IF(H$2=1,H93,H93-G93)+IF(H$2=1,H95,H95-G95) -> 0 | I97: =I91+I104+I105-IF(I$2=1,I93,I93-H93)+IF(I$2=1,I95,I95-H95) -> 10922.475 | J97: =J91+J104+J105-IF(J$2=1,J93,J93-I93)+IF(J$2=1,J95,J95-I95) -> 19771.618 | K97: =K91+K104+K105-IF(K$2=1,K93,K93-J93)+IF(K$2=1,K95,K95-J95) -> 26511.212 | L97: =L91+L104+L105-IF(L$2=1,L93,L93-K93)+IF(L$2=1,L95,L95-K95) -> 26661.111 | M97: =M91+M104+M105-IF(M$2=1,M93,M93-L93)+IF(M$2=1,M95,M95-L95) -> 26811.856 | N97: =N91+N104+N105-IF(N$2=1,N93,N93-M93)+IF(N$2=1,N95,N95-M95) -> 26963.455 | ... DV97: =DV91+DV104+DV105-IF(DV$2=1,DV93,DV93-DU93)+IF(DV$2=1,DV95,DV95-DU95) -> 84503.146 | DX97: =SUM(G97:DW97) -> 6035520.7
A98: =Language!A$618 -> темп изменения цен | C98: =Language!$A$484 -> % в год | F98: Skip=1;Color=*;Mode=avg | G98: =CHOOSE($D87,Параметры!G$53,Параметры!G$62,Параметры!G$68) -> 0.07 | H98: =CHOOSE($D87,Параметры!H$53,Параметры!H$62,Параметры!H$68) -> 0.07 | I98: =CHOOSE($D87,Параметры!I$53,Параметры!I$62,Параметры!I$68) -> 0.07 | J98: =CHOOSE($D87,Параметры!J$53,Параметры!J$62,Параметры!J$68) -> 0.07 | K98: =CHOOSE($D87,Параметры!K$53,Параметры!K$62,Параметры!K$68) -> 0.07 | L98: =CHOOSE($D87,Параметры!L$53,Параметры!L$62,Параметры!L$68) -> 0.07 | M98: =CHOOSE($D87,Параметры!M$53,Параметры!M$62,Параметры!M$68) -> 0.07 | N98: =CHOOSE($D87,Параметры!N$53,Параметры!N$62,Параметры!N$68) -> 0.07 | ... DV98: =CHOOSE($D87,Параметры!DV$53,Параметры!DV$62,Параметры!DV$68) -> 0.07
A99: =Language!A$619 -> ставка НДС | C99: % | F99: Skip=1;Color=*;Mode=avg | G99: =IF(G$2=1,Параметры!G$78,IF(F99=Параметры!F$78,Параметры!F$78,F99)) -> 0.2 | H99: =IF(H$2=1,Параметры!H$78,IF(G99=Параметры!G$78,Параметры!G$78,G99)) -> 0.2 | I99: =IF(I$2=1,Параметры!I$78,IF(H99=Параметры!H$78,Параметры!H$78,H99)) -> 0.2 | J99: =IF(J$2=1,Параметры!J$78,IF(I99=Параметры!I$78,Параметры!I$78,I99)) -> 0.2 | K99: =IF(K$2=1,Параметры!K$78,IF(J99=Параметры!J$78,Параметры!J$78,J99)) -> 0.2 | L99: =IF(L$2=1,Параметры!L$78,IF(K99=Параметры!K$78,Параметры!K$78,K99)) -> 0.2 | M99: =IF(M$2=1,Параметры!M$78,IF(L99=Параметры!L$78,Параметры!L$78,L99)) -> 0.2 | N99: =IF(N$2=1,Параметры!N$78,IF(M99=Параметры!M$78,Параметры!M$78,M99)) -> 0.2 | ... DV99: =IF(DV$2=1,Параметры!DV$78,IF(DU99=Параметры!DU$78,Параметры!DU$78,DU99)) -> 0.2
A100: =Language!A$620 -> акцизы, на единицу | C100: =CHOOSE(D100,CurName1,CurName2,CurName3)&"/"&C88 -> тыс. руб./тонн | D100: =D87 -> 1 | F100: Skip=1;Color=*;Mode=avg | G100: 0 | H100: =G100 -> 0 | I100: =H100 -> 0 | J100: =I100 -> 0 | K100: =J100 -> 0 | L100: =K100 -> 0 | M100: =L100 -> 0 | N100: =M100 -> 0 | O100: =N100 -> 0 | ... DV100: =DU100 -> 0
A101: =Language!A$621 -> ставка акцизов, в процентах | C101: % | F101: Skip=1;Color=*;Mode=avg | G101: 0 | H101: =G101 -> 0 | I101: =H101 -> 0 | J101: =I101 -> 0 | K101: =J101 -> 0 | L101: =K101 -> 0 | M101: =L101 -> 0 | N101: =M101 -> 0 | O101: =N101 -> 0 | ... DV101: =DU101 -> 0
...

Sheet ПРОДАЖИ
B3: Период: | C3: =Проект!G1 -> авг.22 | D3: =Проект!H1 -> сен.22 | E3: =Проект!I1 -> окт.22 | F3: =Проект!J1 -> ноя.22 | G3: =Проект!K1 -> дек.22 | H3: =Проект!L1 -> янв.23 | I3: =Проект!M1 -> фев.23 | J3: =Проект!N1 -> мар.23 | ... DR3: =Проект!DV1 -> июл.32
C4: =Проект!G2 -> 1 | D4: =Проект!H2 -> 2 | E4: =Проект!I2 -> 3 | F4: =Проект!J2 -> 4 | G4: =Проект!K2 -> 5 | H4: =Проект!L2 -> 6 | I4: =Проект!M2 -> 7 | J4: =Проект!N2 -> 8 | ... DR4: =Проект!DV2 -> 120
B5: Общий объем продукции (тонн)
B6: Дизельное топливо | C6: =Проект!G8 -> 324 | D6: =Проект!H8 -> 972 | E6: =Проект!I8 -> 1458 | F6: =Проект!J8 -> 1782 | G6: =Проект!K8 -> 2106 | H6: =Проект!L8 -> 2430 | I6: =Проект!M8 -> 2754 | J6: =Проект!N8 -> 3013.2 | ... DR6: =Проект!DV8 -> 3564
B7: Мазут | C7: =Проект!G28 -> 162 | D7: =Проект!H28 -> 486 | E7: =Проект!I28 -> 729 | F7: =Проект!J28 -> 891 | G7: =Проект!K28 -> 1053 | H7: =Проект!L28 -> 1215 | I7: =Проект!M28 -> 1377 | J7: =Проект!N28 -> 1506.6 | ... DR7: =Проект!DV28 -> 1782
B8: Бензин | C8: =Проект!G48 -> 54 | D8: =Проект!H48 -> 162 | E8: =Проект!I48 -> 243 | F8: =Проект!J48 -> 297 | G8: =Проект!K48 -> 351 | H8: =Проект!L48 -> 405 | I8: =Проект!M48 -> 459 | J8: =Проект!N48 -> 502.2 | ... DR8: =Проект!DV48 -> 594
B9: Битум | C9: =Проект!G68 -> 0 | D9: =Проект!H68 -> 0 | E9: =Проект!I68 -> 450 | F9: =Проект!J68 -> 810 | G9: =Проект!K68 -> 1080 | H9: =Проект!L68 -> 1080 | I9: =Проект!M68 -> 1080 | J9: =Проект!N68 -> 1080 | ... DR9: =Проект!DV68 -> 1800
B10: Печное топливо | C10: =Проект!G88 -> 0 | D10: =Проект!H88 -> 0 | E10: =Проект!I88 -> 450 | F10: =Проект!J88 -> 810 | G10: =Проект!K88 -> 1080 | H10: =Проект!L88 -> 1080 | I10: =Проект!M88 -> 1080 | J10: =Проект!N88 -> 1080 | ... DR10: =Проект!DV88 -> 1800
B12: Планируемый контрагент:
B13: ООО «Волга-ГЭС» (3443046899)
B14: Мазут | C14: =C7*0.4 -> 64.8 | D14: =D7*0.4 -> 194.4 | E14: =E7*0.4 -> 291.6 | F14: =F7*0.4 -> 356.4 | G14: =G7*0.4 -> 421.2 | H14: =H7*0.4 -> 486 | I14: =I7*0.4 -> 550.8 | J14: =J7*0.4 -> 602.64 | ... DR14: =DR7*0.4 -> 712.8
B16: ООО Чарах (0510011659)
B17: Мазут | C17: =C7*0.4 -> 64.8 | D17: =D7*0.4 -> 194.4 | E17: =E7*0.4 -> 291.6 | F17: =F7*0.4 -> 356.4 | G17: =G7*0.4 -> 421.2 | H17: =H7*0.4 -> 486 | I17: =I7*0.4 -> 550.8 | J17: =J7*0.4 -> 602.64 | ... DR17: =DR7*0.4 -> 712.8
B19: ООО "Югнефтепродукт" (0573008384)
B20: Дизельное топливо | C20: =C6*0.4 -> 129.6 | D20: =D6*0.4 -> 388.8 | E20: =E6*0.4 -> 583.2 | F20: =F6*0.4 -> 712.8 | G20: =G6*0.4 -> 842.4 | H20: =H6*0.4 -> 972 | I20: =I6*0.4 -> 1101.6 | J20: =J6*0.4 -> 1205.28 | ... DR20: =DR6*0.4 -> 1425.6
B21: Мазут | C21: =C7*0.2 -> 32.4 | D21: =D7*0.2 -> 97.2 | E21: =E7*0.2 -> 145.8 | F21: =F7*0.2 -> 178.2 | G21: =G7*0.2 -> 210.6 | H21: =H7*0.2 -> 243 | I21: =I7*0.2 -> 275.4 | J21: =J7*0.2 -> 301.32 | ... BO21: =BO7*0.2 -> 301.32 | BP21: =BP7*0.15 -> 225.99 | BQ21: =BQ7*0.15 -> 225.99 | BR21: =BR7*0.15 -> 267.3 | BS21: =BS7*0.15 -> 267.3 | BT21: =BT7*0.15 -> 267.3 | BU21: =BU7*0.15 -> 267.3 | BV21: =BV7*0.15 -> 267.3 | BW21: =BW7*0.15 -> 267.3 | ... DR21: =DR7*0.15 -> 267.3
B23: ООО НК "Развитие" (7702278423)
B24: Дизельное топливо | C24: =C6*0.35 -> 113.4 | D24: =D6*0.35 -> 340.2 | E24: =E6*0.35 -> 510.3 | F24: =F6*0.35 -> 623.7 | G24: =G6*0.35 -> 737.1 | H24: =H6*0.35 -> 850.5 | I24: =I6*0.35 -> 963.9 | J24: =J6*0.35 -> 1054.62 | ... DR24: =DR6*0.35 -> 1247.4
B26: ООО "Айтэкойл" (0268070989)
B27: Дизельное топливо | C27: =C6*0.25 -> 81 | D27: =D6*0.25 -> 243 | E27: =E6*0.25 -> 364.5 | F27: =F6*0.25 -> 445.5 | G27: =G6*0.25 -> 526.5 | H27: =H6*0.25 -> 607.5 | I27: =I6*0.25 -> 688.5 | J27: =J6*0.25 -> 753.3 | ... DR27: =DR6*0.25 -> 891
B29: ООО "Желдортранс" (5836685596)
B30: Бензин | C30: =C8 -> 54 | D30: =D8 -> 162 | E30: =E8 -> 243 | F30: =F8 -> 297 | G30: =G8 -> 351 | H30: =H8 -> 405 | I30: =I8 -> 459 | J30: =J8 -> 502.2 | ... DR30: =DR8 -> 594
B32: ООО "АстЩебСнаб" (3019024240)
B33: Дизельное топливо | C33: =C6*0.2 -> 64.8 | D33: =D6*0.2 -> 194.4 | E33: =E6*0.2 -> 291.6 | F33: =F6*0.2 -> 356.4 | G33: =G6*0.2 -> 421.2 | H33: =H6*0.2 -> 486 | I33: =I6*0.2 -> 550.8 | J33: =J6*0.2 -> 602.64 | ... DR33: =DR6*0.2 -> 712.8
B35: ООО "Омега" (2311238899)
B36: Битум | C36: =C9 -> 0 | D36: =D9 -> 0 | E36: =E9 -> 450 | F36: =F9 -> 810 | G36: =G9 -> 1080 | H36: =H9 -> 1080 | I36: =I9 -> 1080 | J36: =J9 -> 1080 | ... DR36: =DR9 -> 1800
B37: Печное Топливо | C37: =C10 -> 0 | D37: =D10 -> 0 | E37: =E10 -> 450 | F37: =F10 -> 810 | G37: =G10 -> 1080 | H37: =H10 -> 1080 | I37: =I10 -> 1080 | J37: =J10 -> 1080 | ... DR37: =DR10 -> 1800

Sheet Отчеты
A1: =Language!A18 & " :: " & Prj_Name -> Отчеты :: Производство нефтепродуктов | D1: Cur | E1: ID | F1: Flags | G1: =Параметры!G$40 -> авг.22 | H1: =Параметры!H$40 -> сен.22 | I1: =Параметры!I$40 -> окт.22 | J1: =Параметры!J$40 -> ноя.22 | K1: =Параметры!K$40 -> дек.22 | L1: =Параметры!L$40 -> янв.23 | M1: =Параметры!M$40 -> фев.23 | N1: =Параметры!N$40 -> мар.23 | ... DV1: =Параметры!DV$40 -> июл.32 | DX1: =Language!$A$1463 -> ИТОГО
G2: =Параметры!G31 -> 1 | H2: =Параметры!H31 -> 2 | I2: =Параметры!I31 -> 3 | J2: =Параметры!J31 -> 4 | K2: =Параметры!K31 -> 5 | L2: =Параметры!L31 -> 6 | M2: =Параметры!M31 -> 7 | N2: =Параметры!N31 -> 8 | ... DV2: =Параметры!DV31 -> 120
A4: =Language!A1218 -> ОТЧЕТ О ПРИБЫЛЯХ И УБЫТКАХ | E4: TABLE::PROFIT | F4: Help=401;Skip=bc;AddTitle=CurReport | G4: =Параметры!G$40 -> авг.22 | H4: =Параметры!H$40 -> сен.22 | I4: =Параметры!I$40 -> окт.22 | J4: =Параметры!J$40 -> ноя.22 | K4: =Параметры!K$40 -> дек.22 | L4: =Параметры!L$40 -> янв.23 | M4: =Параметры!M$40 -> фев.23 | N4: =Параметры!N$40 -> мар.23 | ... DV4: =Параметры!DV$40 -> июл.32 | DX4: =Language!$A$1463 -> ИТОГО
F5: Skip=1
A6: =Language!A1219 -> Выручка | C6: =Параметры!$C$70 -> тыс. руб. | E6: PL01 | F6: Mode=sum | G6: =Проект!G109/Параметры!G$70 -> 17118 | H6: =Проект!H109/Параметры!H$70 -> 51644.363 | I6: =Проект!I109/Параметры!I$70 -> 99294.398 | J6: =Проект!J109/Параметры!J$70 -> 134474.46 | K6: =Проект!K109/Параметры!K$70 -> 165722.69 | L6: =Проект!L109/Параметры!L$70 -> 184267.16 | M6: =Проект!M109/Параметры!M$70 -> 203016.03 | N6: =Проект!N109/Параметры!N$70 -> 218409.6 | ... DV6: =Проект!DV109/Параметры!DV$70 -> 533813.41 | DX6: =SUM(G6:DW6) -> 41765893
A7: =Language!A1220 -> Себестоимость: | C7: =Параметры!$C$70 -> тыс. руб. | E7: PL02 | F7: Mode=sum | G7: =SUM(G8:G10) -> -18256.4 | H7: =SUM(H8:H10) -> -52137.536 | I7: =SUM(I8:I10) -> -87921.27 | J7: =SUM(J8:J10) -> -113553.97 | K7: =SUM(K8:K10) -> -137448.57 | L7: =SUM(L8:L10) -> -155499.9 | M7: =SUM(M8:M10) -> -173750.97 | N7: =SUM(N8:N10) -> -188709.44 | ... DV7: =SUM(DV8:DV10) -> -441678.38 | DX7: =SUM(G7:DW7) -> -35162231
A8: =Language!A1221 -> сырье и материалы | C8: =Параметры!$C$70 -> тыс. руб. | E8: PL03 | F8: Skip=2;Mode=sum | G8: =-Проект!G272/Параметры!G$70 -> -16794 | H8: =-Проект!H272/Параметры!H$70 -> -50666.867 | I8: =-Проект!I272/Параметры!I$70 -> -86442.286 | J8: =-Проект!J272/Параметры!J$70 -> -112066.63 | K8: =-Проект!K272/Параметры!K$70 -> -135952.81 | L8: =-Проект!L272/Параметры!L$70 -> -153995.69 | M8: =-Проект!M272/Параметры!M$70 -> -172238.25 | N8: =-Проект!N272/Параметры!N$70 -> -187188.17 | ... DV8: =-Проект!DV272/Параметры!DV$70 -> -438817.79 | DX8: =SUM(G8:DW8) -> -34912085
A9: =Language!A1222 -> производственный персонал | C9: =Параметры!$C$70 -> тыс. руб. | E9: PL04 | F9: Skip=2;Mode=sum | G9: =-Проект!G380/Параметры!G$70 -> -1362.4 | H9: =-Проект!H380/Параметры!H$70 -> -1370.1032 | I9: =-Проект!I380/Параметры!I$70 -> -1377.85 | J9: =-Проект!J380/Параметры!J$70 -> -1385.6405 | K9: =-Проект!K380/Параметры!K$70 -> -1393.4751 | L9: =-Проект!L380/Параметры!L$70 -> -1401.3541 | M9: =-Проект!M380/Параметры!M$70 -> -1409.2775 | N9: =-Проект!N380/Параметры!N$70 -> -1417.2458 | ... DV9: =-Проект!DV380/Параметры!DV$70 -> -2664.9788 | DX9: =SUM(G9:DW9) -> -233040.88
A10: =Language!A1223 -> производственные расходы | C10: =Параметры!$C$70 -> тыс. руб. | E10: PL05 | F10: Skip=2;Mode=sum | G10: =-Проект!G459/Параметры!G$70 -> -100 | H10: =-Проект!H459/Параметры!H$70 -> -100.56541 | I10: =-Проект!I459/Параметры!I$70 -> -101.13403 | J10: =-Проект!J459/Параметры!J$70 -> -101.70585 | K10: =-Проект!K459/Параметры!K$70 -> -102.28091 | L10: =-Проект!L459/Параметры!L$70 -> -102.85922 | M10: =-Проект!M459/Параметры!M$70 -> -103.4408 | N10: =-Проект!N459/Параметры!N$70 -> -104.02567 | ... DV10: =-Проект!DV459/Параметры!DV$70 -> -195.60913 | DX10: =SUM(G10:DW10) -> -17105.173
A11: =Language!A1225 -> Валовая прибыль | C11: =Параметры!$C$70 -> тыс. руб. | E11: PL06 | F11: Mode=sum | G11: =SUM(G6:G7) -> -1138.4 | H11: =SUM(H6:H7) -> -493.17279 | I11: =SUM(I6:I7) -> 11373.128 | J11: =SUM(J6:J7) -> 20920.487 | K11: =SUM(K6:K7) -> 28274.126 | L11: =SUM(L6:L7) -> 28767.256 | M11: =SUM(M6:M7) -> 29265.059 | N11: =SUM(N6:N7) -> 29700.162 | ... DV11: =SUM(DV6:DV7) -> 92135.032 | DX11: =SUM(G11:DW11) -> 6603662.2
F12: Skip=1
A13: =Language!A1226 -> Административный и коммерческий персонал | C13: =Параметры!$C$70 -> тыс. руб. | E13: PL07 | F13: Skip=2;Mode=sum | G13: =(-Проект!G388-Проект!G396)/Параметры!G$70 -> -327.5 | H13: =(-Проект!H388-Проект!H396)/Параметры!H$70 -> -329.35173 | I13: =(-Проект!I388-Проект!I396)/Параметры!I$70 -> -331.21394 | J13: =(-Проект!J388-Проект!J396)/Параметры!J$70 -> -333.08667 | K13: =(-Проект!K388-Проект!K396)/Параметры!K$70 -> -334.96999 | L13: =(-Проект!L388-Проект!L396)/Параметры!L$70 -> -336.86396 | M13: =(-Проект!M388-Проект!M396)/Параметры!M$70 -> -338.76863 | N13: =(-Проект!N388-Проект!N396)/Параметры!N$70 -> -340.68408 | ... DV13: =(-Проект!DV388-Проект!DV396)/Параметры!DV$70 -> -640.61991 | DX13: =SUM(G13:DW13) -> -56019.442
A14: =Language!A1227 -> Административные расходы | C14: =Параметры!$C$70 -> тыс. руб. | E14: PL08 | F14: Skip=2;Mode=sum | G14: =-Проект!G472/Параметры!G$70 -> 0 | H14: =-Проект!H472/Параметры!H$70 -> 0 | I14: =-Проект!I472/Параметры!I$70 -> 0 | J14: =-Проект!J472/Параметры!J$70 -> 0 | K14: =-Проект!K472/Параметры!K$70 -> 0 | L14: =-Проект!L472/Параметры!L$70 -> 0 | M14: =-Проект!M472/Параметры!M$70 -> 0 | N14: =-Проект!N472/Параметры!N$70 -> 0 | ... DV14: =-Проект!DV472/Параметры!DV$70 -> 0 | DX14: =SUM(G14:DW14) -> 0
A15: =Language!A1228 -> Коммерческие расходы | C15: =Параметры!$C$70 -> тыс. руб. | E15: PL09 | F15: Skip=2;Mode=sum | G15: =-Проект!G485/Параметры!G$70 -> -25 | H15: =-Проект!H485/Параметры!H$70 -> -25.141354 | I15: =-Проект!I485/Параметры!I$70 -> -25.283507 | J15: =-Проект!J485/Параметры!J$70 -> -25.426463 | K15: =-Проект!K485/Параметры!K$70 -> -25.570228 | L15: =-Проект!L485/Параметры!L$70 -> -25.714806 | M15: =-Проект!M485/Параметры!M$70 -> -25.860201 | N15: =-Проект!N485/Параметры!N$70 -> -26.006418 | ... DV15: =-Проект!DV485/Параметры!DV$70 -> -48.902283 | DX15: =SUM(G15:DW15) -> -4276.2933
A16: =Language!A1229 -> Налоги и сборы | C16: =Параметры!$C$70 -> тыс. руб. | E16: PL10 | F16: Skip=2;Mode=sum | G16: =-SUM(Проект!G875,Проект!G879:G880,Проект!G901)/Параметры!G$70 -> 0 | H16: =-SUM(Проект!H875,Проект!H879:H880,Проект!H901)/Параметры!H$70 -> 0 | I16: =-SUM(Проект!I875,Проект!I879:I880,Проект!I901)/Параметры!I$70 -> 0 | J16: =-SUM(Проект!J875,Проект!J879:J880,Проект!J901)/Параметры!J$70 -> 0 | K16: =-SUM(Проект!K875,Проект!K879:K880,Проект!K901)/Параметры!K$70 -> 0 | L16: =-SUM(Проект!L875,Проект!L879:L880,Проект!L901)/Параметры!L$70 -> 0 | M16: =-SUM(Проект!M875,Проект!M879:M880,Проект!M901)/Параметры!M$70 -> 0 | N16: =-SUM(Проект!N875,Проект!N879:N880,Проект!N901)/Параметры!N$70 -> 0 | ... DV16: =-SUM(Проект!DV875,Проект!DV879:DV880,Проект!DV901)/Параметры!DV$70 -> 0 | DX16: =SUM(G16:DW16) -> 0
A17: =Language!A1230 -> EBITDA | C17: =Параметры!$C$70 -> тыс. руб. | E17: PL11 | F17: Mode=sum | G17: =SUM(G11,G13:G16) -> -1490.9 | H17: =SUM(H11,H13:H16) -> -847.66588 | I17: =SUM(I11,I13:I16) -> 11016.631 | J17: =SUM(J11,J13:J16) -> 20561.974 | K17: =SUM(K11,K13:K16) -> 27913.586 | L17: =SUM(L11,L13:L16) -> 28404.677 | M17: =SUM(M11,M13:M16) -> 28900.43 | N17: =SUM(N11,N13:N16) -> 29333.472 | ... DV17: =SUM(DV11,DV13:DV16) -> 91445.509 | DX17: =SUM(G17:DW17) -> 6543366.5
A19: =Language!A1231 -> Лизинговые платежи | C19: =Параметры!$C$70 -> тыс. руб. | E19: PL12 | F19: Skip=2;Mode=sum | G19: =-SUM(Проект!G740:G741)/Параметры!G$70 -> 0 | H19: =-SUM(Проект!H740:H741)/Параметры!H$70 -> 0 | I19: =-SUM(Проект!I740:I741)/Параметры!I$70 -> 0 | J19: =-SUM(Проект!J740:J741)/Параметры!J$70 -> 0 | K19: =-SUM(Проект!K740:K741)/Параметры!K$70 -> 0 | L19: =-SUM(Проект!L740:L741)/Параметры!L$70 -> 0 | M19: =-SUM(Проект!M740:M741)/Параметры!M$70 -> 0 | N19: =-SUM(Проект!N740:N741)/Параметры!N$70 -> 0 | ... DV19: =-SUM(Проект!DV740:DV741)/Параметры!DV$70 -> 0 | DX19: =SUM(G19:DW19) -> 0
A20: =Language!A1232 -> Амортизация | C20: =Параметры!$C$70 -> тыс. руб. | E20: PL13 | F20: Mode=sum | G20: =-SUM(Проект!G675,Проект!G690,Проект!G704,Проект!G712,Старт!G70,Старт!G77,Старт!G84)/Параметры!G$70 -> 0 | H20: =-SUM(Проект!H675,Проект!H690,Проект!H704,Проект!H712,Старт!H70,Старт!H77,Старт!H84)/Параметры!H$70 -> 0 | I20: =-SUM(Проект!I675,Проект!I690,Проект!I704,Проект!I712,Старт!I70,Старт!I77,Старт!I84)/Параметры!I$70 -> 0 | J20: =-SUM(Проект!J675,Проект!J690,Проект!J704,Проект!J712,Старт!J70,Старт!J77,Старт!J84)/Параметры!J$70 -> 0 | K20: =-SUM(Проект!K675,Проект!K690,Проект!K704,Проект!K712,Старт!K70,Старт!K77,Старт!K84)/Параметры!K$70 -> 0 | L20: =-SUM(Проект!L675,Проект!L690,Проект!L704,Проект!L712,Старт!L70,Старт!L77,Старт!L84)/Параметры!L$70 -> 0 | M20: =-SUM(Проект!M675,Проект!M690,Проект!M704,Проект!M712,Старт!M70,Старт!M77,Старт!M84)/Параметры!M$70 -> 0 | N20: =-SUM(Проект!N675,Проект!N690,Проект!N704,Проект!N712,Старт!N70,Старт!N77,Старт!N84)/Параметры!N$70 -> 0 | ... DV20: =-SUM(Проект!DV675,Проект!DV690,Проект!DV704,Проект!DV712,Старт!DV70,Старт!DV77,Старт!DV84)/Параметры!DV$70 -> -416.66667 | DX20: =SUM(G20:DW20) -> -44981.333
A21: =Language!A$1233 -> Проценты к уплате | C21: =Параметры!$C$70 -> тыс. руб. | E21: PL14 | F21: Mode=sum | G21: =(-Проект!G855-Старт!G112)/Параметры!G$70 -> 0 | H21: =(-Проект!H855-Старт!H112)/Параметры!H$70 -> 0 | I21: =(-Проект!I855-Старт!I112)/Параметры!I$70 -> -4560 | J21: =(-Проект!J855-Старт!J112)/Параметры!J$70 -> -4510 | K21: =(-Проект!K855-Старт!K112)/Параметры!K$70 -> -3721 | L21: =(-Проект!L855-Старт!L112)/Параметры!L$70 -> -3928 | M21: =(-Проект!M855-Старт!M112)/Параметры!M$70 -> -3914 | N21: =(-Проект!N855-Старт!N112)/Параметры!N$70 -> -3436 | ... DV21: =(-Проект!DV855-Старт!DV112)/Параметры!DV$70 -> 0 | DX21: =SUM(G21:DW21) -> -39210
A22: =Language!A1234 -> Прибыль (убыток) от операционной деятельности | C22: =Параметры!$C$70 -> тыс. руб. | E22: PL15 | F22: Mode=sum | G22: =SUM(G17,G19:G21) -> -1490.9 | H22: =SUM(H17,H19:H21) -> -847.66588 | I22: =SUM(I17,I19:I21) -> 6456.6306 | J22: =SUM(J17,J19:J21) -> 16051.974 | K22: =SUM(K17,K19:K21) -> 24192.586 | L22: =SUM(L17,L19:L21) -> 24476.677 | M22: =SUM(M17,M19:M21) -> 24986.43 | N22: =SUM(N17,N19:N21) -> 25897.472 | ... DV22: =SUM(DV17,DV19:DV21) -> 91028.843 | DX22: =SUM(G22:DW22) -> 6459175.2
F23: Skip=1
A24: =Language!A1235 -> Доходы от реализации внеоборотных активов | C24: =Параметры!$C$70 -> тыс. руб. | E24: PL16 | F24: Skip=2;Mode=sum | G24: =SUM(Проект!G670,Проект!G682,Проект!G697,Проект!G717)/Параметры!G$70 -> 0 | H24: =SUM(Проект!H670,Проект!H682,Проект!H697,Проект!H717)/Параметры!H$70 -> 0 | I24: =SUM(Проект!I670,Проект!I682,Проект!I697,Проект!I717)/Параметры!I$70 -> 0 | J24: =SUM(Проект!J670,Проект!J682,Проект!J697,Проект!J717)/Параметры!J$70 -> 0 | K24: =SUM(Проект!K670,Проект!K682,Проект!K697,Проект!K717)/Параметры!K$70 -> 0 | L24: =SUM(Проект!L670,Проект!L682,Проект!L697,Проект!L717)/Параметры!L$70 -> 0 | M24: =SUM(Проект!M670,Проект!M682,Проект!M697,Проект!M717)/Параметры!M$70 -> 0 | N24: =SUM(Проект!N670,Проект!N682,Проект!N697,Проект!N717)/Параметры!N$70 -> 0 | ... DV24: =SUM(Проект!DV670,Проект!DV682,Проект!DV697,Проект!DV717)/Параметры!DV$70 -> 0 | DX24: =SUM(G24:DW24) -> 0
A25: =Language!A1236 -> Курсовые разницы | C25: =Параметры!$C$70 -> тыс. руб. | E25: PL17 | F25: Skip=2;Mode=sum | G25: =SUM(Проект!G117,Проект!G284,Проект!G725,Проект!G762,Проект!G770,Проект!G789,Проект!G863)/Параметры!G$70 -> 0 | H25: =SUM(Проект!H117,Проект!H284,Проект!H725,Проект!H762,Проект!H770,Проект!H789,Проект!H863)/Параметры!H$70 -> -1.8189894e-11 | I25: =SUM(Проект!I117,Проект!I284,Проект!I725,Проект!I762,Проект!I770,Проект!I789,Проект!I863)/Параметры!I$70 -> -1.4551915e-11 | J25: =SUM(Проект!J117,Проект!J284,Проект!J725,Проект!J762,Проект!J770,Проект!J789,Проект!J863)/Параметры!J$70 -> -2.910383e-11 | K25: =SUM(Проект!K117,Проект!K284,Проект!K725,Проект!K762,Проект!K770,Проект!K789,Проект!K863)/Параметры!K$70 -> 5.8207661e-11 | L25: =SUM(Проект!L117,Проект!L284,Проект!L725,Проект!L762,Проект!L770,Проект!L789,Проект!L863)/Параметры!L$70 -> 0 | M25: =SUM(Проект!M117,Проект!M284,Проект!M725,Проект!M762,Проект!M770,Проект!M789,Проект!M863)/Параметры!M$70 -> 1.1641532e-10 | N25: =SUM(Проект!N117,Проект!N284,Проект!N725,Проект!N762,Проект!N770,Проект!N789,Проект!N863)/Параметры!N$70 -> 1.1641532e-10 | ... DV25: =SUM(Проект!DV117,Проект!DV284,Проект!DV725,Проект!DV762,Проект!DV770,Проект!DV789,Проект!DV863)/Параметры!DV$70 -> 0 | DX25: =SUM(G25:DW25) -> 3.7249265e-08
A26: =Language!A1237 -> Прочие доходы | C26: =Параметры!$C$70 -> тыс. руб. | E26: PL18 | F26: Skip=2;Mode=sum | G26: =SUM(Проект!G758,Проект!G766,Проект!G785,Проект!G804)/Параметры!G$70 -> 0 | H26: =SUM(Проект!H758,Проект!H766,Проект!H785,Проект!H804)/Параметры!H$70 -> 0 | I26: =SUM(Проект!I758,Проект!I766,Проект!I785,Проект!I804)/Параметры!I$70 -> 0 | J26: =SUM(Проект!J758,Проект!J766,Проект!J785,Проект!J804)/Параметры!J$70 -> 0 | K26: =SUM(Проект!K758,Проект!K766,Проект!K785,Проект!K804)/Параметры!K$70 -> 0 | L26: =SUM(Проект!L758,Проект!L766,Проект!L785,Проект!L804)/Параметры!L$70 -> 0 | M26: =SUM(Проект!M758,Проект!M766,Проект!M785,Проект!M804)/Параметры!M$70 -> 0 | N26: =SUM(Проект!N758,Проект!N766,Проект!N785,Проект!N804)/Параметры!N$70 -> 0 | ... DV26: =SUM(Проект!DV758,Проект!DV766,Проект!DV785,Проект!DV804)/Параметры!DV$70 -> 0 | DX26: =SUM(G26:DW26) -> 0
A27: =Language!A1238 -> Прочие расходы | C27: =Параметры!$C$70 -> тыс. руб. | E27: PL19 | F27: Skip=2;Mode=sum | G27: =-Проект!G807/Параметры!G$70 -> 0 | H27: =-Проект!H807/Параметры!H$70 -> 0 | I27: =-Проект!I807/Параметры!I$70 -> 0 | J27: =-Проект!J807/Параметры!J$70 -> 0 | K27: =-Проект!K807/Параметры!K$70 -> 0 | L27: =-Проект!L807/Параметры!L$70 -> 0 | M27: =-Проект!M807/Параметры!M$70 -> 0 | N27: =-Проект!N807/Параметры!N$70 -> 0 | ... DV27: =-Проект!DV807/Параметры!DV$70 -> 0 | DX27: =SUM(G27:DW27) -> 0
A28: =Language!A1239 -> Прибыль до налогообложения | C28: =Параметры!$C$70 -> тыс. руб. | E28: PL20 | F28: Mode=sum | G28: =SUM(G22:G27) -> -1490.9 | H28: =SUM(H22:H27) -> -847.66588 | I28: =SUM(I22:I27) -> 6456.6306 | J28: =SUM(J22:J27) -> 16051.974 | K28: =SUM(K22:K27) -> 24192.586 | L28: =SUM(L22:L27) -> 24476.677 | M28: =SUM(M22:M27) -> 24986.43 | N28: =SUM(N22:N27) -> 25897.472 | ... DV28: =SUM(DV22:DV27) -> 91028.843 | DX28: =SUM(G28:DW28) -> 6459175.2
A29: =Language!A1240 -> Налог на прибыль | C29: =Параметры!$C$70 -> тыс. руб. | E29: PL21 | F29: Mode=sum | G29: =-SUM(Проект!G913,Проект!G927,Проект!G932)/Параметры!G$70 -> 0 | H29: =-SUM(Проект!H913,Проект!H927,Проект!H932)/Параметры!H$70 -> 0 | I29: =-SUM(Проект!I913,Проект!I927,Проект!I932)/Параметры!I$70 -> -573.61294 | J29: =-SUM(Проект!J913,Проект!J927,Проект!J932)/Параметры!J$70 -> -3127.0614 | K29: =-SUM(Проект!K913,Проект!K927,Проект!K932)/Параметры!K$70 -> -4755.1839 | L29: =-SUM(Проект!L913,Проект!L927,Проект!L932)/Параметры!L$70 -> -4812.0021 | M29: =-SUM(Проект!M913,Проект!M927,Проект!M932)/Параметры!M$70 -> -4913.9526 | N29: =-SUM(Проект!N913,Проект!N927,Проект!N932)/Параметры!N$70 -> -5096.161 | ... DV29: =-SUM(Проект!DV913,Проект!DV927,Проект!DV932)/Параметры!DV$70 -> -18205.769 | DX29: =SUM(G29:DW29) -> -1290831.3
A30: =Language!A1241 -> Чистая прибыль (убыток) | C30: =Параметры!$C$70 -> тыс. руб. | E30: PL22 | F30: Mode=sum | G30: =SUM(G28:G29) -> -1490.9 | H30: =SUM(H28:H29) -> -847.66588 | I30: =SUM(I28:I29) -> 5883.0176 | J30: =SUM(J28:J29) -> 12924.912 | K30: =SUM(K28:K29) -> 19437.402 | L30: =SUM(L28:L29) -> 19664.675 | M30: =SUM(M28:M29) -> 20072.477 | N30: =SUM(N28:N29) -> 20801.311 | ... DV30: =SUM(DV28:DV29) -> 72823.074 | DX30: =SUM(G30:DW30) -> 5168343.9
F31: Skip=1
A32: =Language!A1242 -> Выплаченные дивиденды | C32: =Параметры!$C$70 -> тыс. руб. | E32: PL23 | F32: Skip=2;Mode=sum | G32: =-Проект!G819/Параметры!G$70 -> 0 | H32: =-Проект!H819/Параметры!H$70 -> 0 | I32: =-Проект!I819/Параметры!I$70 -> 0 | J32: =-Проект!J819/Параметры!J$70 -> -2896.8737 | K32: =-Проект!K819/Параметры!K$70 -> -5706.2206 | L32: =-Проект!L819/Параметры!L$70 -> -5774.4026 | M32: =-Проект!M819/Параметры!M$70 -> -5896.7431 | N32: =-Проект!N819/Параметры!N$70 -> -6115.3932 | ... DV32: =-Проект!DV819/Параметры!DV$70 -> -21846.922 | DX32: =SUM(G32:DW32) -> -1547453.6
A33: =Language!A1243 -> Нераспределенная чистая прибыль за период | C33: =Параметры!$C$70 -> тыс. руб. | E33: PL24 | F33: Mode=sum | G33: =SUM(G30:G32) -> -1490.9 | H33: =SUM(H30:H32) -> -847.66588 | I33: =SUM(I30:I32) -> 5883.0176 | J33: =SUM(J30:J32) -> 10028.039 | K33: =SUM(K30:K32) -> 13731.182 | L33: =SUM(L30:L32) -> 13890.273 | M33: =SUM(M30:M32) -> 14175.734 | N33: =SUM(N30:N32) -> 14685.917 | ... DV33: =SUM(DV30:DV32) -> 50976.152 | DX33: =SUM(G33:DW33) -> 3620890.2
E34: END::PROFIT | F34: Skip=1
A37: =Language!A1548 -> ОТЧЕТ О ДВИЖЕНИИ ДЕНЕЖНЫХ СРЕДСТВ (прямой) | E37: TABLE::CASH | F37: Help=402;Skip=bc;AddTitle=CurReport | G37: =Параметры!G$40 -> авг.22 | H37: =Параметры!H$40 -> сен.22 | I37: =Параметры!I$40 -> окт.22 | J37: =Параметры!J$40 -> ноя.22 | K37: =Параметры!K$40 -> дек.22 | L37: =Параметры!L$40 -> янв.23 | M37: =Параметры!M$40 -> фев.23 | N37: =Параметры!N$40 -> мар.23 | ... DV37: =Параметры!DV$40 -> июл.32 | DX37: =Language!$A$1463 -> ИТОГО
F38: Skip=1
A39: =Language!A1245 -> Поступления от продаж | C39: =Параметры!$C$70 -> тыс. руб. | E39: CF01 | F39: Mode=sum | G39: =Проект!G113/Параметры!G$70 -> 20541.6 | H39: =Проект!H113/Параметры!H$70 -> 61973.236 | I39: =Проект!I113/Параметры!I$70 -> 119153.28 | J39: =Проект!J113/Параметры!J$70 -> 161369.35 | K39: =Проект!K113/Параметры!K$70 -> 198867.23 | L39: =Проект!L113/Параметры!L$70 -> 221120.59 | M39: =Проект!M113/Параметры!M$70 -> 243619.23 | N39: =Проект!N113/Параметры!N$70 -> 262091.52 | ... DV39: =Проект!DV113/Параметры!DV$70 -> 640576.09 | DX39: =SUM(G39:DW39) -> 50119071
A40: =Language!A1246 -> Оплата материалов и операционных расходов | C40: =Параметры!$C$70 -> тыс. руб. | E40: CF02 | F40: Mode=sum | G40: =-SUM(Проект!G277,Проект!G470,Проект!G483,Проект!G496)/Параметры!G$70 -> -20302.8 | H40: =-SUM(Проект!H277,Проект!H470,Проект!H483,Проект!H496)/Параметры!H$70 -> -60951.089 | I40: =-SUM(Проект!I277,Проект!I470,Проект!I483,Проект!I496)/Параметры!I$70 -> -103882.44 | J40: =-SUM(Проект!J277,Проект!J470,Проект!J483,Проект!J496)/Параметры!J$70 -> -134632.51 | K40: =-SUM(Проект!K277,Проект!K470,Проект!K483,Проект!K496)/Параметры!K$70 -> -163296.79 | L40: =-SUM(Проект!L277,Проект!L470,Проект!L483,Проект!L496)/Параметры!L$70 -> -184949.11 | M40: =-SUM(Проект!M277,Проект!M470,Проект!M483,Проект!M496)/Параметры!M$70 -> -206841.06 | N40: =-SUM(Проект!N277,Проект!N470,Проект!N483,Проект!N496)/Параметры!N$70 -> -224781.84 | ... DV40: =-SUM(Проект!DV277,Проект!DV470,Проект!DV483,Проект!DV496)/Параметры!DV$70 -> -526874.77 | DX40: =SUM(G40:DW40) -> -41920159
A41: =Language!A1247 -> Заработная плата | C41: =Параметры!$C$70 -> тыс. руб. | E41: CF03 | F41: Mode=sum | G41: =-Проект!G412/Параметры!G$70 -> -645 | H41: =-Проект!H412/Параметры!H$70 -> -1293.6469 | I41: =-Проект!I412/Параметры!I$70 -> -1300.9614 | J41: =-Проект!J412/Параметры!J$70 -> -1308.3172 | K41: =-Проект!K412/Параметры!K$70 -> -1315.7146 | L41: =-Проект!L412/Параметры!L$70 -> -1323.1539 | M41: =-Проект!M412/Параметры!M$70 -> -1330.6352 | N41: =-Проект!N412/Параметры!N$70 -> -1338.1588 | ... DV41: =-Проект!DV412/Параметры!DV$70 -> -2516.2642 | DX41: =SUM(G41:DW41) -> -219395.05
A42: =Language!A1249 -> Налоги | C42: =Параметры!$C$70 -> тыс. руб. | E42: CF05 | F42: Mode=sum | G42: =-(Проект!G942-Проект!G881)/Параметры!G$70 -> 0 | H42: =-(Проект!H942-Проект!H881)/Параметры!H$70 -> -399.9 | I42: =-(Проект!I942-Проект!I881)/Параметры!I$70 -> -402.16109 | J42: =-(Проект!J942-Проект!J881)/Параметры!J$70 -> -978.04791 | K42: =-(Проект!K942-Проект!K881)/Параметры!K$70 -> -3533.7832 | L42: =-(Проект!L942-Проект!L881)/Параметры!L$70 -> -5164.2052 | M42: =-(Проект!M942-Проект!M881)/Параметры!M$70 -> -5223.3362 | N42: =-(Проект!N942-Проект!N881)/Параметры!N$70 -> -5327.6124 | ... DV42: =-(Проект!DV942-Проект!DV881)/Параметры!DV$70 -> -37724.46 | DX42: =SUM(G42:DW42) -> -2639682
A43: =Language!A1250 -> Выплата процентов по кредитам | C43: =Параметры!$C$70 -> тыс. руб. | E43: CF06 | F43: Mode=sum | G43: =-SUM(Старт!G113,Проект!G856)/Параметры!G$70 -> 0 | H43: =-SUM(Старт!H113,Проект!H856)/Параметры!H$70 -> 0 | I43: =-SUM(Старт!I113,Проект!I856)/Параметры!I$70 -> -4560 | J43: =-SUM(Старт!J113,Проект!J856)/Параметры!J$70 -> -4510 | K43: =-SUM(Старт!K113,Проект!K856)/Параметры!K$70 -> -3721 | L43: =-SUM(Старт!L113,Проект!L856)/Параметры!L$70 -> -3928 | M43: =-SUM(Старт!M113,Проект!M856)/Параметры!M$70 -> -3914 | N43: =-SUM(Старт!N113,Проект!N856)/Параметры!N$70 -> -3436 | ... DV43: =-SUM(Старт!DV113,Проект!DV856)/Параметры!DV$70 -> 0 | DX43: =SUM(G43:DW43) -> -39210
A44: =Language!A1251 -> Лизинговые платежи | C44: =Параметры!$C$70 -> тыс. руб. | E44: CF07 | F44: Skip=2;Mode=sum | G44: =-Проект!G734/Параметры!G$70 -> 0 | H44: =-Проект!H734/Параметры!H$70 -> 0 | I44: =-Проект!I734/Параметры!I$70 -> 0 | J44: =-Проект!J734/Параметры!J$70 -> 0 | K44: =-Проект!K734/Параметры!K$70 -> 0 | L44: =-Проект!L734/Параметры!L$70 -> 0 | M44: =-Проект!M734/Параметры!M$70 -> 0 | N44: =-Проект!N734/Параметры!N$70 -> 0 | ... DV44: =-Проект!DV734/Параметры!DV$70 -> 0 | DX44: =SUM(G44:DW44) -> 0
A45: =Language!A1252 -> Прочие поступления | C45: =Параметры!$C$70 -> тыс. руб. | E45: CF08 | F45: Skip=2;Mode=sum | G45: =SUM(Проект!G758,Проект!G766,Проект!G786,Проект!G803)/Параметры!G$70 -> 0 | H45: =SUM(Проект!H758,Проект!H766,Проект!H786,Проект!H803)/Параметры!H$70 -> 0 | I45: =SUM(Проект!I758,Проект!I766,Проект!I786,Проект!I803)/Параметры!I$70 -> 0 | J45: =SUM(Проект!J758,Проект!J766,Проект!J786,Проект!J803)/Параметры!J$70 -> 0 | K45: =SUM(Проект!K758,Проект!K766,Проект!K786,Проект!K803)/Параметры!K$70 -> 0 | L45: =SUM(Проект!L758,Проект!L766,Проект!L786,Проект!L803)/Параметры!L$70 -> 0 | M45: =SUM(Проект!M758,Проект!M766,Проект!M786,Проект!M803)/Параметры!M$70 -> 0 | N45: =SUM(Проект!N758,Проект!N766,Проект!N786,Проект!N803)/Параметры!N$70 -> 0 | ... DV45: =SUM(Проект!DV758,Проект!DV766,Проект!DV786,Проект!DV803)/Параметры!DV$70 -> 0 | DX45: =SUM(G45:DW45) -> 0
A46: =Language!A1253 -> Прочие затраты | C46: =Параметры!$C$70 -> тыс. руб. | E46: CF09 | F46: Skip=2;Mode=sum | G46: =-(Проект!G700+Проект!G806)/Параметры!G$70 -> -228600 | H46: =-(Проект!H700+Проект!H806)/Параметры!H$70 -> 0 | I46: =-(Проект!I700+Проект!I806)/Параметры!I$70 -> 0 | J46: =-(Проект!J700+Проект!J806)/Параметры!J$70 -> 0 | K46: =-(Проект!K700+Проект!K806)/Параметры!K$70 -> 0 | L46: =-(Проект!L700+Проект!L806)/Параметры!L$70 -> 0 | M46: =-(Проект!M700+Проект!M806)/Параметры!M$70 -> 0 | N46: =-(Проект!N700+Проект!N806)/Параметры!N$70 -> 0 | ... DV46: =-(Проект!DV700+Проект!DV806)/Параметры!DV$70 -> 0 | DX46: =SUM(G46:DW46) -> -228600
F47: Skip=1
A48: =Language!A1254 -> Денежные потоки от операционной деятельности | C48: =Параметры!$C$70 -> тыс. руб. | E48: CF10 | F48: Mode=sum | G48: =SUM(G39:G47) -> -229006.2 | H48: =SUM(H39:H47) -> -671.40005 | I48: =SUM(I39:I47) -> 9007.7109 | J48: =SUM(J39:J47) -> 19940.476 | K48: =SUM(K39:K47) -> 26999.94 | L48: =SUM(L39:L47) -> 25756.115 | M48: =SUM(M39:M47) -> 26310.2 | N48: =SUM(N39:N47) -> 27207.911 | ... DV48: =SUM(DV39:DV47) -> 73460.605 | DX48: =SUM(G48:DW48) -> 5072025.1
F49: Skip=1
A50: =Language!A1569 -> Инвестиции в недвижимость | C50: =Параметры!$C$70 -> тыс. руб. | E50: CF11 | F50: Mode=sum | G50: =-SUM(Проект!G665,Проект!G671)/Параметры!G$70 -> 0 | H50: =-SUM(Проект!H665,Проект!H671)/Параметры!H$70 -> 0 | I50: =-SUM(Проект!I665,Проект!I671)/Параметры!I$70 -> 0 | J50: =-SUM(Проект!J665,Проект!J671)/Параметры!J$70 -> 0 | K50: =-SUM(Проект!K665,Проект!K671)/Параметры!K$70 -> 0 | L50: =-SUM(Проект!L665,Проект!L671)/Параметры!L$70 -> 0 | M50: =-SUM(Проект!M665,Проект!M671)/Параметры!M$70 -> 0 | N50: =-SUM(Проект!N665,Проект!N671)/Параметры!N$70 -> 0 | ... DV50: =-SUM(Проект!DV665,Проект!DV671)/Параметры!DV$70 -> 0 | DX50: =SUM(G50:DW50) -> 0
A51: =Language!A1257 -> Инвестиции в оборудование | C51: =Параметры!$C$70 -> тыс. руб. | E51: CF13 | F51: Mode=sum | G51: =-Проект!G685/Параметры!G$70 -> -9999.6 | H51: =-Проект!H685/Параметры!H$70 -> -3000 | I51: =-Проект!I685/Параметры!I$70 -> -47000.4 | J51: =-Проект!J685/Параметры!J$70 -> 0 | K51: =-Проект!K685/Параметры!K$70 -> 0 | L51: =-Проект!L685/Параметры!L$70 -> 0 | M51: =-Проект!M685/Параметры!M$70 -> 0 | N51: =-Проект!N685/Параметры!N$70 -> 0 | ... DV51: =-Проект!DV685/Параметры!DV$70 -> 0 | DX51: =SUM(G51:DW51) -> -60000
A52: =Language!A1258 -> Инвестиции в НМА и финансовые активы | C52: =Параметры!$C$70 -> тыс. руб. | E52: CF14 | F52: Skip=2;Mode=sum | G52: =(-SUM(Проект!G708,Проект!G756,Проект!G764,Проект!G783)+SUM(Старт!G94,Старт!G98,Проект!G757,Проект!G765,Проект!G784))/Параметры!G$70 -> 0 | H52: =(-SUM(Проект!H708,Проект!H756,Проект!H764,Проект!H783)+SUM(Старт!H94,Старт!H98,Проект!H757,Проект!H765,Проект!H784))/Параметры!H$70 -> 0 | I52: =(-SUM(Проект!I708,Проект!I756,Проект!I764,Проект!I783)+SUM(Старт!I94,Старт!I98,Проект!I757,Проект!I765,Проект!I784))/Параметры!I$70 -> 0 | J52: =(-SUM(Проект!J708,Проект!J756,Проект!J764,Проект!J783)+SUM(Старт!J94,Старт!J98,Проект!J757,Проект!J765,Проект!J784))/Параметры!J$70 -> 0 | K52: =(-SUM(Проект!K708,Проект!K756,Проект!K764,Проект!K783)+SUM(Старт!K94,Старт!K98,Проект!K757,Проект!K765,Проект!K784))/Параметры!K$70 -> 0 | L52: =(-SUM(Проект!L708,Проект!L756,Проект!L764,Проект!L783)+SUM(Старт!L94,Старт!L98,Проект!L757,Проект!L765,Проект!L784))/Параметры!L$70 -> 0 | M52: =(-SUM(Проект!M708,Проект!M756,Проект!M764,Проект!M783)+SUM(Старт!M94,Старт!M98,Проект!M757,Проект!M765,Проект!M784))/Параметры!M$70 -> 0 | N52: =(-SUM(Проект!N708,Проект!N756,Проект!N764,Проект!N783)+SUM(Старт!N94,Старт!N98,Проект!N757,Проект!N765,Проект!N784))/Параметры!N$70 -> 0 | ... DV52: =(-SUM(Проект!DV708,Проект!DV756,Проект!DV764,Проект!DV783)+SUM(Старт!DV94,Старт!DV98,Проект!DV757,Проект!DV765,Проект!DV784))/Параметры!DV$70 -> 0 | DX52: =SUM(G52:DW52) -> 0
A53: =Language!A1260 -> Выручка от реализации активов | C53: =Параметры!$C$70 -> тыс. руб. | E53: CF16 | F53: Skip=2;Mode=sum | G53: =-SUM(Проект!G669,Проект!G681,Проект!G684,Проект!G696,Проект!G699,Проект!G716,Проект!G718)/Параметры!G$70 -> 0 | H53: =-SUM(Проект!H669,Проект!H681,Проект!H684,Проект!H696,Проект!H699,Проект!H716,Проект!H718)/Параметры!H$70 -> 0 | I53: =-SUM(Проект!I669,Проект!I681,Проект!I684,Проект!I696,Проект!I699,Проект!I716,Проект!I718)/Параметры!I$70 -> 0 | J53: =-SUM(Проект!J669,Проект!J681,Проект!J684,Проект!J696,Проект!J699,Проект!J716,Проект!J718)/Параметры!J$70 -> 0 | K53: =-SUM(Проект!K669,Проект!K681,Проект!K684,Проект!K696,Проект!K699,Проект!K716,Проект!K718)/Параметры!K$70 -> 0 | L53: =-SUM(Проект!L669,Проект!L681,Проект!L684,Проект!L696,Проект!L699,Проект!L716,Проект!L718)/Параметры!L$70 -> 0 | M53: =-SUM(Проект!M669,Проект!M681,Проект!M684,Проект!M696,Проект!M699,Проект!M716,Проект!M718)/Параметры!M$70 -> 0 | N53: =-SUM(Проект!N669,Проект!N681,Проект!N684,Проект!N696,Проект!N699,Проект!N716,Проект!N718)/Параметры!N$70 -> 0 | ... DV53: =-SUM(Проект!DV669,Проект!DV681,Проект!DV684,Проект!DV696,Проект!DV699,Проект!DV716,Проект!DV718)/Параметры!DV$70 -> 0 | DX53: =SUM(G53:DW53) -> 0
F54: Skip=1
A55: =Language!A1261 -> Денежные потоки от инвестиционной деятельности | C55: =Параметры!$C$70 -> тыс. руб. | E55: CF17 | F55: Mode=sum | G55: =SUM(G50:G54) -> -9999.6 | H55: =SUM(H50:H54) -> -3000 | I55: =SUM(I50:I54) -> -47000.4 | J55: =SUM(J50:J54) -> 0 | K55: =SUM(K50:K54) -> 0 | L55: =SUM(L50:L54) -> 0 | M55: =SUM(M50:M54) -> 0 | N55: =SUM(N50:N54) -> 0 | ... DV55: =SUM(DV50:DV54) -> 0 | DX55: =SUM(G55:DW55) -> -60000
F56: Skip=1
A57: =Language!A$1262 -> Поступления собственного капитала | C57: =Параметры!$C$70 -> тыс. руб. | E57: CF18 | F57: Mode=sum | G57: =Проект!G816/Параметры!G$70 -> 0 | H57: =Проект!H816/Параметры!H$70 -> 0 | I57: =Проект!I816/Параметры!I$70 -> 0 | J57: =Проект!J816/Параметры!J$70 -> 0 | K57: =Проект!K816/Параметры!K$70 -> 0 | L57: =Проект!L816/Параметры!L$70 -> 0 | M57: =Проект!M816/Параметры!M$70 -> 0 | N57: =Проект!N816/Параметры!N$70 -> 0 | ... DV57: =Проект!DV816/Параметры!DV$70 -> 0 | DX57: =SUM(G57:DW57) -> 0
A58: =Language!A$1263 -> Поступления кредитов | C58: =Параметры!$C$70 -> тыс. руб. | E58: CF19 | F58: Mode=sum | G58: =Проект!G853/Параметры!G$70 -> 242742.36 | H58: =Проект!H853/Параметры!H$70 -> 7001.3156 | I58: =Проект!I853/Параметры!I$70 -> 38349.952 | J58: =Проект!J853/Параметры!J$70 -> 0 | K58: =Проект!K853/Параметры!K$70 -> 0 | L58: =Проект!L853/Параметры!L$70 -> 0 | M58: =Проект!M853/Параметры!M$70 -> 0 | N58: =Проект!N853/Параметры!N$70 -> 0 | ... DV58: =Проект!DV853/Параметры!DV$70 -> 0 | DX58: =SUM(G58:DW58) -> 288093.63
A59: =Language!A$1264 -> Возврат кредитов | C59: =Параметры!$C$70 -> тыс. руб. | E59: CF20 | F59: Mode=sum | G59: =-SUM(Старт!G111,Проект!G854)/Параметры!G$70 -> 0 | H59: =-SUM(Старт!H111,Проект!H854)/Параметры!H$70 -> 0 | I59: =-SUM(Старт!I111,Проект!I854)/Параметры!I$70 -> 0 | J59: =-SUM(Старт!J111,Проект!J854)/Параметры!J$70 -> -15348.14 | K59: =-SUM(Старт!K111,Проект!K854)/Параметры!K$70 -> -19673.675 | L59: =-SUM(Старт!L111,Проект!L854)/Параметры!L$70 -> -18369.452 | M59: =-SUM(Старт!M111,Проект!M854)/Параметры!M$70 -> -18866.777 | N59: =-SUM(Старт!N111,Проект!N854)/Параметры!N$70 -> -19311.971 | ... DV59: =-SUM(Старт!DV111,Проект!DV854)/Параметры!DV$70 -> 0 | DX59: =SUM(G59:DW59) -> -288093.63
A60: =Language!A1265 -> Выплата дивидендов | C60: =Параметры!$C$70 -> тыс. руб. | E60: CF21 | F60: Skip=2;Mode=sum | G60: =-Проект!G819 -> 0 | H60: =-Проект!H819 -> 0 | I60: =-Проект!I819 -> 0 | J60: =-Проект!J819 -> -2896.8737 | K60: =-Проект!K819 -> -5706.2206 | L60: =-Проект!L819 -> -5774.4026 | M60: =-Проект!M819 -> -5896.7431 | N60: =-Проект!N819 -> -6115.3932 | ... DV60: =-Проект!DV819 -> -21846.922 | DX60: =SUM(G60:DW60) -> -1547453.6
F61: Skip=1
A62: =Language!A1266 -> Денежные потоки от финансовой деятельности | C62: =Параметры!$C$70 -> тыс. руб. | E62: CF22 | F62: Mode=sum | G62: =SUM(G57:G61) -> 242742.36 | H62: =SUM(H57:H61) -> 7001.3156 | I62: =SUM(I57:I61) -> 38349.952 | J62: =SUM(J57:J61) -> -18245.013 | K62: =SUM(K57:K61) -> -25379.896 | L62: =SUM(L57:L61) -> -24143.854 | M62: =SUM(M57:M61) -> -24763.52 | N62: =SUM(N57:N61) -> -25427.364 | ... DV62: =SUM(DV57:DV61) -> -21846.922 | DX62: =SUM(G62:DW62) -> -1547453.6
F63: Skip=1
A64: =Language!A1267 -> Суммарный денежный поток за период | C64: =Параметры!$C$70 -> тыс. руб. | E64: CF23 | F64: Mode=sum | G64: =SUM(G48,G55,G62) -> 3736.5649 | H64: =SUM(H48,H55,H62) -> 3329.9155 | I64: =SUM(I48,I55,I62) -> 357.26329 | J64: =SUM(J48,J55,J62) -> 1695.4627 | K64: =SUM(K48,K55,K62) -> 1620.0438 | L64: =SUM(L48,L55,L62) -> 1612.261 | M64: =SUM(M48,M55,M62) -> 1546.6797 | N64: =SUM(N48,N55,N62) -> 1780.5466 | ... DV64: =SUM(DV48,DV55,DV62) -> 51613.683 | DX64: =SUM(G64:DW64) -> 3464571.5
A65: =Language!A1268 -> Денежные средства на начало периода | C65: =Параметры!$C$70 -> тыс. руб. | E65: CF24 | F65: Skip=1;Mode=beg | G65: =IF(G$2=1,Старт!B6/Параметры!G$70,F66) -> 0 | H65: =IF(H$2=1,Старт!C6/Параметры!H$70,G66) -> 3736.5649 | I65: =IF(I$2=1,Старт!D6/Параметры!I$70,H66) -> 7066.4804 | J65: =IF(J$2=1,Старт!E6/Параметры!J$70,I66) -> 7423.7437 | K65: =IF(K$2=1,Старт!F6/Параметры!K$70,J66) -> 9119.2064 | L65: =IF(L$2=1,Старт!G6/Параметры!L$70,K66) -> 10739.25 | M65: =IF(M$2=1,Старт!H6/Параметры!M$70,L66) -> 12351.511 | N65: =IF(N$2=1,Старт!I6/Параметры!N$70,M66) -> 13898.191 | ... DV65: =IF(DV$2=1,Старт!DQ6/Параметры!DV$70,DU66) -> 3412957.8
A66: =Language!A1269 -> Денежные средства на конец периода | C66: =Параметры!$C$70 -> тыс. руб. | E66: CF25 | F66: Mode=end | G66: =IF(G$2=1,SUM(G64:G65)+SUM(Проект!G$508,Проект!G$514,Проект!G$520,Проект!G$526,Проект!G$532,Проект!G$538,Проект!G$545,Проект!G$551,Проект!G$556,Проект!G$561)/Параметры!G$70,G64+F66*Параметры!F$70/Параметры!G$70+SUM(Проект!G$508,Проект!G$514,Проект!G$520,Проект!G$526,Проект!G$532,Проект!G$538,Проект!G$545,Проект!G$551,Проект!G$556,Проект!G$561)/Параметры!G$70) -> 3736.5649 | H66: =IF(H$2=1,SUM(H64:H65)+SUM(Проект!H$508,Проект!H$514,Проект!H$520,Проект!H$526,Проект!H$532,Проект!H$538,Проект!H$545,Проект!H$551,Проект!H$556,Проект!H$561)/Параметры!H$70,H64+G66*Параметры!G$70/Параметры!H$70+SUM(Проект!H$508,Проект!H$514,Проект!H$520,Проект!H$526,Проект!H$532,Проект!H$538,Проект!H$545,Проект!H$551,Проект!H$556,Проект!H$561)/Параметры!H$70) -> 7066.4804 | I66: =IF(I$2=1,SUM(I64:I65)+SUM(Проект!I$508,Проект!I$514,Проект!I$520,Проект!I$526,Проект!I$532,Проект!I$538,Проект!I$545,Проект!I$551,Проект!I$556,Проект!I$561)/Параметры!I$70,I64+H66*Параметры!H$70/Параметры!I$70+SUM(Проект!I$508,Проект!I$514,Проект!I$520,Проект!I$526,Проект!I$532,Проект!I$538,Проект!I$545,Проект!I$551,Проект!I$556,Проект!I$561)/Параметры!I$70) -> 7423.7437 | J66: =IF(J$2=1,SUM(J64:J65)+SUM(Проект!J$508,Проект!J$514,Проект!J$520,Проект!J$526,Проект!J$532,Проект!J$538,Проект!J$545,Проект!J$551,Проект!J$556,Проект!J$561)/Параметры!J$70,J64+I66*Параметры!I$70/Параметры!J$70+SUM(Проект!J$508,Проект!J$514,Проект!J$520,Проект!J$526,Проект!J$532,Проект!J$538,Проект!J$545,Проект!J$551,Проект!J$556,Проект!J$561)/Параметры!J$70) -> 9119.2064 | K66: =IF(K$2=1,SUM(K64:K65)+SUM(Проект!K$508,Проект!K$514,Проект!K$520,Проект!K$526,Проект!K$532,Проект!K$538,Проект!K$545,Проект!K$551,Проект!K$556,Проект!K$561)/Параметры!K$70,K64+J66*Параметры!J$70/Параметры!K$70+SUM(Проект!K$508,Проект!K$514,Проект!K$520,Проект!K$526,Проект!K$532,Проект!K$538,Проект!K$545,Проект!K$551,Проект!K$556,Проект!K$561)/Параметры!K$70) -> 10739.25 | L66: =IF(L$2=1,SUM(L64:L65)+SUM(Проект!L$508,Проект!L$514,Проект!L$520,Проект!L$526,Проект!L$532,Проект!L$538,Проект!L$545,Проект!L$551,Проект!L$556,Проект!L$561)/Параметры!L$70,L64+K66*Параметры!K$70/Параметры!L$70+SUM(Проект!L$508,Проект!L$514,Проект!L$520,Проект!L$526,Проект!L$532,Проект!L$538,Проект!L$545,Проект!L$551,Проект!L$556,Проект!L$561)/Параметры!L$70) -> 12351.511 | M66: =IF(M$2=1,SUM(M64:M65)+SUM(Проект!M$508,Проект!M$514,Проект!M$520,Проект!M$526,Проект!M$532,Проект!M$538,Проект!M$545,Проект!M$551,Проект!M$556,Проект!M$561)/Параметры!M$70,M64+L66*Параметры!L$70/Параметры!M$70+SUM(Проект!M$508,Проект!M$514,Проект!M$520,Проект!M$526,Проект!M$532,Проект!M$538,Проект!M$545,Проект!M$551,Проект!M$556,Проект!M$561)/Параметры!M$70) -> 13898.191 | N66: =IF(N$2=1,SUM(N64:N65)+SUM(Проект!N$508,Проект!N$514,Проект!N$520,Проект!N$526,Проект!N$532,Проект!N$538,Проект!N$545,Проект!N$551,Проект!N$556,Проект!N$561)/Параметры!N$70,N64+M66*Параметры!M$70/Параметры!N$70+SUM(Проект!N$508,Проект!N$514,Проект!N$520,Проект!N$526,Проект!N$532,Проект!N$538,Проект!N$545,Проект!N$551,Проект!N$556,Проект!N$561)/Параметры!N$70) -> 15678.738 | ... DV66: =IF(DV$2=1,SUM(DV64:DV65)+SUM(Проект!DV$508,Проект!DV$514,Проект!DV$520,Проект!DV$526,Проект!DV$532,Проект!DV$538,Проект!DV$545,Проект!DV$551,Проект!DV$556,Проект!DV$561)/Параметры!DV$70,DV64+DU66*Параметры!DU$70/Параметры!DV$70+SUM(Проект!DV$508,Проект!DV$514,Проект!DV$520,Проект!DV$526,Проект!DV$532,Проект!DV$538,Проект!DV$545,Проект!DV$551,Проект!DV$556,Проект!DV$561)/Параметры!DV$70) -> 3464571.5
E67: END::CASH | F67: Skip=1
A71: =Language!A$1489 -> ОТЧЕТ – ДОХОДЫ (без НДС) | E71: TABLE::PRODUCTINC | F71: Help=404;Skip=bc;AddTitle=CurReport | G71: =Параметры!G$40 -> авг.22 | H71: =Параметры!H$40 -> сен.22 | I71: =Параметры!I$40 -> окт.22 | J71: =Параметры!J$40 -> ноя.22 | K71: =Параметры!K$40 -> дек.22 | L71: =Параметры!L$40 -> янв.23 | M71: =Параметры!M$40 -> фев.23 | N71: =Параметры!N$40 -> мар.23 | ... DV71: =Параметры!DV$40 -> июл.32 | DX71: =Language!$A$1463 -> ИТОГО
F72: Skip=1
A73: =Language!A1494 -> Выручка от реализации | B73: =DX73 -> 41765893 | C73: =Параметры!$C$70 -> тыс. руб. | D73: 0 | E73: DATA.PRODUCT | F73: Header=1;Data=income;Count=5;Mode=sum | G73: =SUMIF($F73:$F79,"ID*",G73:G79) -> 17118 | H73: =SUMIF($F73:$F79,"ID*",H73:H79) -> 51644.363 | I73: =SUMIF($F73:$F79,"ID*",I73:I79) -> 99294.398 | J73: =SUMIF($F73:$F79,"ID*",J73:J79) -> 134474.46 | K73: =SUMIF($F73:$F79,"ID*",K73:K79) -> 165722.69 | L73: =SUMIF($F73:$F79,"ID*",L73:L79) -> 184267.16 | M73: =SUMIF($F73:$F79,"ID*",M73:M79) -> 203016.03 | N73: =SUMIF($F73:$F79,"ID*",N73:N79) -> 218409.6 | ... DV73: =SUMIF($F73:$F79,"ID*",DV73:DV79) -> 533813.41 | DX73: =SUM(G73:DW73) -> 41765893
A74: =Проект!A$7 -> Дизель | B74: =DX74 -> 18137841 | C74: =Параметры!C$70 -> тыс. руб. | F74: ID=139;Mode=sum | G74: =Проект!G$11*CHOOSE(Проект!$D$11,1,Параметры!G$59,Параметры!G$65)/Параметры!G$70 -> 10368 | H74: =Проект!H$11*CHOOSE(Проект!$D$11,1,Параметры!H$59,Параметры!H$65)/Параметры!H$70 -> 31279.867 | I74: =Проект!I$11*CHOOSE(Проект!$D$11,1,Параметры!I$59,Параметры!I$65)/Параметры!I$70 -> 47185.091 | J74: =Проект!J$11*CHOOSE(Проект!$D$11,1,Параметры!J$59,Параметры!J$65)/Параметры!J$70 -> 57996.745 | K74: =Проект!K$11*CHOOSE(Проект!$D$11,1,Параметры!K$59,Параметры!K$65)/Параметры!K$70 -> 68929.152 | L74: =Проект!L$11*CHOOSE(Проект!$D$11,1,Параметры!L$59,Параметры!L$65)/Параметры!L$70 -> 79983.332 | M74: =Проект!M$11*CHOOSE(Проект!$D$11,1,Параметры!M$59,Параметры!M$65)/Параметры!M$70 -> 91160.312 | N74: =Проект!N$11*CHOOSE(Проект!$D$11,1,Параметры!N$59,Параметры!N$65)/Параметры!N$70 -> 100304.05 | ... DV74: =Проект!DV$11*CHOOSE(Проект!$D$11,1,Параметры!DV$59,Параметры!DV$65)/Параметры!DV$70 -> 223088.3 | DX74: =SUM(G74:DW74) -> 18137841
A75: =Проект!A$27 -> Мазут | B75: =DX75 -> 9068920.6 | C75: =Параметры!C$70 -> тыс. руб. | F75: ID=140;Mode=sum | G75: =Проект!G$31*CHOOSE(Проект!$D$31,1,Параметры!G$59,Параметры!G$65)/Параметры!G$70 -> 5184 | H75: =Проект!H$31*CHOOSE(Проект!$D$31,1,Параметры!H$59,Параметры!H$65)/Параметры!H$70 -> 15639.933 | I75: =Проект!I$31*CHOOSE(Проект!$D$31,1,Параметры!I$59,Параметры!I$65)/Параметры!I$70 -> 23592.546 | J75: =Проект!J$31*CHOOSE(Проект!$D$31,1,Параметры!J$59,Параметры!J$65)/Параметры!J$70 -> 28998.373 | K75: =Проект!K$31*CHOOSE(Проект!$D$31,1,Параметры!K$59,Параметры!K$65)/Параметры!K$70 -> 34464.576 | L75: =Проект!L$31*CHOOSE(Проект!$D$31,1,Параметры!L$59,Параметры!L$65)/Параметры!L$70 -> 39991.666 | M75: =Проект!M$31*CHOOSE(Проект!$D$31,1,Параметры!M$59,Параметры!M$65)/Параметры!M$70 -> 45580.156 | N75: =Проект!N$31*CHOOSE(Проект!$D$31,1,Параметры!N$59,Параметры!N$65)/Параметры!N$70 -> 50152.026 | ... DV75: =Проект!DV$31*CHOOSE(Проект!$D$31,1,Параметры!DV$59,Параметры!DV$65)/Параметры!DV$70 -> 111544.15 | DX75: =SUM(G75:DW75) -> 9068920.6
A76: =Проект!A$47 -> Бензин | B76: =DX76 -> 2739569.8 | C76: =Параметры!C$70 -> тыс. руб. | F76: ID=141;Mode=sum | G76: =Проект!G$51*CHOOSE(Проект!$D$51,1,Параметры!G$59,Параметры!G$65)/Параметры!G$70 -> 1566 | H76: =Проект!H$51*CHOOSE(Проект!$D$51,1,Параметры!H$59,Параметры!H$65)/Параметры!H$70 -> 4724.5632 | I76: =Проект!I$51*CHOOSE(Проект!$D$51,1,Параметры!I$59,Параметры!I$65)/Параметры!I$70 -> 7126.9148 | J76: =Проект!J$51*CHOOSE(Проект!$D$51,1,Параметры!J$59,Параметры!J$65)/Параметры!J$70 -> 8759.9251 | K76: =Проект!K$51*CHOOSE(Проект!$D$51,1,Параметры!K$59,Параметры!K$65)/Параметры!K$70 -> 10411.174 | L76: =Проект!L$51*CHOOSE(Проект!$D$51,1,Параметры!L$59,Параметры!L$65)/Параметры!L$70 -> 12080.816 | M76: =Проект!M$51*CHOOSE(Проект!$D$51,1,Параметры!M$59,Параметры!M$65)/Параметры!M$70 -> 13769.005 | N76: =Проект!N$51*CHOOSE(Проект!$D$51,1,Параметры!N$59,Параметры!N$65)/Параметры!N$70 -> 15150.091 | ... DV76: =Проект!DV$51*CHOOSE(Проект!$D$51,1,Параметры!DV$59,Параметры!DV$65)/Параметры!DV$70 -> 33695.629 | DX76: =SUM(G76:DW76) -> 2739569.8
A77: =Проект!A$67 -> Битум | B77: =DX77 -> 6789960.8 | C77: =Параметры!C$70 -> тыс. руб. | F77: ID=142;Mode=sum | G77: =Проект!G$71*CHOOSE(Проект!$D$71,1,Параметры!G$59,Параметры!G$65)/Параметры!G$70 -> 0 | H77: =Проект!H$71*CHOOSE(Проект!$D$71,1,Параметры!H$59,Параметры!H$65)/Параметры!H$70 -> 0 | I77: =Проект!I$71*CHOOSE(Проект!$D$71,1,Параметры!I$59,Параметры!I$65)/Параметры!I$70 -> 12287.784 | J77: =Проект!J$71*CHOOSE(Проект!$D$71,1,Параметры!J$59,Параметры!J$65)/Параметры!J$70 -> 22243.07 | K77: =Проект!K$71*CHOOSE(Проект!$D$71,1,Параметры!K$59,Параметры!K$65)/Параметры!K$70 -> 29825.114 | L77: =Проект!L$71*CHOOSE(Проект!$D$71,1,Параметры!L$59,Параметры!L$65)/Параметры!L$70 -> 29993.75 | M77: =Проект!M$71*CHOOSE(Проект!$D$71,1,Параметры!M$59,Параметры!M$65)/Параметры!M$70 -> 30163.339 | N77: =Проект!N$71*CHOOSE(Проект!$D$71,1,Параметры!N$59,Параметры!N$65)/Параметры!N$70 -> 30333.886 | ... DV77: =Проект!DV$71*CHOOSE(Проект!$D$71,1,Параметры!DV$59,Параметры!DV$65)/Параметры!DV$70 -> 95066.039 | DX77: =SUM(G77:DW77) -> 6789960.8
A78: =Проект!A$87 -> Печное Топливо | B78: =DX78 -> 5029600.6 | C78: =Параметры!C$70 -> тыс. руб. | F78: ID=127;Mode=sum | G78: =Проект!G$91*CHOOSE(Проект!$D$91,1,Параметры!G$59,Параметры!G$65)/Параметры!G$70 -> 0 | H78: =Проект!H$91*CHOOSE(Проект!$D$91,1,Параметры!H$59,Параметры!H$65)/Параметры!H$70 -> 0 | I78: =Проект!I$91*CHOOSE(Проект!$D$91,1,Параметры!I$59,Параметры!I$65)/Параметры!I$70 -> 9102.0623 | J78: =Проект!J$91*CHOOSE(Проект!$D$91,1,Параметры!J$59,Параметры!J$65)/Параметры!J$70 -> 16476.348 | K78: =Проект!K$91*CHOOSE(Проект!$D$91,1,Параметры!K$59,Параметры!K$65)/Параметры!K$70 -> 22092.677 | L78: =Проект!L$91*CHOOSE(Проект!$D$91,1,Параметры!L$59,Параметры!L$65)/Параметры!L$70 -> 22217.592 | M78: =Проект!M$91*CHOOSE(Проект!$D$91,1,Параметры!M$59,Параметры!M$65)/Параметры!M$70 -> 22343.214 | N78: =Проект!N$91*CHOOSE(Проект!$D$91,1,Параметры!N$59,Параметры!N$65)/Параметры!N$70 -> 22469.546 | ... DV78: =Проект!DV$91*CHOOSE(Проект!$D$91,1,Параметры!DV$59,Параметры!DV$65)/Параметры!DV$70 -> 70419.288 | DX78: =SUM(G78:DW78) -> 5029600.6
E79: END::PRODUCTINC
A82: =Language!A$1490 -> ОТЧЕТ – ЗАТРАТЫ НА МАТЕРИАЛЫ ПО ПРОДУКТАМ (без НДС) | E82: TABLE::PRODUCTEXP | F82: Help=405;Skip=bc;AddTitle=CurReport | G82: =Параметры!G$40 -> авг.22 | H82: =Параметры!H$40 -> сен.22 | I82: =Параметры!I$40 -> окт.22 | J82: =Параметры!J$40 -> ноя.22 | K82: =Параметры!K$40 -> дек.22 | L82: =Параметры!L$40 -> янв.23 | M82: =Параметры!M$40 -> фев.23 | N82: =Параметры!N$40 -> мар.23 | ... DV82: =Параметры!DV$40 -> июл.32 | DX82: =Language!$A$1463 -> ИТОГО
F83: Skip=1
D84: 0 | E84: DATA.PRODUCT | F84: Header=1;Count=5;Mode=sum
A85: =Проект!A$7 -> Дизель | B85: =DX85 -> 17627714 | C85: =Параметры!C$70 -> тыс. руб. | F85: Row=4;ID=139;Mode=sum | G85: =SUM(G86:G88) -> 10076.4 | H85: =SUM(H86:H88) -> 30400.12 | I85: =SUM(I86:I88) -> 45858.01 | J85: =SUM(J86:J88) -> 56365.587 | K85: =SUM(K86:K88) -> 66990.52 | L85: =SUM(L86:L88) -> 77733.801 | M85: =SUM(M86:M88) -> 88596.428 | N85: =SUM(N86:N88) -> 97483 | ... DV85: =SUM(DV86:DV88) -> 216813.95 | DX85: =SUM(G85:DW85) -> 17627714
A86: =Проект!A$124 -> Нефть | B86: =DX86 -> 16437419 | C86: =Параметры!C$70 -> тыс. руб. | F86: Material=148;Mode=sum | G86: =Проект!G$131*CHOOSE(Проект!$D$131,1,Параметры!G$59,Параметры!G$65)/Параметры!G$70 -> 9396 | H86: =Проект!H$131*CHOOSE(Проект!$D$131,1,Параметры!H$59,Параметры!H$65)/Параметры!H$70 -> 28347.379 | I86: =Проект!I$131*CHOOSE(Проект!$D$131,1,Параметры!I$59,Параметры!I$65)/Параметры!I$70 -> 42761.489 | J86: =Проект!J$131*CHOOSE(Проект!$D$131,1,Параметры!J$59,Параметры!J$65)/Параметры!J$70 -> 52559.55 | K86: =Проект!K$131*CHOOSE(Проект!$D$131,1,Параметры!K$59,Параметры!K$65)/Параметры!K$70 -> 62467.044 | L86: =Проект!L$131*CHOOSE(Проект!$D$131,1,Параметры!L$59,Параметры!L$65)/Параметры!L$70 -> 72484.895 | M86: =Проект!M$131*CHOOSE(Проект!$D$131,1,Параметры!M$59,Параметры!M$65)/Параметры!M$70 -> 82614.033 | N86: =Проект!N$131*CHOOSE(Проект!$D$131,1,Параметры!N$59,Параметры!N$65)/Параметры!N$70 -> 90900.546 | ... DV86: =Проект!DV$131*CHOOSE(Проект!$D$131,1,Параметры!DV$59,Параметры!DV$65)/Параметры!DV$70 -> 202173.78 | DX86: =SUM(G86:DW86) -> 16437419
A87: =Проект!A$154 -> Доставка нефти на завод | B87: =DX87 -> 623488.29 | C87: =Параметры!C$70 -> тыс. руб. | F87: Material=149;Mode=sum | G87: =Проект!G$161*CHOOSE(Проект!$D$161,1,Параметры!G$59,Параметры!G$65)/Параметры!G$70 -> 356.4 | H87: =Проект!H$161*CHOOSE(Проект!$D$161,1,Параметры!H$59,Параметры!H$65)/Параметры!H$70 -> 1075.2454 | I87: =Проект!I$161*CHOOSE(Проект!$D$161,1,Параметры!I$59,Параметры!I$65)/Параметры!I$70 -> 1621.9875 | J87: =Проект!J$161*CHOOSE(Проект!$D$161,1,Параметры!J$59,Параметры!J$65)/Параметры!J$70 -> 1993.6381 | K87: =Проект!K$161*CHOOSE(Проект!$D$161,1,Параметры!K$59,Параметры!K$65)/Параметры!K$70 -> 2369.4396 | L87: =Проект!L$161*CHOOSE(Проект!$D$161,1,Параметры!L$59,Параметры!L$65)/Параметры!L$70 -> 2749.427 | M87: =Проект!M$161*CHOOSE(Проект!$D$161,1,Параметры!M$59,Параметры!M$65)/Параметры!M$70 -> 3133.6357 | N87: =Проект!N$161*CHOOSE(Проект!$D$161,1,Параметры!N$59,Параметры!N$65)/Параметры!N$70 -> 3447.9518 | ... DV87: =Проект!DV$161*CHOOSE(Проект!$D$161,1,Параметры!DV$59,Параметры!DV$65)/Параметры!DV$70 -> 7668.6605 | DX87: =SUM(G87:DW87) -> 623488.29
A88: =Проект!A$184 -> Переработка давальческого сырья | B88: =DX88 -> 566807.54 | C88: =Параметры!C$70 -> тыс. руб. | F88: Material=150;Mode=sum | G88: =Проект!G$191*CHOOSE(Проект!$D$191,1,Параметры!G$59,Параметры!G$65)/Параметры!G$70 -> 324 | H88: =Проект!H$191*CHOOSE(Проект!$D$191,1,Параметры!H$59,Параметры!H$65)/Параметры!H$70 -> 977.49583 | I88: =Проект!I$191*CHOOSE(Проект!$D$191,1,Параметры!I$59,Параметры!I$65)/Параметры!I$70 -> 1474.5341 | J88: =Проект!J$191*CHOOSE(Проект!$D$191,1,Параметры!J$59,Параметры!J$65)/Параметры!J$70 -> 1812.3983 | K88: =Проект!K$191*CHOOSE(Проект!$D$191,1,Параметры!K$59,Параметры!K$65)/Параметры!K$70 -> 2154.036 | L88: =Проект!L$191*CHOOSE(Проект!$D$191,1,Параметры!L$59,Параметры!L$65)/Параметры!L$70 -> 2499.4791 | M88: =Проект!M$191*CHOOSE(Проект!$D$191,1,Параметры!M$59,Параметры!M$65)/Параметры!M$70 -> 2848.7598 | N88: =Проект!N$191*CHOOSE(Проект!$D$191,1,Параметры!N$59,Параметры!N$65)/Параметры!N$70 -> 3134.5016 | ... DV88: =Проект!DV$191*CHOOSE(Проект!$D$191,1,Параметры!DV$59,Параметры!DV$65)/Параметры!DV$70 -> 6971.5095 | DX88: =SUM(G88:DW88) -> 566807.54
A89: =Проект!A$27 -> Мазут | B89: =DX89 -> 8813857.2 | C89: =Параметры!C$70 -> тыс. руб. | F89: Row=4;ID=140;Mode=sum | G89: =SUM(G90:G92) -> 5038.2 | H89: =SUM(H90:H92) -> 15200.06 | I89: =SUM(I90:I92) -> 22929.005 | J89: =SUM(J90:J92) -> 28182.793 | K89: =SUM(K90:K92) -> 33495.26 | L89: =SUM(L90:L92) -> 38866.9 | M89: =SUM(M90:M92) -> 44298.214 | N89: =SUM(N90:N92) -> 48741.5 | ... DV89: =SUM(DV90:DV92) -> 108406.97 | DX89: =SUM(G89:DW89) -> 8813857.2
A90: =Проект!A$124 -> Нефть | B90: =DX90 -> 8218709.3 | C90: =Параметры!C$70 -> тыс. руб. | F90: Material=148;Mode=sum | G90: =Проект!G$132*CHOOSE(Проект!$D$132,1,Параметры!G$59,Параметры!G$65)/Параметры!G$70 -> 4698 | H90: =Проект!H$132*CHOOSE(Проект!$D$132,1,Параметры!H$59,Параметры!H$65)/Параметры!H$70 -> 14173.69 | I90: =Проект!I$132*CHOOSE(Проект!$D$132,1,Параметры!I$59,Параметры!I$65)/Параметры!I$70 -> 21380.744 | J90: =Проект!J$132*CHOOSE(Проект!$D$132,1,Параметры!J$59,Параметры!J$65)/Параметры!J$70 -> 26279.775 | K90: =Проект!K$132*CHOOSE(Проект!$D$132,1,Параметры!K$59,Параметры!K$65)/Параметры!K$70 -> 31233.522 | L90: =Проект!L$132*CHOOSE(Проект!$D$132,1,Параметры!L$59,Параметры!L$65)/Параметры!L$70 -> 36242.447 | M90: =Проект!M$132*CHOOSE(Проект!$D$132,1,Параметры!M$59,Параметры!M$65)/Параметры!M$70 -> 41307.016 | N90: =Проект!N$132*CHOOSE(Проект!$D$132,1,Параметры!N$59,Параметры!N$65)/Параметры!N$70 -> 45450.273 | ... DV90: =Проект!DV$132*CHOOSE(Проект!$D$132,1,Параметры!DV$59,Параметры!DV$65)/Параметры!DV$70 -> 101086.89 | DX90: =SUM(G90:DW90) -> 8218709.3
A91: =Проект!A$154 -> Доставка нефти на завод | B91: =DX91 -> 311744.15 | C91: =Параметры!C$70 -> тыс. руб. | F91: Material=149;Mode=sum | G91: =Проект!G$162*CHOOSE(Проект!$D$162,1,Параметры!G$59,Параметры!G$65)/Параметры!G$70 -> 178.2 | H91: =Проект!H$162*CHOOSE(Проект!$D$162,1,Параметры!H$59,Параметры!H$65)/Параметры!H$70 -> 537.62271 | I91: =Проект!I$162*CHOOSE(Проект!$D$162,1,Параметры!I$59,Параметры!I$65)/Параметры!I$70 -> 810.99375 | J91: =Проект!J$162*CHOOSE(Проект!$D$162,1,Параметры!J$59,Параметры!J$65)/Параметры!J$70 -> 996.81906 | K91: =Проект!K$162*CHOOSE(Проект!$D$162,1,Параметры!K$59,Параметры!K$65)/Параметры!K$70 -> 1184.7198 | L91: =Проект!L$162*CHOOSE(Проект!$D$162,1,Параметры!L$59,Параметры!L$65)/Параметры!L$70 -> 1374.7135 | M91: =Проект!M$162*CHOOSE(Проект!$D$162,1,Параметры!M$59,Параметры!M$65)/Параметры!M$70 -> 1566.8179 | N91: =Проект!N$162*CHOOSE(Проект!$D$162,1,Параметры!N$59,Параметры!N$65)/Параметры!N$70 -> 1723.9759 | ... DV91: =Проект!DV$162*CHOOSE(Проект!$D$162,1,Параметры!DV$59,Параметры!DV$65)/Параметры!DV$70 -> 3834.3302 | DX91: =SUM(G91:DW91) -> 311744.15
A92: =Проект!A$184 -> Переработка давальческого сырья | B92: =DX92 -> 283403.77 | C92: =Параметры!C$70 -> тыс. руб. | F92: Material=150;Mode=sum | G92: =Проект!G$192*CHOOSE(Проект!$D$192,1,Параметры!G$59,Параметры!G$65)/Параметры!G$70 -> 162 | H92: =Проект!H$192*CHOOSE(Проект!$D$192,1,Параметры!H$59,Параметры!H$65)/Параметры!H$70 -> 488.74791 | I92: =Проект!I$192*CHOOSE(Проект!$D$192,1,Параметры!I$59,Параметры!I$65)/Параметры!I$70 -> 737.26705 | J92: =Проект!J$192*CHOOSE(Проект!$D$192,1,Параметры!J$59,Параметры!J$65)/Параметры!J$70 -> 906.19915 | K92: =Проект!K$192*CHOOSE(Проект!$D$192,1,Параметры!K$59,Параметры!K$65)/Параметры!K$70 -> 1077.018 | L92: =Проект!L$192*CHOOSE(Проект!$D$192,1,Параметры!L$59,Параметры!L$65)/Параметры!L$70 -> 1249.7396 | M92: =Проект!M$192*CHOOSE(Проект!$D$192,1,Параметры!M$59,Параметры!M$65)/Параметры!M$70 -> 1424.3799 | N92: =Проект!N$192*CHOOSE(Проект!$D$192,1,Параметры!N$59,Параметры!N$65)/Параметры!N$70 -> 1567.2508 | ... DV92: =Проект!DV$192*CHOOSE(Проект!$D$192,1,Параметры!DV$59,Параметры!DV$65)/Параметры!DV$70 -> 3485.7548 | DX92: =SUM(G92:DW92) -> 283403.77
A93: =Проект!A$47 -> Бензин | B93: =DX93 -> 2937952.4 | C93: =Параметры!C$70 -> тыс. руб. | F93: Row=4;ID=141;Mode=sum | G93: =SUM(G94:G96) -> 1679.4 | H93: =SUM(H94:H96) -> 5066.6867 | I93: =SUM(I94:I96) -> 7643.0017 | J93: =SUM(J94:J96) -> 9394.2645 | K93: =SUM(K94:K96) -> 11165.087 | L93: =SUM(L94:L96) -> 12955.633 | M93: =SUM(M94:M96) -> 14766.071 | N93: =SUM(N94:N96) -> 16247.167 | ... DV93: =SUM(DV94:DV96) -> 36135.658 | DX93: =SUM(G93:DW93) -> 2937952.4
A94: =Проект!A$124 -> Нефть | B94: =DX94 -> 2739569.8 | C94: =Параметры!C$70 -> тыс. руб. | F94: Material=148;Mode=sum | G94: =Проект!G$133*CHOOSE(Проект!$D$133,1,Параметры!G$59,Параметры!G$65)/Параметры!G$70 -> 1566 | H94: =Проект!H$133*CHOOSE(Проект!$D$133,1,Параметры!H$59,Параметры!H$65)/Параметры!H$70 -> 4724.5632 | I94: =Проект!I$133*CHOOSE(Проект!$D$133,1,Параметры!I$59,Параметры!I$65)/Параметры!I$70 -> 7126.9148 | J94: =Проект!J$133*CHOOSE(Проект!$D$133,1,Параметры!J$59,Параметры!J$65)/Параметры!J$70 -> 8759.9251 | K94: =Проект!K$133*CHOOSE(Проект!$D$133,1,Параметры!K$59,Параметры!K$65)/Параметры!K$70 -> 10411.174 | L94: =Проект!L$133*CHOOSE(Проект!$D$133,1,Параметры!L$59,Параметры!L$65)/Параметры!L$70 -> 12080.816 | M94: =Проект!M$133*CHOOSE(Проект!$D$133,1,Параметры!M$59,Параметры!M$65)/Параметры!M$70 -> 13769.005 | N94: =Проект!N$133*CHOOSE(Проект!$D$133,1,Параметры!N$59,Параметры!N$65)/Параметры!N$70 -> 15150.091 | ... DV94: =Проект!DV$133*CHOOSE(Проект!$D$133,1,Параметры!DV$59,Параметры!DV$65)/Параметры!DV$70 -> 33695.629 | DX94: =SUM(G94:DW94) -> 2739569.8
A95: =Проект!A$154 -> Доставка нефти на завод | B95: =DX95 -> 103914.72 | C95: =Параметры!C$70 -> тыс. руб. | F95: Material=149;Mode=sum | G95: =Проект!G$163*CHOOSE(Проект!$D$163,1,Параметры!G$59,Параметры!G$65)/Параметры!G$70 -> 59.4 | H95: =Проект!H$163*CHOOSE(Проект!$D$163,1,Параметры!H$59,Параметры!H$65)/Параметры!H$70 -> 179.20757 | I95: =Проект!I$163*CHOOSE(Проект!$D$163,1,Параметры!I$59,Параметры!I$65)/Параметры!I$70 -> 270.33125 | J95: =Проект!J$163*CHOOSE(Проект!$D$163,1,Параметры!J$59,Параметры!J$65)/Параметры!J$70 -> 332.27302 | K95: =Проект!K$163*CHOOSE(Проект!$D$163,1,Параметры!K$59,Параметры!K$65)/Параметры!K$70 -> 394.9066 | L95: =Проект!L$163*CHOOSE(Проект!$D$163,1,Параметры!L$59,Параметры!L$65)/Параметры!L$70 -> 458.23784 | M95: =Проект!M$163*CHOOSE(Проект!$D$163,1,Параметры!M$59,Параметры!M$65)/Параметры!M$70 -> 522.27262 | N95: =Проект!N$163*CHOOSE(Проект!$D$163,1,Параметры!N$59,Параметры!N$65)/Параметры!N$70 -> 574.65863 | ... DV95: =Проект!DV$163*CHOOSE(Проект!$D$163,1,Параметры!DV$59,Параметры!DV$65)/Параметры!DV$70 -> 1278.1101 | DX95: =SUM(G95:DW95) -> 103914.72
A96: =Проект!A$184 -> Переработка давальческого сырья | B96: =DX96 -> 94467.923 | C96: =Параметры!C$70 -> тыс. руб. | F96: Material=150;Mode=sum | G96: =Проект!G$193*CHOOSE(Проект!$D$193,1,Параметры!G$59,Параметры!G$65)/Параметры!G$70 -> 54 | H96: =Проект!H$193*CHOOSE(Проект!$D$193,1,Параметры!H$59,Параметры!H$65)/Параметры!H$70 -> 162.91597 | I96: =Проект!I$193*CHOOSE(Проект!$D$193,1,Параметры!I$59,Параметры!I$65)/Параметры!I$70 -> 245.75568 | J96: =Проект!J$193*CHOOSE(Проект!$D$193,1,Параметры!J$59,Параметры!J$65)/Параметры!J$70 -> 302.06638 | K96: =Проект!K$193*CHOOSE(Проект!$D$193,1,Параметры!K$59,Параметры!K$65)/Параметры!K$70 -> 359.006 | L96: =Проект!L$193*CHOOSE(Проект!$D$193,1,Параметры!L$59,Параметры!L$65)/Параметры!L$70 -> 416.57985 | M96: =Проект!M$193*CHOOSE(Проект!$D$193,1,Параметры!M$59,Параметры!M$65)/Параметры!M$70 -> 474.79329 | N96: =Проект!N$193*CHOOSE(Проект!$D$193,1,Параметры!N$59,Параметры!N$65)/Параметры!N$70 -> 522.41693 | ... DV96: =Проект!DV$193*CHOOSE(Проект!$D$193,1,Параметры!DV$59,Параметры!DV$65)/Параметры!DV$70 -> 1161.9183 | DX96: =SUM(G96:DW96) -> 94467.923
A97: =Проект!A$67 -> Битум | B97: =DX97 -> 2766280.3 | C97: =Параметры!C$70 -> тыс. руб. | F97: Row=3;ID=142;Mode=sum | G97: =SUM(G98:G99) -> 0 | H97: =SUM(H98:H99) -> 0 | I97: =SUM(I98:I99) -> 5006.1343 | J97: =SUM(J98:J99) -> 9061.9915 | K97: =SUM(K98:K99) -> 12150.972 | L97: =SUM(L98:L99) -> 12219.676 | M97: =SUM(M98:M99) -> 12288.768 | N97: =SUM(N98:N99) -> 12358.25 | ... DV97: =SUM(DV98:DV99) -> 38730.608 | DX97: =SUM(G97:DW97) -> 2766280.3
A98: =Проект!A$214 -> Переработка давальческого сырья | B98: =DX98 -> 251480.03 | C98: =Параметры!C$70 -> тыс. руб. | F98: Material=152;Mode=sum | G98: =Проект!G$220*CHOOSE(Проект!$D$220,1,Параметры!G$59,Параметры!G$65)/Параметры!G$70 -> 0 | H98: =Проект!H$220*CHOOSE(Проект!$D$220,1,Параметры!H$59,Параметры!H$65)/Параметры!H$70 -> 0 | I98: =Проект!I$220*CHOOSE(Проект!$D$220,1,Параметры!I$59,Параметры!I$65)/Параметры!I$70 -> 455.10312 | J98: =Проект!J$220*CHOOSE(Проект!$D$220,1,Параметры!J$59,Параметры!J$65)/Параметры!J$70 -> 823.81741 | K98: =Проект!K$220*CHOOSE(Проект!$D$220,1,Параметры!K$59,Параметры!K$65)/Параметры!K$70 -> 1104.6339 | L98: =Проект!L$220*CHOOSE(Проект!$D$220,1,Параметры!L$59,Параметры!L$65)/Параметры!L$70 -> 1110.8796 | M98: =Проект!M$220*CHOOSE(Проект!$D$220,1,Параметры!M$59,Параметры!M$65)/Параметры!M$70 -> 1117.1607 | N98: =Проект!N$220*CHOOSE(Проект!$D$220,1,Параметры!N$59,Параметры!N$65)/Параметры!N$70 -> 1123.4773 | ... DV98: =Проект!DV$220*CHOOSE(Проект!$D$220,1,Параметры!DV$59,Параметры!DV$65)/Параметры!DV$70 -> 3520.9644 | DX98: =SUM(G98:DW98) -> 251480.03
A99: =Проект!A$242 -> Доставка и ППР нефтешлама на завод | B99: =DX99 -> 2514800.3 | C99: =Параметры!C$70 -> тыс. руб. | F99: Material=151;Mode=sum | G99: =Проект!G$248*CHOOSE(Проект!$D$248,1,Параметры!G$59,Параметры!G$65)/Параметры!G$70 -> 0 | H99: =Проект!H$248*CHOOSE(Проект!$D$248,1,Параметры!H$59,Параметры!H$65)/Параметры!H$70 -> 0 | I99: =Проект!I$248*CHOOSE(Проект!$D$248,1,Параметры!I$59,Параметры!I$65)/Параметры!I$70 -> 4551.0312 | J99: =Проект!J$248*CHOOSE(Проект!$D$248,1,Параметры!J$59,Параметры!J$65)/Параметры!J$70 -> 8238.1741 | K99: =Проект!K$248*CHOOSE(Проект!$D$248,1,Параметры!K$59,Параметры!K$65)/Параметры!K$70 -> 11046.339 | L99: =Проект!L$248*CHOOSE(Проект!$D$248,1,Параметры!L$59,Параметры!L$65)/Параметры!L$70 -> 11108.796 | M99: =Проект!M$248*CHOOSE(Проект!$D$248,1,Параметры!M$59,Параметры!M$65)/Параметры!M$70 -> 11171.607 | N99: =Проект!N$248*CHOOSE(Проект!$D$248,1,Параметры!N$59,Параметры!N$65)/Параметры!N$70 -> 11234.773 | ... DV99: =Проект!DV$248*CHOOSE(Проект!$D$248,1,Параметры!DV$59,Параметры!DV$65)/Параметры!DV$70 -> 35209.644 | DX99: =SUM(G99:DW99) -> 2514800.3
A100: =Проект!A$87 -> Печное Топливо | B100: =DX100 -> 2766280.3 | C100: =Параметры!C$70 -> тыс. руб. | F100: Row=3;ID=127;Mode=sum | G100: =SUM(G101:G102) -> 0 | H100: =SUM(H101:H102) -> 0 | I100: =SUM(I101:I102) -> 5006.1343 | J100: =SUM(J101:J102) -> 9061.9915 | K100: =SUM(K101:K102) -> 12150.972 | L100: =SUM(L101:L102) -> 12219.676 | M100: =SUM(M101:M102) -> 12288.768 | N100: =SUM(N101:N102) -> 12358.25 | ... DV100: =SUM(DV101:DV102) -> 38730.608 | DX100: =SUM(G100:DW100) -> 2766280.3
A101: =Проект!A$214 -> Переработка давальческого сырья | B101: =DX101 -> 251480.03 | C101: =Параметры!C$70 -> тыс. руб. | F101: Material=152;Mode=sum | G101: =Проект!G$221*CHOOSE(Проект!$D$221,1,Параметры!G$59,Параметры!G$65)/Параметры!G$70 -> 0 | H101: =Проект!H$221*CHOOSE(Проект!$D$221,1,Параметры!H$59,Параметры!H$65)/Параметры!H$70 -> 0 | I101: =Проект!I$221*CHOOSE(Проект!$D$221,1,Параметры!I$59,Параметры!I$65)/Параметры!I$70 -> 455.10312 | J101: =Проект!J$221*CHOOSE(Проект!$D$221,1,Параметры!J$59,Параметры!J$65)/Параметры!J$70 -> 823.81741 | K101: =Проект!K$221*CHOOSE(Проект!$D$221,1,Параметры!K$59,Параметры!K$65)/Параметры!K$70 -> 1104.6339 | L101: =Проект!L$221*CHOOSE(Проект!$D$221,1,Параметры!L$59,Параметры!L$65)/Параметры!L$70 -> 1110.8796 | M101: =Проект!M$221*CHOOSE(Проект!$D$221,1,Параметры!M$59,Параметры!M$65)/Параметры!M$70 -> 1117.1607 | N101: =Проект!N$221*CHOOSE(Проект!$D$221,1,Параметры!N$59,Параметры!N$65)/Параметры!N$70 -> 1123.4773 | ... DV101: =Проект!DV$221*CHOOSE(Проект!$D$221,1,Параметры!DV$59,Параметры!DV$65)/Параметры!DV$70 -> 3520.9644 | DX101: =SUM(G101:DW101) -> 251480.03
A102: =Проект!A$242 -> Доставка и ППР нефтешлама на завод | B102: =DX102 -> 2514800.3 | C102: =Параметры!C$70 -> тыс. руб. | F102: Material=151;Mode=sum | G102: =Проект!G$249*CHOOSE(Проект!$D$249,1,Параметры!G$59,Параметры!G$65)/Параметры!G$70 -> 0 | H102: =Проект!H$249*CHOOSE(Проект!$D$249,1,Параметры!H$59,Параметры!H$65)/Параметры!H$70 -> 0 | I102: =Проект!I$249*CHOOSE(Проект!$D$249,1,Параметры!I$59,Параметры!I$65)/Параметры!I$70 -> 4551.0312 | J102: =Проект!J$249*CHOOSE(Проект!$D$249,1,Параметры!J$59,Параметры!J$65)/Параметры!J$70 -> 8238.1741 | K102: =Проект!K$249*CHOOSE(Проект!$D$249,1,Параметры!K$59,Параметры!K$65)/Параметры!K$70 -> 11046.339 | L102: =Проект!L$249*CHOOSE(Проект!$D$249,1,Параметры!L$59,Параметры!L$65)/Параметры!L$70 -> 11108.796 | M102: =Проект!M$249*CHOOSE(Проект!$D$249,1,Параметры!M$59,Параметры!M$65)/Параметры!M$70 -> 11171.607 | N102: =Проект!N$249*CHOOSE(Проект!$D$249,1,Параметры!N$59,Параметры!N$65)/Параметры!N$70 -> 11234.773 | ... DV102: =Проект!DV$249*CHOOSE(Проект!$D$249,1,Параметры!DV$59,Параметры!DV$65)/Параметры!DV$70 -> 35209.644 | DX102: =SUM(G102:DW102) -> 2514800.3
E103: END::PRODUCTEXP
A106: =Language!A$1491 -> ОТЧЕТ – ЗАТРАТЫ (без НДС) | E106: TABLE::TOTALEXP | F106: Help=406;Skip=bc;AddTitle=CurReport | G106: =Параметры!G$40 -> авг.22 | H106: =Параметры!H$40 -> сен.22 | I106: =Параметры!I$40 -> окт.22 | J106: =Параметры!J$40 -> ноя.22 | K106: =Параметры!K$40 -> дек.22 | L106: =Параметры!L$40 -> янв.23 | M106: =Параметры!M$40 -> фев.23 | N106: =Параметры!N$40 -> мар.23 | ... DV106: =Параметры!DV$40 -> июл.32 | DX106: =Language!$A$1463 -> ИТОГО
F107: Skip=1
A108: =Language!A$1495 -> Сырье и материальные затраты | B108: =DX108 -> 34912085 | C108: =Параметры!$C$70 -> тыс. руб. | D108: 0 | E108: DATA.MATERIAL | F108: Header=1;Data=accexp;Count=5;Mode=sum | G108: =SUMIF($F108:$F114,"ID*",G108:G114) -> 16794 | H108: =SUMIF($F108:$F114,"ID*",H108:H114) -> 50666.867 | I108: =SUMIF($F108:$F114,"ID*",I108:I114) -> 86442.286 | J108: =SUMIF($F108:$F114,"ID*",J108:J114) -> 112066.63 | K108: =SUMIF($F108:$F114,"ID*",K108:K114) -> 135952.81 | L108: =SUMIF($F108:$F114,"ID*",L108:L114) -> 153995.69 | M108: =SUMIF($F108:$F114,"ID*",M108:M114) -> 172238.25 | N108: =SUMIF($F108:$F114,"ID*",N108:N114) -> 187188.17 | ... DV108: =SUMIF($F108:$F114,"ID*",DV108:DV114) -> 438817.79 | DX108: =SUM(G108:DW108) -> 34912085
A109: =Проект!A$124 -> Нефть | B109: =DX109 -> 27395698 | C109: =Параметры!C$70 -> тыс. руб. | F109: ID=148;Mode=sum | G109: =Проект!G$140*CHOOSE(Проект!$D$140,1,Параметры!G$59,Параметры!G$65)/Параметры!G$70 -> 15660 | H109: =Проект!H$140*CHOOSE(Проект!$D$140,1,Параметры!H$59,Параметры!H$65)/Параметры!H$70 -> 47245.632 | I109: =Проект!I$140*CHOOSE(Проект!$D$140,1,Параметры!I$59,Параметры!I$65)/Параметры!I$70 -> 71269.148 | J109: =Проект!J$140*CHOOSE(Проект!$D$140,1,Параметры!J$59,Параметры!J$65)/Параметры!J$70 -> 87599.251 | K109: =Проект!K$140*CHOOSE(Проект!$D$140,1,Параметры!K$59,Параметры!K$65)/Параметры!K$70 -> 104111.74 | L109: =Проект!L$140*CHOOSE(Проект!$D$140,1,Параметры!L$59,Параметры!L$65)/Параметры!L$70 -> 120808.16 | M109: =Проект!M$140*CHOOSE(Проект!$D$140,1,Параметры!M$59,Параметры!M$65)/Параметры!M$70 -> 137690.05 | N109: =Проект!N$140*CHOOSE(Проект!$D$140,1,Параметры!N$59,Параметры!N$65)/Параметры!N$70 -> 151500.91 | ... DV109: =Проект!DV$140*CHOOSE(Проект!$D$140,1,Параметры!DV$59,Параметры!DV$65)/Параметры!DV$70 -> 336956.29 | DX109: =SUM(G109:DW109) -> 27395698
A110: =Проект!A$154 -> Доставка нефти на завод | B110: =DX110 -> 1039147.2 | C110: =Параметры!C$70 -> тыс. руб. | F110: ID=149;Mode=sum | G110: =Проект!G$170*CHOOSE(Проект!$D$170,1,Параметры!G$59,Параметры!G$65)/Параметры!G$70 -> 594 | H110: =Проект!H$170*CHOOSE(Проект!$D$170,1,Параметры!H$59,Параметры!H$65)/Параметры!H$70 -> 1792.0757 | I110: =Проект!I$170*CHOOSE(Проект!$D$170,1,Параметры!I$59,Параметры!I$65)/Параметры!I$70 -> 2703.3125 | J110: =Проект!J$170*CHOOSE(Проект!$D$170,1,Параметры!J$59,Параметры!J$65)/Параметры!J$70 -> 3322.7302 | K110: =Проект!K$170*CHOOSE(Проект!$D$170,1,Параметры!K$59,Параметры!K$65)/Параметры!K$70 -> 3949.066 | L110: =Проект!L$170*CHOOSE(Проект!$D$170,1,Параметры!L$59,Параметры!L$65)/Параметры!L$70 -> 4582.3784 | M110: =Проект!M$170*CHOOSE(Проект!$D$170,1,Параметры!M$59,Параметры!M$65)/Параметры!M$70 -> 5222.7262 | N110: =Проект!N$170*CHOOSE(Проект!$D$170,1,Параметры!N$59,Параметры!N$65)/Параметры!N$70 -> 5746.5863 | ... DV110: =Проект!DV$170*CHOOSE(Проект!$D$170,1,Параметры!DV$59,Параметры!DV$65)/Параметры!DV$70 -> 12781.101 | DX110: =SUM(G110:DW110) -> 1039147.2
A111: =Проект!A$184 -> Переработка давальческого сырья | B111: =DX111 -> 944679.23 | C111: =Параметры!C$70 -> тыс. руб. | F111: ID=150;Mode=sum | G111: =Проект!G$200*CHOOSE(Проект!$D$200,1,Параметры!G$59,Параметры!G$65)/Параметры!G$70 -> 540 | H111: =Проект!H$200*CHOOSE(Проект!$D$200,1,Параметры!H$59,Параметры!H$65)/Параметры!H$70 -> 1629.1597 | I111: =Проект!I$200*CHOOSE(Проект!$D$200,1,Параметры!I$59,Параметры!I$65)/Параметры!I$70 -> 2457.5568 | J111: =Проект!J$200*CHOOSE(Проект!$D$200,1,Параметры!J$59,Параметры!J$65)/Параметры!J$70 -> 3020.6638 | K111: =Проект!K$200*CHOOSE(Проект!$D$200,1,Параметры!K$59,Параметры!K$65)/Параметры!K$70 -> 3590.06 | L111: =Проект!L$200*CHOOSE(Проект!$D$200,1,Параметры!L$59,Параметры!L$65)/Параметры!L$70 -> 4165.7985 | M111: =Проект!M$200*CHOOSE(Проект!$D$200,1,Параметры!M$59,Параметры!M$65)/Параметры!M$70 -> 4747.9329 | N111: =Проект!N$200*CHOOSE(Проект!$D$200,1,Параметры!N$59,Параметры!N$65)/Параметры!N$70 -> 5224.1693 | ... DV111: =Проект!DV$200*CHOOSE(Проект!$D$200,1,Параметры!DV$59,Параметры!DV$65)/Параметры!DV$70 -> 11619.183 | DX111: =SUM(G111:DW111) -> 944679.23
...

Sheet Анализ
A1: =Language!A19 & " :: " & Prj_Name -> Анализ :: Производство нефтепродуктов | D1: Cur | E1: ID | F1: Flags | G1: =Параметры!G$40 -> авг.22 | H1: =Параметры!H$40 -> сен.22 | I1: =Параметры!I$40 -> окт.22 | J1: =Параметры!J$40 -> ноя.22 | K1: =Параметры!K$40 -> дек.22 | L1: =Параметры!L$40 -> янв.23 | M1: =Параметры!M$40 -> фев.23 | N1: =Параметры!N$40 -> мар.23 | ... DV1: =Параметры!DV$40 -> июл.32 | DX1: =Language!$A$1463 -> ИТОГО
G2: =Параметры!G31 -> 1 | H2: =Параметры!H31 -> 2 | I2: =Параметры!I31 -> 3 | J2: =Параметры!J31 -> 4 | K2: =Параметры!K31 -> 5 | L2: =Параметры!L31 -> 6 | M2: =Параметры!M31 -> 7 | N2: =Параметры!N31 -> 8 | ... DV2: =Параметры!DV31 -> 120
A4: =Language!A1346 -> ЭФФЕКТИВНОСТЬ ДЛЯ ПРОЕКТА (FCFF) | E4: TABLE::FCFF | F4: Help=501 | G4: =Параметры!G$40 -> авг.22 | H4: =Параметры!H$40 -> сен.22 | I4: =Параметры!I$40 -> окт.22 | J4: =Параметры!J$40 -> ноя.22 | K4: =Параметры!K$40 -> дек.22 | L4: =Параметры!L$40 -> янв.23 | M4: =Параметры!M$40 -> фев.23 | N4: =Параметры!N$40 -> мар.23 | ... DV4: =Параметры!DV$40 -> июл.32 | DX4: =Language!$A$1463 -> ИТОГО
F5: Skip=1
A6: =Language!A$1347 -> Ставка дисконтирования | B6: =Параметры!B135 -> 0.12 | C6: %
A7: =Language!A1348 -> ставка на расчетный период | C7: % | F7: Skip=1;Mode=avg | G7: =((1+$B6) / IF(Prj_Inflation, 1, 1+CHOOSE(Prj_CurReport, Параметры!G$49,Параметры!G$62,Параметры!G$68))) ^ (Параметры!G$37/12) -1 -> 0.0094887929 | H7: =((1+$B6) / IF(Prj_Inflation, 1, 1+CHOOSE(Prj_CurReport, Параметры!H$49,Параметры!H$62,Параметры!H$68))) ^ (Параметры!H$37/12) -1 -> 0.0094887929 | I7: =((1+$B6) / IF(Prj_Inflation, 1, 1+CHOOSE(Prj_CurReport, Параметры!I$49,Параметры!I$62,Параметры!I$68))) ^ (Параметры!I$37/12) -1 -> 0.0094887929 | J7: =((1+$B6) / IF(Prj_Inflation, 1, 1+CHOOSE(Prj_CurReport, Параметры!J$49,Параметры!J$62,Параметры!J$68))) ^ (Параметры!J$37/12) -1 -> 0.0094887929 | K7: =((1+$B6) / IF(Prj_Inflation, 1, 1+CHOOSE(Prj_CurReport, Параметры!K$49,Параметры!K$62,Параметры!K$68))) ^ (Параметры!K$37/12) -1 -> 0.0094887929 | L7: =((1+$B6) / IF(Prj_Inflation, 1, 1+CHOOSE(Prj_CurReport, Параметры!L$49,Параметры!L$62,Параметры!L$68))) ^ (Параметры!L$37/12) -1 -> 0.0094887929 | M7: =((1+$B6) / IF(Prj_Inflation, 1, 1+CHOOSE(Prj_CurReport, Параметры!M$49,Параметры!M$62,Параметры!M$68))) ^ (Параметры!M$37/12) -1 -> 0.0094887929 | N7: =((1+$B6) / IF(Prj_Inflation, 1, 1+CHOOSE(Prj_CurReport, Параметры!N$49,Параметры!N$62,Параметры!N$68))) ^ (Параметры!N$37/12) -1 -> 0.0094887929 | ... DV7: =((1+$B6) / IF(Prj_Inflation, 1, 1+CHOOSE(Prj_CurReport, Параметры!DV$49,Параметры!DV$62,Параметры!DV$68))) ^ (Параметры!DV$37/12) -1 -> 0.0094887929
A8: =Language!A1349 -> коэффициент дисконта на начало периода | C8: =Language!$A$1467 -> раз | F8: Skip=1;Mode=avg | G8: =IF(G$2=1,1,F8*(1+G7)) -> 1 | H8: =IF(H$2=1,1,G8*(1+H7)) -> 1.0094888 | I8: =IF(I$2=1,1,H8*(1+I7)) -> 1.0190676 | J8: =IF(J$2=1,1,I8*(1+J7)) -> 1.0287373 | K8: =IF(K$2=1,1,J8*(1+K7)) -> 1.0384988 | L8: =IF(L$2=1,1,K8*(1+L7)) -> 1.0483529 | M8: =IF(M$2=1,1,L8*(1+M7)) -> 1.0583005 | N8: =IF(N$2=1,1,M8*(1+N7)) -> 1.0683425 | ... DU8: =IF(DU$2=1,1,DT8*(1+DU7)) -> 3.0477351 | DV8: 3.0784
A9: =Language!A1350 -> Свободный денежный поток компании, FCFF | C9: =Параметры!$C$70 -> тыс. руб. | F9: Mode=sum | G9: =SUM(G10:G12) -> -239005.8 | H9: =SUM(H10:H12) -> -3671.4001 | I9: =SUM(I10:I12) -> -34344.689 | J9: =SUM(J10:J12) -> 23548.476 | K9: =SUM(K10:K12) -> 29976.74 | L9: =SUM(L10:L12) -> 28898.515 | M9: =SUM(M10:M12) -> 29441.4 | N9: =SUM(N10:N12) -> 29956.711 | ... DV9: =SUM(DV10:DV12) -> 73460.605 | DX9: =SUM(G9:DW9) -> 5043393.1
A10: =Language!A1351 -> Денежные потоки от операционной деятельности | C10: =Параметры!$C$70 -> тыс. руб. | F10: Skip=1;Mode=sum | G10: =Отчеты!G$48 -> -229006.2 | H10: =Отчеты!H$48 -> -671.40005 | I10: =Отчеты!I$48 -> 9007.7109 | J10: =Отчеты!J$48 -> 19940.476 | K10: =Отчеты!K$48 -> 26999.94 | L10: =Отчеты!L$48 -> 25756.115 | M10: =Отчеты!M$48 -> 26310.2 | N10: =Отчеты!N$48 -> 27207.911 | ... DV10: =Отчеты!DV$48 -> 73460.605 | DX10: =SUM(G10:DW10) -> 5072025.1
A11: =Language!A1352 -> Скорректированные проценты по кредитам, * (1 - налог) | C11: =Параметры!$C$70 -> тыс. руб. | F11: Skip=1;Mode=sum | G11: =-Отчеты!G$43*(1-Параметры!G$87-Параметры!G$113) -> 0 | H11: =-Отчеты!H$43*(1-Параметры!H$87-Параметры!H$113) -> 0 | I11: =-Отчеты!I$43*(1-Параметры!I$87-Параметры!I$113) -> 3648 | J11: =-Отчеты!J$43*(1-Параметры!J$87-Параметры!J$113) -> 3608 | K11: =-Отчеты!K$43*(1-Параметры!K$87-Параметры!K$113) -> 2976.8 | L11: =-Отчеты!L$43*(1-Параметры!L$87-Параметры!L$113) -> 3142.4 | M11: =-Отчеты!M$43*(1-Параметры!M$87-Параметры!M$113) -> 3131.2 | N11: =-Отчеты!N$43*(1-Параметры!N$87-Параметры!N$113) -> 2748.8 | ... DV11: =-Отчеты!DV$43*(1-Параметры!DV$87-Параметры!DV$113) -> 0 | DX11: =SUM(G11:DW11) -> 31368
A12: =Language!A1353 -> Денежные потоки от инвестиционной деятельности | C12: =Параметры!$C$70 -> тыс. руб. | F12: Skip=1;Mode=sum | G12: =Отчеты!G$55 -> -9999.6 | H12: =Отчеты!H$55 -> -3000 | I12: =Отчеты!I$55 -> -47000.4 | J12: =Отчеты!J$55 -> 0 | K12: =Отчеты!K$55 -> 0 | L12: =Отчеты!L$55 -> 0 | M12: =Отчеты!M$55 -> 0 | N12: =Отчеты!N$55 -> 0 | ... DV12: =Отчеты!DV$55 -> 0 | DX12: =SUM(G12:DW12) -> -60000
A13: =Language!A1391 -> Учет активов начального баланса | B13: =Параметры!C140 -> Нет | C13: =Параметры!$C$70 -> тыс. руб. | E13: FCFF01 | F13: Mode=sum | G13: =-IF(Параметры!$B$140=0,0,IF(G$2=1,Проект!G$722+Старт!$B$51,0)) -> 0 | H13: =-IF(Параметры!$B$140=0,0,IF(H$2=1,Проект!H$722+Старт!$B$51,0)) -> 0 | I13: =-IF(Параметры!$B$140=0,0,IF(I$2=1,Проект!I$722+Старт!$B$51,0)) -> 0 | J13: =-IF(Параметры!$B$140=0,0,IF(J$2=1,Проект!J$722+Старт!$B$51,0)) -> 0 | K13: =-IF(Параметры!$B$140=0,0,IF(K$2=1,Проект!K$722+Старт!$B$51,0)) -> 0 | L13: =-IF(Параметры!$B$140=0,0,IF(L$2=1,Проект!L$722+Старт!$B$51,0)) -> 0 | M13: =-IF(Параметры!$B$140=0,0,IF(M$2=1,Проект!M$722+Старт!$B$51,0)) -> 0 | N13: =-IF(Параметры!$B$140=0,0,IF(N$2=1,Проект!N$722+Старт!$B$51,0)) -> 0 | ... DV13: =-IF(Параметры!$B$140=0,0,IF(DV$2=1,Проект!DV$722+Старт!$B$51,0)) -> 0 | DX13: =SUM(G13:DW13) -> 0
A14: =Language!A1392 -> Учет терминальной стоимости | B14: =Параметры!C141 -> Нет | C14: =Параметры!$C$70 -> тыс. руб. | F14: Mode=sum | G14: =IF(AND(Параметры!$B$141=1,G$2=Prj_Len),G$15*(1+Параметры!$B$143)/(Параметры!G$136-Параметры!$B$143),0) -> 0 | H14: =IF(AND(Параметры!$B$141=1,H$2=Prj_Len),H$15*(1+Параметры!$B$143)/(Параметры!H$136-Параметры!$B$143),0) -> 0 | I14: =IF(AND(Параметры!$B$141=1,I$2=Prj_Len),I$15*(1+Параметры!$B$143)/(Параметры!I$136-Параметры!$B$143),0) -> 0 | J14: =IF(AND(Параметры!$B$141=1,J$2=Prj_Len),J$15*(1+Параметры!$B$143)/(Параметры!J$136-Параметры!$B$143),0) -> 0 | K14: =IF(AND(Параметры!$B$141=1,K$2=Prj_Len),K$15*(1+Параметры!$B$143)/(Параметры!K$136-Параметры!$B$143),0) -> 0 | L14: =IF(AND(Параметры!$B$141=1,L$2=Prj_Len),L$15*(1+Параметры!$B$143)/(Параметры!L$136-Параметры!$B$143),0) -> 0 | M14: =IF(AND(Параметры!$B$141=1,M$2=Prj_Len),M$15*(1+Параметры!$B$143)/(Параметры!M$136-Параметры!$B$143),0) -> 0 | N14: =IF(AND(Параметры!$B$141=1,N$2=Prj_Len),N$15*(1+Параметры!$B$143)/(Параметры!N$136-Параметры!$B$143),0) -> 0 | ... DV14: =IF(AND(Параметры!$B$141=1,DV$2=Prj_Len),DV$15*(1+Параметры!$B$143)/(Параметры!DV$136-Параметры!$B$143),0) -> 0 | DX14: =SUM(G14:DW14) -> 0
A15: =Language!A1393 -> NOPLAT | C15: =Параметры!$C$70 -> тыс. руб. | F15: Skip=1;Mode=sum | G15: =SUM(Отчеты!G$17,Отчеты!G$19,Отчеты!G$20)*(1-Параметры!G$87-Параметры!G$113) -> -1192.72 | H15: =SUM(Отчеты!H17,Отчеты!H19,Отчеты!H20)*(1-Параметры!H$87-Параметры!H$113) -> -678.1327 | I15: =SUM(Отчеты!I17,Отчеты!I19,Отчеты!I20)*(1-Параметры!I$87-Параметры!I$113) -> 8813.3045 | J15: =SUM(Отчеты!J17,Отчеты!J19,Отчеты!J20)*(1-Параметры!J$87-Параметры!J$113) -> 16449.579 | K15: =SUM(Отчеты!K17,Отчеты!K19,Отчеты!K20)*(1-Параметры!K$87-Параметры!K$113) -> 22330.869 | L15: =SUM(Отчеты!L17,Отчеты!L19,Отчеты!L20)*(1-Параметры!L$87-Параметры!L$113) -> 22723.742 | M15: =SUM(Отчеты!M17,Отчеты!M19,Отчеты!M20)*(1-Параметры!M$87-Параметры!M$113) -> 23120.344 | N15: =SUM(Отчеты!N17,Отчеты!N19,Отчеты!N20)*(1-Параметры!N$87-Параметры!N$113) -> 23466.777 | O15: =SUM(Отчеты!O17,Отчеты!O19,Отчеты!O20)*(1-Параметры!O$87-Параметры!O$113) -> 39124.827 | ... DV15: =SUM(Отчеты!DV17,Отчеты!DV19,Отчеты!DV20)*(1-Параметры!DV$87-Параметры!DV$113) -> 72823.074 | DX15: =SUM(G15:DW15) -> 5198708.1
A16: =Language!A$1356 -> Денежный поток для расчета эффективности | C16: =Параметры!$C$70 -> тыс. руб. | F16: Mode=sum | G16: =SUM(G9,G13,G14) -> -239005.8 | H16: =SUM(H9,H13,H14) -> -3671.4001 | I16: =SUM(I9,I13,I14) -> -34344.689 | J16: =SUM(J9,J13,J14) -> 23548.476 | K16: =SUM(K9,K13,K14) -> 29976.74 | L16: =SUM(L9,L13,L14) -> 28898.515 | M16: =SUM(M9,M13,M14) -> 29441.4 | N16: =SUM(N9,N13,N14) -> 29956.711 | ... DV16: =SUM(DV9,DV13,DV14) -> 73460.605 | DX16: =SUM(G16:DW16) -> 5043393.1
A17: =Language!A1357 -> Дисконтированный денежный поток | C17: =Параметры!$C$70 -> тыс. руб. | F17: Skip=1;Mode=sum | G17: =G16/G8 -> -239005.8 | H17: =H16/H8 -> -3636.8904 | I17: =I16/I8 -> -33702.071 | J17: =J16/J8 -> 22890.659 | K17: =K16/K8 -> 28865.454 | L17: =L16/L8 -> 27565.636 | M17: =M16/M8 -> 27819.508 | N17: =N16/N8 -> 28040.362 | ... DV17: =DV16/DV8 -> 23863.242 | DX17: =SUM(G17:DW17) -> 2692858
A18: =Language!A1358 -> Дисконтированный поток нарастающим итогом | C18: =Параметры!$C$70 -> тыс. руб. | F18: Skip=1;Mode=end | G18: =IF(G$2=1,G17,F18+G17) -> -239005.8 | H18: =IF(H$2=1,H17,G18+H17) -> -242642.69 | I18: =IF(I$2=1,I17,H18+I17) -> -276344.76 | J18: =IF(J$2=1,J17,I18+J17) -> -253454.1 | K18: =IF(K$2=1,K17,J18+K17) -> -224588.65 | L18: =IF(L$2=1,L17,K18+L17) -> -197023.01 | M18: =IF(M$2=1,M17,L18+M17) -> -169203.5 | N18: =IF(N$2=1,N17,M18+N17) -> -141163.14 | ... DV18: =IF(DV$2=1,DV17,DU18+DV17) -> 2692858
A20: =Language!A1364 -> Чистая приведенная стоимость, NPV | B20: =DX17 -> 2692858 | C20: =Параметры!$C$70 -> тыс. руб.
A21: =Language!A1365 -> Внутренняя норма рентабельности, IRR | B21: 0.94 | C21: % | G21: =Language!A$1366 -> (с учетом инфляции, номинальная)
A22: =Language!A$416 -> Темпы роста цен, базовые | C22: =Language!A$484 -> % в год | F22: Skip=1;Mode=avg | G22: =CHOOSE(Prj_CurReport, Параметры!G$49,Параметры!G$62,Параметры!G$68) -> 0.07 | H22: =CHOOSE(Prj_CurReport, Параметры!H$49,Параметры!H$62,Параметры!H$68) -> 0.07 | I22: =CHOOSE(Prj_CurReport, Параметры!I$49,Параметры!I$62,Параметры!I$68) -> 0.07 | J22: =CHOOSE(Prj_CurReport, Параметры!J$49,Параметры!J$62,Параметры!J$68) -> 0.07 | K22: =CHOOSE(Prj_CurReport, Параметры!K$49,Параметры!K$62,Параметры!K$68) -> 0.07 | L22: =CHOOSE(Prj_CurReport, Параметры!L$49,Параметры!L$62,Параметры!L$68) -> 0.07 | M22: =CHOOSE(Prj_CurReport, Параметры!M$49,Параметры!M$62,Параметры!M$68) -> 0.07 | N22: =CHOOSE(Prj_CurReport, Параметры!N$49,Параметры!N$62,Параметры!N$68) -> 0.07 | ... DV22: =CHOOSE(Prj_CurReport, Параметры!DV$49,Параметры!DV$62,Параметры!DV$68) -> 0.07
A23: =Language!A$604 -> коэффициент изменения цен к началу проекта | C23: =Language!$A$1467 -> раз | F23: Skip=1;Mode=avg | G23: =IF(G$2=1,1,IF(Prj_Inflation=0,POWER(1+OFFSET(G22,0,-1),Параметры!G$36/360),1) * IF(G$2>1, F23, 1)) -> 1 | H23: =IF(H$2=1,1,IF(Prj_Inflation=0,POWER(1+OFFSET(H22,0,-1),Параметры!H$36/360),1) * IF(H$2>1, G23, 1)) -> 1 | I23: =IF(I$2=1,1,IF(Prj_Inflation=0,POWER(1+OFFSET(I22,0,-1),Параметры!I$36/360),1) * IF(I$2>1, H23, 1)) -> 1 | J23: =IF(J$2=1,1,IF(Prj_Inflation=0,POWER(1+OFFSET(J22,0,-1),Параметры!J$36/360),1) * IF(J$2>1, I23, 1)) -> 1 | K23: =IF(K$2=1,1,IF(Prj_Inflation=0,POWER(1+OFFSET(K22,0,-1),Параметры!K$36/360),1) * IF(K$2>1, J23, 1)) -> 1 | L23: =IF(L$2=1,1,IF(Prj_Inflation=0,POWER(1+OFFSET(L22,0,-1),Параметры!L$36/360),1) * IF(L$2>1, K23, 1)) -> 1 | M23: =IF(M$2=1,1,IF(Prj_Inflation=0,POWER(1+OFFSET(M22,0,-1),Параметры!M$36/360),1) * IF(M$2>1, L23, 1)) -> 1 | N23: =IF(N$2=1,1,IF(Prj_Inflation=0,POWER(1+OFFSET(N22,0,-1),Параметры!N$36/360),1) * IF(N$2>1, M23, 1)) -> 1 | ... DV23: =IF(DV$2=1,1,IF(Prj_Inflation=0,POWER(1+OFFSET(DV22,0,-1),Параметры!DV$36/360),1) * IF(DV$2>1, DU23, 1)) -> 1
A24: =Language!A$1356 -> Денежный поток для расчета эффективности | C24: =Параметры!$C$70 -> тыс. руб. | F24: Skip=1;Mode=sum | G24: =G16*G23 -> -239005.8 | H24: =H16*H23 -> -3671.4001 | I24: =I16*I23 -> -34344.689 | J24: =J16*J23 -> 23548.476 | K24: =K16*K23 -> 29976.74 | L24: =L16*L23 -> 28898.515 | M24: =M16*M23 -> 29441.4 | N24: =N16*N23 -> 29956.711 | ... DV24: =DV16*DV23 -> 73460.605 | DX24: =SUM(G24:DW24) -> 5043393.1
A25: =Language!A1369 -> Дисконтированный срок окупаемости, DPBP | B25: 1.3 | C25: =Language!A$48 -> лет
A26: =Language!A$1370 -> Флаг периода окупаемости | B26: =MAX(G26:DW26) -> 12 | C26: =Параметры!$C$23 -> мес. | F26: Skip=1;Mode=max | G26: =IF(G18<0,0,IF(F18>=0,0,G$2)) -> 0 | H26: =IF(H18<0,0,IF(G18>=0,0,H$2)) -> 0 | I26: =IF(I18<0,0,IF(H18>=0,0,I$2)) -> 0 | J26: =IF(J18<0,0,IF(I18>=0,0,J$2)) -> 0 | K26: =IF(K18<0,0,IF(J18>=0,0,K$2)) -> 0 | L26: =IF(L18<0,0,IF(K18>=0,0,L$2)) -> 0 | M26: =IF(M18<0,0,IF(L18>=0,0,M$2)) -> 0 | N26: =IF(N18<0,0,IF(M18>=0,0,N$2)) -> 0 | ... DV26: =IF(DV18<0,0,IF(DU18>=0,0,DV$2)) -> 0
A27: =Language!A$1371 -> Расчет окупаемости в месяцах | B27: =DX27 -> 11.107078 | C27: =Language!A$46 -> мес. | F27: Skip=1;Mode=max | G27: =IF(G$2<$B26,Prj_Step,IF(G$2=$B26,-F18/G17*Prj_Step,0)) -> 1 | H27: =IF(H$2<$B26,Prj_Step,IF(H$2=$B26,-G18/H17*Prj_Step,0)) -> 1 | I27: =IF(I$2<$B26,Prj_Step,IF(I$2=$B26,-H18/I17*Prj_Step,0)) -> 1 | J27: =IF(J$2<$B26,Prj_Step,IF(J$2=$B26,-I18/J17*Prj_Step,0)) -> 1 | K27: =IF(K$2<$B26,Prj_Step,IF(K$2=$B26,-J18/K17*Prj_Step,0)) -> 1 | L27: =IF(L$2<$B26,Prj_Step,IF(L$2=$B26,-K18/L17*Prj_Step,0)) -> 1 | M27: =IF(M$2<$B26,Prj_Step,IF(M$2=$B26,-L18/M17*Prj_Step,0)) -> 1 | N27: =IF(N$2<$B26,Prj_Step,IF(N$2=$B26,-M18/N17*Prj_Step,0)) -> 1 | ... DV27: =IF(DV$2<$B26,Prj_Step,IF(DV$2=$B26,-DU18/DV17*Prj_Step,0)) -> 0 | DX27: =SUM(G27:DW27) -> 11.107078
A28: =Language!A$1372 -> Простой срок окупаемости | B28: 1.3 | C28: =Language!A$48 -> лет
A29: =Language!A$1373 -> Недисконтированный поток нарастающим итогом | C29: =Параметры!$C$70 -> тыс. руб. | F29: Skip=1;Mode=end | G29: =IF(G$2=1,G$16,F29+G$16) -> -239005.8 | H29: =IF(H$2=1,H$16,G29+H$16) -> -242677.2 | I29: =IF(I$2=1,I$16,H29+I$16) -> -277021.89 | J29: =IF(J$2=1,J$16,I29+J$16) -> -253473.41 | K29: =IF(K$2=1,K$16,J29+K$16) -> -223496.67 | L29: =IF(L$2=1,L$16,K29+L$16) -> -194598.16 | M29: =IF(M$2=1,M$16,L29+M$16) -> -165156.76 | N29: =IF(N$2=1,N$16,M29+N$16) -> -135200.05 | ... DV29: =IF(DV$2=1,DV$16,DU29+DV$16) -> 5043393.1
A30: =Language!A$1370 -> Флаг периода окупаемости | B30: =MAX(G30:DW30) -> 11 | C30: =Параметры!$C$23 -> мес. | F30: Skip=1;Mode=max | G30: =IF(G29<0,0,IF(F29>=0,0,G$2)) -> 0 | H30: =IF(H29<0,0,IF(G29>=0,0,H$2)) -> 0 | I30: =IF(I29<0,0,IF(H29>=0,0,I$2)) -> 0 | J30: =IF(J29<0,0,IF(I29>=0,0,J$2)) -> 0 | K30: =IF(K29<0,0,IF(J29>=0,0,K$2)) -> 0 | L30: =IF(L29<0,0,IF(K29>=0,0,L$2)) -> 0 | M30: =IF(M29<0,0,IF(L29>=0,0,M$2)) -> 0 | N30: =IF(N29<0,0,IF(M29>=0,0,N$2)) -> 0 | ... DV30: =IF(DV29<0,0,IF(DU29>=0,0,DV$2)) -> 0
A31: =Language!A$1371 -> Расчет окупаемости в месяцах | B31: =DX31 -> 10.693694 | C31: =Language!A$46 -> мес. | F31: Skip=1;Mode=max | G31: =IF(G$2<$B30,Prj_Step,IF(G$2=$B30,-F29/G9*Prj_Step,0)) -> 1 | H31: =IF(H$2<$B30,Prj_Step,IF(H$2=$B30,-G29/H9*Prj_Step,0)) -> 1 | I31: =IF(I$2<$B30,Prj_Step,IF(I$2=$B30,-H29/I9*Prj_Step,0)) -> 1 | J31: =IF(J$2<$B30,Prj_Step,IF(J$2=$B30,-I29/J9*Prj_Step,0)) -> 1 | K31: =IF(K$2<$B30,Prj_Step,IF(K$2=$B30,-J29/K9*Prj_Step,0)) -> 1 | L31: =IF(L$2<$B30,Prj_Step,IF(L$2=$B30,-K29/L9*Prj_Step,0)) -> 1 | M31: =IF(M$2<$B30,Prj_Step,IF(M$2=$B30,-L29/M9*Prj_Step,0)) -> 1 | N31: =IF(N$2<$B30,Prj_Step,IF(N$2=$B30,-M29/N9*Prj_Step,0)) -> 1 | ... DV31: =IF(DV$2<$B30,Prj_Step,IF(DV$2=$B30,-DU29/DV9*Prj_Step,0)) -> 0 | DX31: =SUM(G31:DW31) -> 10.693694
A32: =Language!A1368 -> Модифицированная IRR, MIRR | B32: =IFERROR(IF(POWER(1+IRR(G34:DW34,G7),360/Параметры!B$27)-1>999%,"-",POWER(1+IRR(G34:DW34,G7),360/Параметры!B$27)-1),"-") -> 0.47842918 | C32: % | G32: =Language!A$1366 -> (с учетом инфляции, номинальная)
A33: =Language!A1356 -> Денежный поток для расчета эффективности | C33: =Параметры!$C$70 -> тыс. руб. | F33: Skip=1;Mode=sum | G33: =IF(G16<0,G16/G$8,G16*Параметры!G$147) -> -239005.8 | H33: =IF(H16<0,H16/H$8,H16*Параметры!H$147) -> -3636.8904 | I33: =IF(I16<0,I16/I$8,I16*Параметры!I$147) -> -33702.071 | J33: =IF(J16<0,J16/J$8,J16*Параметры!J$147) -> 137208.66 | K33: =IF(K16<0,K16/K$8,K16*Параметры!K$147) -> 172030.19 | L33: =IF(L16<0,L16/L$8,L16*Параметры!L$147) -> 163341.81 | M33: =IF(M16<0,M16/M$8,M16*Параметры!M$147) -> 163901.09 | N33: =IF(N16<0,N16/N$8,N16*Параметры!N$147) -> 164255.18 | ... DV33: =IF(DV16<0,DV16/DV$8,DV16*Параметры!DV$147) -> 73460.605 | DX33: =SUM(G33:DW33) -> 13068282
A34: =Language!A480 -> Модифицированный денежный поток | C34: =Параметры!$C$70 -> тыс. руб. | F34: Skip=1;Mode=sum | G34: =IF(G$2=1,SUMIF($G33:OFFSET($G33,0,Prj_Len-G$2),"<0",$G33:OFFSET($G33,0,Prj_Len-G$2)),IF(G$2=Prj_Len,SUMIF($G33:OFFSET(G33,0,Prj_Len-G$2),">=0",$G33:OFFSET($G33,0,Prj_Len-G$2)),0)) -> -276344.76 | H34: =IF(H$2=1,SUMIF($G33:OFFSET($G33,0,Prj_Len-H$2),"<0",$G33:OFFSET($G33,0,Prj_Len-H$2)),IF(H$2=Prj_Len,SUMIF($G33:OFFSET(H33,0,Prj_Len-H$2),">=0",$G33:OFFSET($G33,0,Prj_Len-H$2)),0)) -> 0 | I34: =IF(I$2=1,SUMIF($G33:OFFSET($G33,0,Prj_Len-I$2),"<0",$G33:OFFSET($G33,0,Prj_Len-I$2)),IF(I$2=Prj_Len,SUMIF($G33:OFFSET(I33,0,Prj_Len-I$2),">=0",$G33:OFFSET($G33,0,Prj_Len-I$2)),0)) -> 0 | J34: =IF(J$2=1,SUMIF($G33:OFFSET($G33,0,Prj_Len-J$2),"<0",$G33:OFFSET($G33,0,Prj_Len-J$2)),IF(J$2=Prj_Len,SUMIF($G33:OFFSET(J33,0,Prj_Len-J$2),">=0",$G33:OFFSET($G33,0,Prj_Len-J$2)),0)) -> 0 | K34: =IF(K$2=1,SUMIF($G33:OFFSET($G33,0,Prj_Len-K$2),"<0",$G33:OFFSET($G33,0,Prj_Len-K$2)),IF(K$2=Prj_Len,SUMIF($G33:OFFSET(K33,0,Prj_Len-K$2),">=0",$G33:OFFSET($G33,0,Prj_Len-K$2)),0)) -> 0 | L34: =IF(L$2=1,SUMIF($G33:OFFSET($G33,0,Prj_Len-L$2),"<0",$G33:OFFSET($G33,0,Prj_Len-L$2)),IF(L$2=Prj_Len,SUMIF($G33:OFFSET(L33,0,Prj_Len-L$2),">=0",$G33:OFFSET($G33,0,Prj_Len-L$2)),0)) -> 0 | M34: =IF(M$2=1,SUMIF($G33:OFFSET($G33,0,Prj_Len-M$2),"<0",$G33:OFFSET($G33,0,Prj_Len-M$2)),IF(M$2=Prj_Len,SUMIF($G33:OFFSET(M33,0,Prj_Len-M$2),">=0",$G33:OFFSET($G33,0,Prj_Len-M$2)),0)) -> 0 | N34: =IF(N$2=1,SUMIF($G33:OFFSET($G33,0,Prj_Len-N$2),"<0",$G33:OFFSET($G33,0,Prj_Len-N$2)),IF(N$2=Prj_Len,SUMIF($G33:OFFSET(N33,0,Prj_Len-N$2),">=0",$G33:OFFSET($G33,0,Prj_Len-N$2)),0)) -> 0 | ... DV34: =IF(DV$2=1,SUMIF($G33:OFFSET($G33,0,Prj_Len-DV$2),"<0",$G33:OFFSET($G33,0,Prj_Len-DV$2)),IF(DV$2=Prj_Len,SUMIF($G33:OFFSET(DV33,0,Prj_Len-DV$2),">=0",$G33:OFFSET($G33,0,Prj_Len-DV$2)),0)) -> 13344627 | DX34: =SUM(G34:DW34) -> 13068282
A35: =Language!A$1374 -> Норма доходности дисконтированных затрат (PI) | B35: =IF(DX39=0,"-",DX37/-DX39) -> 10.744559 | C35: =Language!$A$1467 -> раз
A36: =Language!A$1375 -> притоки | C36: =Параметры!$C$70 -> тыс. руб. | F36: Skip=1;Mode=sum | G36: =IF(G16<0,0,G16) -> 0 | H36: =IF(H16<0,0,H16) -> 0 | I36: =IF(I16<0,0,I16) -> 0 | J36: =IF(J16<0,0,J16) -> 23548.476 | K36: =IF(K16<0,0,K16) -> 29976.74 | L36: =IF(L16<0,0,L16) -> 28898.515 | M36: =IF(M16<0,0,M16) -> 29441.4 | N36: =IF(N16<0,0,N16) -> 29956.711 | ... DV36: =IF(DV16<0,0,DV16) -> 73460.605 | DX36: =SUM(G36:DW36) -> 5320415
A37: =Language!A$1376 -> дисконтированные притоки | C37: =Параметры!$C$70 -> тыс. руб. | F37: Skip=1;Mode=sum | G37: =G36/G8 -> 0 | H37: =H36/H8 -> 0 | I37: =I36/I8 -> 0 | J37: =J36/J8 -> 22890.659 | K37: =K36/K8 -> 28865.454 | L37: =L36/L8 -> 27565.636 | M37: =M36/M8 -> 27819.508 | N37: =N36/N8 -> 28040.362 | ... DV37: =DV36/DV8 -> 23863.242 | DX37: =SUM(G37:DW37) -> 2969202.7
A38: =Language!A$1377 -> оттоки | C38: =Параметры!$C$70 -> тыс. руб. | F38: Skip=1;Mode=sum | G38: =IF(G16<0,G16,0) -> -239005.8 | H38: =IF(H16<0,H16,0) -> -3671.4001 | I38: =IF(I16<0,I16,0) -> -34344.689 | J38: =IF(J16<0,J16,0) -> 0 | K38: =IF(K16<0,K16,0) -> 0 | L38: =IF(L16<0,L16,0) -> 0 | M38: =IF(M16<0,M16,0) -> 0 | N38: =IF(N16<0,N16,0) -> 0 | ... DV38: =IF(DV16<0,DV16,0) -> 0 | DX38: =SUM(G38:DW38) -> -277021.89
A39: =Language!A$1378 -> дисконтированные оттоки | C39: =Параметры!$C$70 -> тыс. руб. | F39: Skip=1;Mode=sum | G39: =G38/G8 -> -239005.8 | H39: =H38/H8 -> -3636.8904 | I39: =I38/I8 -> -33702.071 | J39: =J38/J8 -> 0 | K39: =K38/K8 -> 0 | L39: =L38/L8 -> 0 | M39: =M38/M8 -> 0 | N39: =N38/N8 -> 0 | ... DV39: =DV38/DV8 -> 0 | DX39: =SUM(G39:DW39) -> -276344.76
E40: END::FCFF | F40: Skip=1
A43: =Language!A1379 -> ЭФФЕКТИВНОСТЬ ДЛЯ АКЦИОНЕРОВ (FCFE) | E43: TABLE::FCFE | F43: Help=502 | G43: =Параметры!G$40 -> авг.22 | H43: =Параметры!H$40 -> сен.22 | I43: =Параметры!I$40 -> окт.22 | J43: =Параметры!J$40 -> ноя.22 | K43: =Параметры!K$40 -> дек.22 | L43: =Параметры!L$40 -> янв.23 | M43: =Параметры!M$40 -> фев.23 | N43: =Параметры!N$40 -> мар.23 | ... DV43: =Параметры!DV$40 -> июл.32 | DX43: =Language!$A$1463 -> ИТОГО
F44: Skip=1
A45: =Language!A1380 -> Ставка дисконтирования | B45: =Параметры!B124 -> 0.2 | C45: %
A46: =Language!A1381 -> ставка на расчетный период | C46: % | F46: Skip=1;Mode=avg | G46: =((1+$B45) / IF(Prj_Inflation, 1, 1+CHOOSE(Prj_CurReport, Параметры!G$49,Параметры!G$62,Параметры!G$68))) ^ (Параметры!G$37/12) -1 -> 0.01530947 | H46: =((1+$B45) / IF(Prj_Inflation, 1, 1+CHOOSE(Prj_CurReport, Параметры!H$49,Параметры!H$62,Параметры!H$68))) ^ (Параметры!H$37/12) -1 -> 0.01530947 | I46: =((1+$B45) / IF(Prj_Inflation, 1, 1+CHOOSE(Prj_CurReport, Параметры!I$49,Параметры!I$62,Параметры!I$68))) ^ (Параметры!I$37/12) -1 -> 0.01530947 | J46: =((1+$B45) / IF(Prj_Inflation, 1, 1+CHOOSE(Prj_CurReport, Параметры!J$49,Параметры!J$62,Параметры!J$68))) ^ (Параметры!J$37/12) -1 -> 0.01530947 | K46: =((1+$B45) / IF(Prj_Inflation, 1, 1+CHOOSE(Prj_CurReport, Параметры!K$49,Параметры!K$62,Параметры!K$68))) ^ (Параметры!K$37/12) -1 -> 0.01530947 | L46: =((1+$B45) / IF(Prj_Inflation, 1, 1+CHOOSE(Prj_CurReport, Параметры!L$49,Параметры!L$62,Параметры!L$68))) ^ (Параметры!L$37/12) -1 -> 0.01530947 | M46: =((1+$B45) / IF(Prj_Inflation, 1, 1+CHOOSE(Prj_CurReport, Параметры!M$49,Параметры!M$62,Параметры!M$68))) ^ (Параметры!M$37/12) -1 -> 0.01530947 | N46: =((1+$B45) / IF(Prj_Inflation, 1, 1+CHOOSE(Prj_CurReport, Параметры!N$49,Параметры!N$62,Параметры!N$68))) ^ (Параметры!N$37/12) -1 -> 0.01530947 | ... DV46: =((1+$B45) / IF(Prj_Inflation, 1, 1+CHOOSE(Prj_CurReport, Параметры!DV$49,Параметры!DV$62,Параметры!DV$68))) ^ (Параметры!DV$37/12) -1 -> 0.01530947
A47: =Language!A1382 -> коэффициент дисконта на начало периода | C47: =Language!$A$1467 -> раз | F47: Skip=1;Mode=avg | G47: =IF(G$2=1,1,F47*(1+G46)) -> 1 | H47: =IF(H$2=1,1,G47*(1+H46)) -> 1.0153095 | I47: =IF(I$2=1,1,H47*(1+I46)) -> 1.0308533 | J47: =IF(J$2=1,1,I47*(1+J46)) -> 1.0466351 | K47: =IF(K$2=1,1,J47*(1+K46)) -> 1.0626586 | L47: =IF(L$2=1,1,K47*(1+L46)) -> 1.0789273 | M47: =IF(M$2=1,1,L47*(1+M46)) -> 1.0954451 | N47: =IF(N$2=1,1,M47*(1+N46)) -> 1.1122158 | ... DV47: =IF(DV$2=1,1,DU47*(1+DV46)) -> 6.0983736
A48: =Language!A1383 -> Свободный денежный поток акционеров, FCFE | C48: =Параметры!$C$70 -> тыс. руб. | F48: Mode=sum | G48: =SUM(G49:G52) -> 3736.5649 | H48: =SUM(H49:H52) -> 3329.9155 | I48: =SUM(I49:I52) -> 357.26329 | J48: =SUM(J49:J52) -> 4592.3365 | K48: =SUM(K49:K52) -> 7326.2644 | L48: =SUM(L49:L52) -> 7386.6636 | M48: =SUM(M49:M52) -> 7443.4229 | N48: =SUM(N49:N52) -> 7895.9397 | ... DV48: =SUM(DV49:DV52) -> 73460.605 | DX48: =SUM(G48:DW48) -> 5012025.1
